Workbook

Sheet 1. ESTABLECIMIENTO CONTEXTO 
B1: MAPA DE RIESGOS DE PROCESO | L1: CÓDIGO: F-GM-29
L2: VERSIÓN: 05
L3: FECHA: 30/03/2022
L4: PÁGINA: 1 de 3
A6: 4.2.1. ESTABLECIMIENTO DEL CONTEXTO
A9: PROCESO: | D9: Gestión Jurídica
A10: FECHA DE ELABORACIÓN O ACTUALIZACIÓN: | E10: Diciembre de 2021
A11: RESPONSABLE (s) DE ELABORACIÓN O ACTUALIZACIÓN | F11: Subdirector Jurídico
A14: Factor: Externo/Interno/Proceso | D14: Variable | G14: ¿Cómo me puede afectar?
G15: CARÁCTER: Positivo/negativo | I15: Breve análisis
A16: Factor Externo | C16: Factor Externo | D16: Problemas de seguridad y orden público. | G16: NEGATIVO | H16: POSITIVO | I16: Desde el proceso se desarrollan actividades que requieren de trabajo de campo, por parte de los servidores públicos lo cual puede afectar la integridad de los mismos.
A17: Factor Externo | C17: Factor Interno | D17: Alianzas, articulación, ambiente adecuado, negociación con lideres comunales | G17: POSITIVO | H17: NEGATIVO | I17: Permitirá un ambiente adecuado para el cumplimiento de los Programas y Proyectos institucionales
A18: Factor Externo | D18: Intereses diferentes al general | G18: NEGATIVO | I18: Favorecimiento a intereses particulares en sometimiento al poder que se ejerce desde lo político. También generaría falta de transparencia, no permitiendo el cumplimiento de objetivos del ISVIMED.
A19: Factor Externo | D19: Falta de articulación interinstitucional, para algunos procesos gestionados por la subdirección | G19: NEGATIVO | I19: Afecta los resultados en los objetivos del ISVIMED. No permite compartir información y ser asertivos en la toma de decisiones. Afecta el tema de la defensa jurídica en la toma de decisiones. Genera conflicto de competencias entre las entidades vinculadas de orden negativo. Genera mayor tramitología en la entrega de información. No unificación de criterios frente a los servicios prestados.
A20: Factor Externo | D20: Cambio de políticas y directrices de orden estrategico y operativo | G20: NEGATIVO | I20: Afectación en los indicadores, la continuidad de los procesos y proyectos. Rotación de los contratistas, perdida de información institucional, fuga de conocimiento.
A21: Factor Externo | D21: Cambio normativo | G21: NEGATIVO | I21: Genera inseguridad jurídica y reprocesos, o nuevos procesos, que requiere una estructura de funcionamiento nuevo.
A22: Factor Externo | D22: Reducción asignación presupuestal por parte del Municipio | G22: NEGATIVO | I22: No permite el cumplimiento cabal de los programas y proyectos del ISVIMED.
A23: Factor Interno | D23: Deficiencias en las estrategias comunicacionales internas. | G23: NEGATIVO | I23: Genera desinformación y afecta el ambiente laboral. Conflictos internos.
A24: Factor Interno | D24: Falta de unidad de criterios jurídicos | G24: NEGATIVO | I24: Retrasa los procesos, afecta el trabajo en equipo, inflexibilidad.
A25: Factor Interno | D25: Falta de capacitación. | G25: NEGATIVO | I25: Afecta el adecuado cumplimiento de funciones y obligaciones por parte del funcionario, afectando el cumplimiento de los programas y proyectos del ISVIMED. Afecta el cumplimiento oportuno de las tareas. Limita la innovación dentro del proceso.
A26: Factor Interno | D26: Carga laboral - trabajo bajo presión | G26: NEGATIVO | I26: Entrega de información no fidedigna, genera la comisión de errores de manera frecuente; afecta la salud del funcionario, estrés, afecta el ambiente laboral.
A27: Factor Interno | D27: Diferencias en el estilo de liderazgo | G27: NEGATIVO | I27: Dificulta el trabajo en equipo enfocado en la consecución de los resultados y en el respeto interpersonal y los procesos de planeación interna.
A28: Factor Interno | D28: Desarticulación de procesos/flujos de información | G28: NEGATIVO | I28: Genera reprocesos, retrasos, resultados negativos, afecta el cumplimiento de metas, afecta el clima laboral, inoportunidad en la entrega de la información.
A29: Factor Interno | D29: Falta de recursos óptimos para el cumplimiento de las funciones asignadas | G29: NEGATIVO | I29: Afecta el cumplimiento de los programas y proyectos del ISVIMED, lo cual se evidencia en la falta de personal de apoyo a la gestión de los procesos.
... A33: Factor Interno | D33: Faltas de competencias | G33: NEGATIVO | I33: Genera reprocesos, retrasos, resultados negativos, afecta el cumplimiento de metas, afecta el clima laboral, inoportunidad en la entrega de la información. Genera riesgo disciplinario, eventual perdida del empleo.

Sheet 2. MATRIZ DE RIESGOS
D1: MAPA DE RIESGOS DE PROCESO | AG1: CÓDIGO: F-GM-29
AG2: VERSIÓN: 05
AG3: FECHA: 30/03/2021
AG4: PÁGINA: 3 de 3
A6: PROCESO: | D6: Gestión Jurídica | F6: FECHA DE ELABORACIÓN O ACTUALIZACIÓN: | H6: Mayo de 2026
F7: RESPONSABLE (s) DE ELABORACIÓN O ACTUALIZACIÓN | H7: Subdirector Jurídico
A8: OBJETIVO: | D8: Apoyar jurídicamente a los diferentes procesos del Instituto, buscando que todas las actuaciones se gesten bajo la normatividad vigente en Colombia; promoviendo a su vez el mejoramiento continuo en el logro de resultados Institucionales.
A9: ALCANCE: | D9: Desde el analisis juridico del requerimiento hasta la finalizacion del respectivo trámite.
A11: 4.2. IDENTIFICACION DEL RIESGO | J11: 4.3. EVALUACIÓN DEL RIESGO | AI11: 4.4. TRATAMIENTO DEL RIESGO | AK11: SEGUIMIENTO TRIMESTRE 1 DE 2026 | AL11: RELACIÓN DE EVIDENCIAS IMPORTANTE:- RELACIONAR LOS ENLACES SOBRE MATERIALIZACION DE RIESGOS Y SOBRE APLICACIÓN DE CONTROLES -LAS EVIDENCIAS SOBRE APLICACIÓN DE CONTROLES SON LAS QUE SE ENCUENTRAN EN LA COLUMNA X - RELACIONARLAS UNA A UNA CON EL ENLACE CORRESPONDIENTE. | AM11: SEGUIMIENTO TRIMESTRE 2 DE 2026 | AN11: RELACIÓN DE EVIDENCIAS IMPORTANTE:- RELACIONAR LOS ENLACES SOBRE MATERIALIZACION DE RIESGOS Y SOBRE APLICACIÓN DE CONTROLES -LAS EVIDENCIAS SOBRE APLICACIÓN DE CONTROLES SON LAS QUE SE ENCUENTRAN EN LA COLUMNA X - RELACIONARLAS UNA A UNA CON EL ENLACE CORRESPONDIENTE. | AO11: SEGUIMIENTO TRIMESTRE 3 DE 2026 | AP11: RELACIÓN DE EVIDENCIAS IMPORTANTE:- RELACIONAR LOS ENLACES SOBRE MATERIALIZACION DE RIESGOS Y SOBRE APLICACIÓN DE CONTROLES -LAS EVIDENCIAS SOBRE APLICACIÓN DE CONTROLES SON LAS QUE SE ENCUENTRAN EN LA COLUMNA X - RELACIONARLAS UNA A UNA CON EL ENLACE CORRESPONDIENTE. | AQ11: SEGUIMIENTO TRIMESTRE 4 DE 2026 | AR11: RELACIÓN DE EVIDENCIAS IMPORTANTE:- RELACIONAR LOS ENLACES SOBRE MATERIALIZACION DE RIESGOS Y SOBRE APLICACIÓN DE CONTROLES -LAS EVIDENCIAS SOBRE APLICACIÓN DE CONTROLES SON LAS QUE SE ENCUENTRAN EN LA COLUMNA X - RELACIONARLAS UNA A UNA CON EL ENLACE CORRESPONDIENTE.
A12: Referencia | B12: Objetivo | C12: Temática / Línea de Acción | D12: 1. QUE? | E12: 2. COMO SE REFLEJA? | F12: 3. POR QUE? (Evento Potencial Principal) | G12: Descripción del Riesgo (1+2+3) | H12: Causa (Evento Potencial Intermedio) | I12: Clasificación del Riesgo | J12: EVALUACION DE RIESGO INHERENTE | O12: VALORACION DE CONTROLES | AD12: EVALUACION DEL RIESGO RESIDUAL | AI12: Tratamiento | AJ12: FORMULAR ACCIONES ESPECIFICAS
J13: Probabilidad Inherente | K13: % | L13: Impacto Inherente | M13: % | N13: Zona de Riesgo Inherente | O13: No. Control | P13: Descripción del Control (Medidas actuales) | Q13: Afectación | R13: Atributos | Y13: Probabilidad Residual | Z13: Probabilidad Residual | AA13: % | AB13: Impacto Residual | AC13: % | AD13: Probabilidad Residual Final | AE13: % | AF13: Impacto Residual Final | AG13: % | AH13: Zona de Riesgo Residual Final | AJ13: VER ACCION #
R14: Tipo | S14: Implementación | T14: Calificación | U14: Documentación | V14: Frecuencia | W14: Evidencia | X14: Nombre de la evidencia
A15: GJ11 | B15: beneficiar 1500 unidades prediales con la titulación de los lotes fiscales del sitio donde se encuentran, durante el cuatrienio 2024-2027 | C15: Titulación | D15: Posibilidad de afectación reputacional | E15: las unidades prediales que ocupan los lotes fiscales no pueden ser beneficiadas con la titulación y con otros programas como reconocimiento de edificaciones y mejoramiento de vivienda. el incumplimiento de metas relacionadas con el Plan de Desarrollo Distrital a cargo del Instituto. | F15: No es posible titular los lotes fiscales que han sido ocupados con vivienda de interés social | G15: Posibilidad de afectación reputacional reflejada en que las unidades prediales que ocupan los lotes fiscales no pueden ser beneficiadas con la titulación y con otros programas como reconocimiento de edificaciones y mejoramiento de vivienda, asi como en el incumplimiento de metas relacionadas con el Plan de Desarrollo Distrital a cargo del Instituto. Lo anterior, debido a que no es posible titular los lotes fiscales que han sido ocupados con vivienda de interés social. | H15: 1. Cambios normativos del legislador y/o conceptos de interpretación normativa por parte de las dependencias del Distrito que toman decisiones frente a la titulación de lotes fiscales (Lotes del Distrito) | I15: Gestión | J15: Media | K15: =IF(J15="","",IF(J15="Muy Baja",0.2,IF(J15="Baja",0.4,IF(J15="Media",0.6,IF(J15="Alta",0.8,IF(J15="Muy Alta",1,)))))) -> 0.6 | L15: Mayor | M15: =IF(L15="","",IF(L15="Leve",0.2,IF(L15="Menor",0.4,IF(L15="Moderado",0.6,IF(L15="Mayor",0.8,IF(L15="Catastrófico",1,)))))) -> 0.8 | N15: =IF(OR(AND(J15="Muy Baja",L15="Leve"),AND(J15="Muy Baja",L15="Menor"),AND(J15="Baja",L15="Leve")),"Bajo",IF(OR(AND(J15="Muy Baja",L15="Moderado"),AND(J15="Baja",L15="Menor"),AND(J15="Baja",L15="Moderado"),AND(J15="Media",L15="Leve"),AND(J15="Media",L15="Menor"),AND(J15="Media",L15="Moderado"),AND(J15="Alta",L15="Leve"),AND(J15="Alta",L15="Menor")),"Moderado",IF(OR(AND(J15="Muy Baja",L15="Mayor"),AND(J15="Baja",L15="Mayor"),AND(J15="Media",L15="Mayor"),AND(J15="Alta",L15="Moderado"),AND(J15="Alta",L15="Mayor"),AND(J15="Muy Alta",L15="Leve"),AND(J15="Muy Alta",L15="Menor"),AND(J15="Muy Alta",L15="Moderado"),AND(J15="Muy Alta",L15="Mayor")),"Alto",IF(OR(AND(J15="Muy Baja",L15="Catastrófico"),AND(J15="Baja",L15="Catastrófico"),AND(J15="Media",L15="Catastrófico"),AND(J15="Alta",L15="Catastrófico"),AND(J15="Muy Alta",L15="Catastrófico")),"Extremo","")))) -> Alto | O15: 1.1 | P15: Adaptar el procedimiento interno de titulación al cambio normativo del legislador o reglamentación administrativa por parte del Distrito de Medellín. El profesional especializado lider de la línea de acción verifica que el procedimiento de titulación se implemente de acuerdo con los nuevos cambios. | Q15: =IF(OR(R15="Preventivo",R15="Detectivo"),"Probabilidad",IF(R15="Correctivo","Impacto","")) -> Impacto | R15: Correctivo | S15: Manual | T15: =IF(AND(R15="Preventivo",S15="Automático"),"50%",IF(AND(R15="Preventivo",S15="Manual"),"40%",IF(AND(R15="Detectivo",S15="Automático"),"40%",IF(AND(R15="Detectivo",S15="Manual"),"30%",IF(AND(R15="Correctivo",S15="Automático"),"35%",IF(AND(R15="Correctivo",S15="Manual"),"25%","")))))) -> 25% | U15: Sin Documentar | V15: Aleatoria | W15: Con Registro | X15: Documentos actualizados ante el SGC Actas de equipos primarios en donde se verifica el cumplimiento de actividades que corresponden al documento (procedimiento) modificado | Y15: =IFERROR(IF(Q15="Probabilidad",(K15-(+K15*T15)),IF(Q15="Impacto",K15,"")),"") -> 0.6 | Z15: =IFERROR(IF(Y15="","",IF(Y15<=0.2,"Muy Baja",IF(Y15<=0.4,"Baja",IF(Y15<=0.6,"Media",IF(Y15<=0.8,"Alta","Muy Alta"))))),"") -> Media | AA15: =+Y15 -> 0.6 | AB15: =IFERROR(IF(AC15="","",IF(AC15<=0.2,"Leve",IF(AC15<=0.4,"Menor",IF(AC15<=0.6,"Moderado",IF(AC15<=0.8,"Mayor","Catastrófico"))))),"") -> Moderado | AC15: =IFERROR(IF(Q15="Impacto",(M15-(+M15*T15)),IF(Q15="Probabilidad",M15,"")),"") -> 0.6 | AD15: =IFERROR(IF(AE15=0,"",IF(AND(AE15>0,AE15<=0.2),"Muy Baja",IF(AE15<=0.4,"Baja",IF(AE15<=0.6,"Media",IF(AE15<=0.8,"Alta","Muy Alta"))))),"") -> Muy Baja | AE15: =MIN(Y15:Y21) -> 0.1512 | AF15: =IFERROR(IF(AG15=0,"",IF(AND(AG15>0,AG15<=0.2),"Leve",IF(AG15<=0.4,"Menor",IF(AG15<=0.6,"Moderado",IF(AG15<=0.8,"Mayor","Catastrófico"))))),"") -> Menor | AG15: =MIN(AC15:AC21) -> 0.3375 | AH15: =IFERROR(IF(OR(AND(AD15="Muy Baja",AF15="Leve"),AND(AD15="Muy Baja",AF15="Menor"),AND(AD15="Baja",AF15="Leve")),"Bajo",IF(OR(AND(AD15="Muy Baja",AF15="Moderado"),AND(AD15="Baja",AF15="Menor"),AND(AD15="Baja",AF15="Moderado"),AND(AD15="Media",AF15="Leve"),AND(AD15="Media",AF15="Menor"),AND(AD15="Media",AF15="Moderado"),AND(AD15="Alta",AF15="Leve"),AND(AD15="Alta",AF15="Menor")),"Moderado",IF(OR(AND(AD15="Muy Baja",AF15="Mayor"),AND(AD15="Baja",AF15="Mayor"),AND(AD15="Media",AF15="Mayor"),AND(AD15="Alta",AF15="Moderado"),AND(AD15="Alta",AF15="Mayor"),AND(AD15="Muy Alta",AF15="Leve"),AND(AD15="Muy Alta",AF15="Menor"),AND(AD15="Muy Alta",AF15="Moderado"),AND(AD15="Muy Alta",AF15="Mayor")),"Alto",IF(OR(AND(AD15="Muy Baja",AF15="Catastrófico"),AND(AD15="Baja",AF15="Catastrófico"),AND(AD15="Media",AF15="Catastrófico"),AND(AD15="Alta",AF15="Catastrófico"),AND(AD15="Muy Alta",AF15="Catastrófico")),"Extremo","")))),"") -> Bajo | AI15: Reducir (mitigar) | AK15: Se materializó el Riesgo? (Ver evento potencial principal en Columna F. Relacionar detalles de la materialización - que, como, cuando, donde): No se ha evidenciado materializacion del riesgo para este primer trimestre del año 2026. Los Controles están bien diseñados, se aplican de acuerdo al diseño y son efectivos? (Ver controles en la columna P / Concluir frente a cada control) *la identificacion tecnica y juridica de los lotes a ceder se esta llevando a cabo con los estudios de titulos y visitas de campo, los cuales han sido efectivos y bien diseñados como control. *El plan anual de adquisiciones a contemplado el personal necesario y se ha contratado los perfiles requeridos, por lo cual han sido efectivos estos dos controles (1-2) *los formatos y demas documentos que hacen parte del proceso se encuentran en el sitema de gestion de la calidad y se diligencian en debida forma en la ejecucion del programa, por lo cual han sid efectivos estos dos controles (3-4). *Frente al control 5 con los estudios tecnicos y juridicos al evidenciar inconsistencias catastrales se radican los oficios respectivos ante la entidad. Que acciones propones o se están llevando a cabo para gestionar el riesgo que se materializó? (Si no aplica colocar N/A) N/A Que acciones propones o se están llevando a cabo para fortalecer los controles? (En el caso de que tener Acciones de mejora / Acciones correctivas en proceso, relacionar el avance. Si tienes acciones específicas a desarrollar en la columna AJ, también relacionar el avance) Actas y registro de asistencia correspondiente a los equipos primarios titulación del mes de enero, febrero y marzo de 2026. | AL15: https://isvimedgovco.sharepoint.com/:f:/s/5Juridica-18.Titulacion/IgDuWwua8UgCTZnOAPNTSjN1AZrdS2IuJ0EkQloMDKarOPw?e=KMsAC1 | AM15: Se materializó el Riesgo? (Ver evento potencial principal en Columna F. Relacionar detalles de la materialización - que, como, cuando, donde): No se ha evidenciado materializacion del riesgo para este segundo trimestre del año 2026. Los Controles están bien diseñados, se aplican de acuerdo al diseño y son efectivos? (Ver controles en la columna P / Concluir frente a cada control) 1.1 Adaptar el procedimiento interno de titulación al cambio normativo del legislador o reglamentación administrativa por parte del Distrito de Medellín. El profesional especializado lider de la línea de acción verifica que el procedimiento de titulación se implemente de acuerdo con los nuevos cambios. se actulizó el procedimiento en calidad quedando en la version n°19 documento P-GJ-12 – Procedimiento de Cesión a Título Gratuito de Bienes Fiscales. 1.2 En el caso de conceptos con interpretación que contradice a ley, por parte de las dependencias del Distrito, gestionar espacios de conciliación para cambio de concepto en favor de la titulación. se remitieron oficios y correo electronico para los espacio de concertacion y consideracion de conceptos. 2.El profesional especializado lider de la línea de acción oficia a la entidad externa para que se genere el impulso registral. se proyectaron y radicaron los oficios respectivos a las ORIP NORTE y SUR Los contratistas de apoyo realizan la consulta VUR para realizar seguimiento al estado de registro del acto de cesión lo cual es registrado para control interno en la base de datos general de la meta de año en curso. 3.Los auxiliares de campo conforme a lista de chequeo en donde se relacionan los documentos que se deben aportar al expediente, hacen diligenciar la declaración juramentada de ocupación del lote. Los abogados antes de proyectar el acto administrativo revisan que los expedientes contengan los documentos requeridos para verificar cumpliento de requisitos. 4.El profesional especializado líder de la línea de acción realiza seguimiento sobre las respuestas a los oficios enviados a las dependencias arriba en mención, lo cual es registrado en la base de datos de control de lotes de mayor extensión. Frente a este control no se ha obtenido pronta respuestas se ha escalado a nivel directivo como alerta con la subsecretria de catastro y el DAP no se tienen respuestas en un corto tiempo. 5.Este tablero es utilizado para la toma decisiones en los distintos espacios institucionales como comités institucionales y equipos primarios. conforme a lo reportado en el tablero de control se han tomado decisiones para realizar alertas y gestionar rutas criticas. Que acciones propones o se están llevando a cabo para gestionar el riesgo que se materializó? (Si no aplica colocar N/A) N/A Que acciones propones o se están llevando a cabo para fortalecer los controles? (En el caso de que tener Acciones de mejora / Acciones correctivas en proceso, relacionar el avance. Si tienes acciones específicas a desarrollar en la columna AJ, también relacionar el avance) Actas y registro de asistencia correspondiente a los equipos primarios titulación del mes de abril, mayo y junio de 2026. | AN15: https://isvimedgovco.sharepoint.com/:f:/s/5Juridica-18.Titulacion/IgCDDwLjgx3hSo64O_MoZSNsAXYeuZaP9aAj1JkBByu2ZA0?e=LheeBx | AO15: Se materializó el Riesgo? (Ver evento potencial principal en Columna F. Relacionar detalles de la materialización - que, como, cuando, donde): Los Controles están bien diseñados, se aplican de acuerdo al diseño y son efectivos? (Ver controles en la columna P / Concluir frente a cada control) Que acciones propones o se están llevando a cabo para gestionar el riesgo que se materializó? (Si no aplica colocar N/A) Que acciones propones o se están llevando a cabo para fortalecer los controles? (En el caso de que tener Acciones de mejora / Acciones correctivas en proceso, relacionar el avance. Si tienes acciones específicas a desarrollar en la columna AJ, también relacionar el avance) | AQ15: Se materializó el Riesgo? (Ver evento potencial principal en Columna F. Relacionar detalles de la materialización - que, como, cuando, donde): Los Controles están bien diseñados, se aplican de acuerdo al diseño y son efectivos? (Ver controles en la columna P / Concluir frente a cada control) Que acciones propones o se están llevando a cabo para gestionar el riesgo que se materializó? (Si no aplica colocar N/A) Que acciones propones o se están llevando a cabo para fortalecer los controles? (En el caso de que tener Acciones de mejora / Acciones correctivas en proceso, relacionar el avance. Si tienes acciones específicas a desarrollar en la columna AJ, también relacionar el avance)
O16: 1.2 | P16: En el caso de conceptos con interpretación que contradice a ley, por parte de las dependencias del Distrito, gestionar espacios de conciliación para cambio de concepto en favor de la titulación. | Q16: =IF(OR(R16="Preventivo",R16="Detectivo"),"Probabilidad",IF(R16="Correctivo","Impacto","")) -> Impacto | R16: Correctivo | S16: Manual | T16: =IF(AND(R16="Preventivo",S16="Automático"),"50%",IF(AND(R16="Preventivo",S16="Manual"),"40%",IF(AND(R16="Detectivo",S16="Automático"),"40%",IF(AND(R16="Detectivo",S16="Manual"),"30%",IF(AND(R16="Correctivo",S16="Automático"),"35%",IF(AND(R16="Correctivo",S16="Manual"),"25%","")))))) -> 25% | U16: Sin Documentar | V16: Aleatoria | W16: Con Registro | X16: Oficios de solicitud de reconsideración de concepto. Actas de reuniones ocn Dependencias del DIstrito. | Y16: =IFERROR(IF(AND(Q15="Probabilidad",Q16="Probabilidad"),(AA15-(+AA15*T16)),IF(Q16="Probabilidad",(K15-(+K15*T16)),IF(Q16="Impacto",AA15,""))),"") -> 0.6 | Z16: =IFERROR(IF(Y16="","",IF(Y16<=0.2,"Muy Baja",IF(Y16<=0.4,"Baja",IF(Y16<=0.6,"Media",IF(Y16<=0.8,"Alta","Muy Alta"))))),"") -> Media | AA16: =+Y16 -> 0.6 | AB16: =IFERROR(IF(AC16="","",IF(AC16<=0.2,"Leve",IF(AC16<=0.4,"Menor",IF(AC16<=0.6,"Moderado",IF(AC16<=0.8,"Mayor","Catastrófico"))))),"") -> Moderado | AC16: =IFERROR(IF(AND(Q15="Impacto",Q16="Impacto"),(AC15-(+AC15*T16)),IF(Q16="Impacto",($M$15-(+$M$15*T16)),IF(Q16="Probabilidad",AC15,""))),"") -> 0.45
H17: 2. Cambio en el sistema de registro de la Superintendencia de Notariado y Registro lo que puede generar suspensión de términos y retrasos en el registro de los actos administrativos (cesiones) | O17: 2 | P17: El profesional especializado lider de la línea de acción oficia a la entidad externa para que se genere el impulso registral. Los contratistas de apoyo realizan la consulta VUR para realizar seguimiento al estado de registro del acto de cesión lo cual es registrado para control interno en la base de datos general de la meta de año en curso. | Q17: =IF(OR(R17="Preventivo",R17="Detectivo"),"Probabilidad",IF(R17="Correctivo","Impacto","")) -> Impacto | R17: Correctivo | S17: Manual | T17: =IF(AND(R17="Preventivo",S17="Automático"),"50%",IF(AND(R17="Preventivo",S17="Manual"),"40%",IF(AND(R17="Detectivo",S17="Automático"),"40%",IF(AND(R17="Detectivo",S17="Manual"),"30%",IF(AND(R17="Correctivo",S17="Automático"),"35%",IF(AND(R17="Correctivo",S17="Manual"),"25%","")))))) -> 25% | U17: Documentado | V17: Aleatoria | W17: Con Registro | X17: Base de datos general de la meta de año en curso. | Y17: =IFERROR(IF(AND(Q16="Probabilidad",Q17="Probabilidad"),(AA16-(+AA16*T17)),IF(AND(Q16="Impacto",Q17="Probabilidad"),(AA15-(+AA15*T17)),IF(Q17="Impacto",AA16,""))),"") -> 0.6 | Z17: =IFERROR(IF(Y17="","",IF(Y17<=0.2,"Muy Baja",IF(Y17<=0.4,"Baja",IF(Y17<=0.6,"Media",IF(Y17<=0.8,"Alta","Muy Alta"))))),"") -> Media | AA17: =+Y17 -> 0.6 | AB17: =IFERROR(IF(AC17="","",IF(AC17<=0.2,"Leve",IF(AC17<=0.4,"Menor",IF(AC17<=0.6,"Moderado",IF(AC17<=0.8,"Mayor","Catastrófico"))))),"") -> Menor | AC17: =IFERROR(IF(AND(Q16="Impacto",Q17="Impacto"),(AC16-(+AC16*T17)),IF(AND(Q16="Probabilidad",Q17="Impacto"),(AC15-(+AC15*T17)),IF(Q17="Probabilidad",AC16,""))),"") -> 0.3375
H18: 3. Presentación de documentación o información insuficiente o inconsistente por parte de los usuarios. | O18: 3 | P18: Los auxiliares de campo conforme a lista de chequeo en donde se relacionan los documentos que se deben aportar al expediente, hacen diligenciar la declaración juramentada de ocupación del lote. El equipo de la línea de acción verifica en el VUR (Ventanilla Única de Registro), que los ocupantes no cuenten con otra propiedad. Así mismo verifica en SAP (Base catastral) la información técnica del lote (área, estrato, avalúo, ocupantes cargados, entre otras). Se verifica en MAPGIS la información correspondiente al Plan de Ordenamiento Territorial. A través del convenio con el Ministerio de Vivienda se solicita la realización de cruces para verificar si los ocupantes cuentan con subsidios asignados. Documentado en: PROCEDIMIENTO DE CESION A TITULO GRATUITO DE BIENES FISCALES | Q18: =IF(OR(R18="Preventivo",R18="Detectivo"),"Probabilidad",IF(R18="Correctivo","Impacto","")) -> Probabilidad | R18: Preventivo | S18: Manual | T18: =IF(AND(R18="Preventivo",S18="Automático"),"50%",IF(AND(R18="Preventivo",S18="Manual"),"40%",IF(AND(R18="Detectivo",S18="Automático"),"40%",IF(AND(R18="Detectivo",S18="Manual"),"30%",IF(AND(R18="Correctivo",S18="Automático"),"35%",IF(AND(R18="Correctivo",S18="Manual"),"25%","")))))) -> 40% | U18: Documentado | V18: Continua | W18: Con Registro | X18: Declaración juramentada de ocupación de lote diligenciada. Reporte POT Acuerdo 48 2014. Alcaldía de Medellín - Departamento Administrativo de Planeación. Estudios de títulos y anexos. consulta de cruces | Y18: =IFERROR(IF(AND(Q17="Probabilidad",Q18="Probabilidad"),(AA17-(+AA17*T18)),IF(AND(Q17="Impacto",Q18="Probabilidad"),(AA16-(+AA16*T18)),IF(Q18="Impacto",AA17,""))),"") -> 0.36 | Z18: =IFERROR(IF(Y18="","",IF(Y18<=0.2,"Muy Baja",IF(Y18<=0.4,"Baja",IF(Y18<=0.6,"Media",IF(Y18<=0.8,"Alta","Muy Alta"))))),"") -> Baja | AA18: =+Y18 -> 0.36 | AB18: =IFERROR(IF(AC18="","",IF(AC18<=0.2,"Leve",IF(AC18<=0.4,"Menor",IF(AC18<=0.6,"Moderado",IF(AC18<=0.8,"Mayor","Catastrófico"))))),"") -> Menor | AC18: =IFERROR(IF(AND(Q17="Impacto",Q18="Impacto"),(AC17-(+AC17*T18)),IF(AND(Q17="Probabilidad",Q18="Impacto"),(AC16-(+AC16*T18)),IF(Q18="Probabilidad",AC17,""))),"") -> 0.3375
H19: 4. Falta de individualización catastral y de la actualización de la cartografía de los predios fiscales del Distrito de Medellín y Desactualización del inventario de bienes fiscales y de uso público (capa parcela) que maneja la Subsecretaria de Gestión de Bienes Inmuebles. | O19: 4 | P19: El profesional especializado líder de la línea de acción oficia a la subsecretaria de Catastro del Distrito de Medellín requiriendo el cargue catastral de los lotes que no están individualizados y/o a la Subsecretaria de Gestión de Bienes Inmuebles requiriendo las modificaciones al inventario relacionados con el uso de los lotes. En el tablero de control de titulación se relacionan los lotes mayor extensión con las necesidades de ajuste en la etapa de estudio. El profesional especializado líder de la línea de acción realiza seguimiento sobre las respuestas a los oficios enviados a las dependencias arriba en mención, lo cual es registrado en la base de datos de control de lotes de mayor extensión. | Q19: =IF(OR(R19="Preventivo",R19="Detectivo"),"Probabilidad",IF(R19="Correctivo","Impacto","")) -> Probabilidad | R19: Detectivo | S19: Manual | T19: =IF(AND(R19="Preventivo",S19="Automático"),"50%",IF(AND(R19="Preventivo",S19="Manual"),"40%",IF(AND(R19="Detectivo",S19="Automático"),"40%",IF(AND(R19="Detectivo",S19="Manual"),"30%",IF(AND(R19="Correctivo",S19="Automático"),"35%",IF(AND(R19="Correctivo",S19="Manual"),"25%","")))))) -> 30% | U19: Documentado | V19: Continua | W19: Con Registro | X19: Tablero de control de la linea de acción de titulación Base de datos de control de lotes de mayor extensión. | Y19: =IFERROR(IF(AND(Q18="Probabilidad",Q19="Probabilidad"),(AA18-(+AA18*T19)),IF(AND(Q18="Impacto",Q19="Probabilidad"),(AA17-(+AA17*T19)),IF(Q19="Impacto",AA18,""))),"") -> 0.252 | Z19: =IFERROR(IF(Y19="","",IF(Y19<=0.2,"Muy Baja",IF(Y19<=0.4,"Baja",IF(Y19<=0.6,"Media",IF(Y19<=0.8,"Alta","Muy Alta"))))),"") -> Baja | AA19: =+Y19 -> 0.252 | AB19: =IFERROR(IF(AC19="","",IF(AC19<=0.2,"Leve",IF(AC19<=0.4,"Menor",IF(AC19<=0.6,"Moderado",IF(AC19<=0.8,"Mayor","Catastrófico"))))),"") -> Menor | AC19: =IFERROR(IF(AND(Q18="Impacto",Q19="Impacto"),(AC18-(+AC18*T19)),IF(AND(Q18="Probabilidad",Q19="Impacto"),(AC17-(+AC17*T19)),IF(Q19="Probabilidad",AC18,""))),"") -> 0.3375
H20: 5. Que no existan mecanismos de seguimiento y control sobre el desarrollo de cada una de las etapas de la linea de acción de titulación con el propósito de cesión de lotes fiscales y calcular el estado del indicador del Plan de Desarrollo Distrital (lotes fiscales titulados - unidades prediales beneficiadas con la titulación). | O20: 5 | P20: la linea de acción de titulación ha diseñado un tablero de control en donde se visualiza el consolidado de lotes fiscales 2017-2027 con sus respectivos estados (en estudio, ruta, titulado). Este tablero también permite distintos filtros y gráficos de reporte tales como estadísticas de titulación por cuatrienio, año, por comuna, porcentaje de lotes aptos y no aptos, entre otros. Este tablero es utilizado para la toma decisiones en los distintos espacios institucionales como comités institucionales y equipos primarios. | Q20: =IF(OR(R20="Preventivo",R20="Detectivo"),"Probabilidad",IF(R20="Correctivo","Impacto","")) -> Probabilidad | R20: Preventivo | S20: Manual | T20: =IF(AND(R20="Preventivo",S20="Automático"),"50%",IF(AND(R20="Preventivo",S20="Manual"),"40%",IF(AND(R20="Detectivo",S20="Automático"),"40%",IF(AND(R20="Detectivo",S20="Manual"),"30%",IF(AND(R20="Correctivo",S20="Automático"),"35%",IF(AND(R20="Correctivo",S20="Manual"),"25%","")))))) -> 40% | U20: Sin Documentar | V20: Aleatoria | W20: Con Registro | X20: Tablero de control de la linea de acción de titulación | Y20: =IFERROR(IF(AND(Q19="Probabilidad",Q20="Probabilidad"),(AA19-(+AA19*T20)),IF(AND(Q19="Impacto",Q20="Probabilidad"),(AA18-(+AA18*T20)),IF(Q20="Impacto",AA19,""))),"") -> 0.1512 | Z20: =IFERROR(IF(Y20="","",IF(Y20<=0.2,"Muy Baja",IF(Y20<=0.4,"Baja",IF(Y20<=0.6,"Media",IF(Y20<=0.8,"Alta","Muy Alta"))))),"") -> Muy Baja | AA20: =+Y20 -> 0.1512 | AB20: =IFERROR(IF(AC20="","",IF(AC20<=0.2,"Leve",IF(AC20<=0.4,"Menor",IF(AC20<=0.6,"Moderado",IF(AC20<=0.8,"Mayor","Catastrófico"))))),"") -> Menor | AC20: =IFERROR(IF(AND(Q19="Impacto",Q20="Impacto"),(AC19-(+AC19*T20)),IF(AND(Q19="Probabilidad",Q20="Impacto"),(AC18-(+AC18*T20)),IF(Q20="Probabilidad",AC19,""))),"") -> 0.3375
Q21: =IF(OR(R21="Preventivo",R21="Detectivo"),"Probabilidad",IF(R21="Correctivo","Impacto","")) | Y21: =IFERROR(IF(AND(Q19="Probabilidad",Q21="Probabilidad"),(AA19-(+AA19*T21)),IF(AND(Q19="Impacto",Q21="Probabilidad"),(AA18-(+AA18*T21)),IF(Q21="Impacto",AA19,""))),"") | Z21: =IFERROR(IF(Y21="","",IF(Y21<=0.2,"Muy Baja",IF(Y21<=0.4,"Baja",IF(Y21<=0.6,"Media",IF(Y21<=0.8,"Alta","Muy Alta"))))),"") | AA21: =+Y21 | AB21: =IFERROR(IF(AC21="","",IF(AC21<=0.2,"Leve",IF(AC21<=0.4,"Menor",IF(AC21<=0.6,"Moderado",IF(AC21<=0.8,"Mayor","Catastrófico"))))),"") | AC21: =IFERROR(IF(AND(Q19="Impacto",Q21="Impacto"),(AC19-(+AC19*T21)),IF(AND(Q19="Probabilidad",Q21="Impacto"),(AC18-(+AC18*T21)),IF(Q21="Probabilidad",AC19,""))),"")
A22: GJ12 | B22: Lograr que el 100% de los procesos realizados cumplan todas la actuaciones correspondientes dentro del debido proceso disciplinario y sancionatorio. | C22: Proceso Disciplinario Proceso Administrativo Sancionatorio | D22: Posibilidad de afectación económica y reputacional del Instituto | E22: reflejada en la imposibilidad de establecer la responsabilidad disciplinaria a los funcionarios / contratistas involucrados en el incumplimiento de los deberes funcionales / obligaciones contractuales (emitir el fallo) y aplicar la sanción correspondiente. por hallazgos disciplinarios y penales por parte de los entes de control. Por posible impunidad frente a los sujetos investigados | F22: debido a que el servidor público encargado del proceso disciplinario administrativo o sancionatorio, retarde u omita un acto propio de su cargo, o para ejecutar uno contrario a sus deberes oficiales, para el beneficio particular o de un tercero. | G22: Posibilidad de afectación económica y reputacional del Instituto reflejada en la imposibilidad de establecer la responsabilidad disciplinaria a los funcionarios / contratistas involucrados en el incumplimiento de los deberes funcionales / obligaciones contractuales para aplicar la sanción correspondiente, lo cual puede llevar a hallazgos disciplinarios y penales por parte de los entes de control, y posible impunidad frente a los sujetos investigados. Lo anterior, debido a que el servidor público encargado del proceso disciplinario administrativo o sancionatorio, retarde u omita un acto propio de su cargo, o para ejecutar uno contrario a sus deberes oficiales, para el beneficio particular o de un tercero. | H22: 1. No existe verificación del contenido de los diferentes autos generados por parte de otra(s) persona(s). (segregación de funciones). | I22: Integridad Pùblica - Corrupción | J22: Baja | K22: 0.4 | L22: Catastrófico | M22: 1 | N22: Extremo | O22: 1 | P22: La revisión del contenido de los diferentes autos generados en el proceso disciplinario administrativo o sancionatorio es revisado por diferentes funcionarios de la siguiente manera: el abogado contratista es quien lleva a cabo todo lo sustancial, una vez tiene el auto y demás actuaciones elaboradas, son revisadas por el profesional líder del proceso quien podrá realizar observaciones o en caso de encontrarlo ajustado se pasará para la revisión y firma por parte del subdirector jurídico. Documentado en: I-GJ-04, INSTRUCTIVO PROCESO DISCIPLINARIO INTERNO. I-GJ-07, INSTRUCTIVO DE IMPOSICION DE SANCIONES MULTAS Y DECLARATORIA DE INCUMPLIMIENTO DE CONTRATOS Y CONVENIOS. | Q22: =IF(OR(R22="Preventivo",R22="Detectivo"),"Probabilidad",IF(R22="Correctivo","Impacto","")) -> Probabilidad | R22: Preventivo | S22: Manual | T22: =IF(AND(R22="Preventivo",S22="Automático"),"50%",IF(AND(R22="Preventivo",S22="Manual"),"40%",IF(AND(R22="Detectivo",S22="Automático"),"40%",IF(AND(R22="Detectivo",S22="Manual"),"30%",IF(AND(R22="Correctivo",S22="Automático"),"35%",IF(AND(R22="Correctivo",S22="Manual"),"25%","")))))) -> 40% | U22: Documentado | V22: Continua | W22: Con Registro | X22: Autos generados con firmas de revisión y aprobación | Y22: =IFERROR(IF(Q22="Probabilidad",(K22-(+K22*T22)),IF(Q22="Impacto",K22,"")),"") -> 0.24 | Z22: =IFERROR(IF(Y22="","",IF(Y22<=0.2,"Muy Baja",IF(Y22<=0.4,"Baja",IF(Y22<=0.6,"Media",IF(Y22<=0.8,"Alta","Muy Alta"))))),"") -> Baja | AA22: =+Y22 -> 0.24 | AB22: =IFERROR(IF(AC22="","",IF(AC22<=0.2,"Leve",IF(AC22<=0.4,"Menor",IF(AC22<=0.6,"Moderado",IF(AC22<=0.8,"Mayor","Catastrófico"))))),"") -> Catastrófico | AC22: =IFERROR(IF(Q22="Impacto",(M22-(+M22*T22)),IF(Q22="Probabilidad",M22,"")),"") -> 1 | AD22: =IFERROR(IF(AE22=0,"",IF(AND(AE22>0,AE22<=0.2),"Muy Baja",IF(AE22<=0.4,"Baja",IF(AE22<=0.6,"Media",IF(AE22<=0.8,"Alta","Muy Alta"))))),"") -> Muy Baja | AE22: =MIN(Y22:Y25) -> 0.1008 | AF22: =IFERROR(IF(AG22=0,"",IF(AND(AG22>0,AG22<=0.2),"Leve",IF(AG22<=0.4,"Menor",IF(AG22<=0.6,"Moderado",IF(AG22<=0.8,"Mayor","Catastrófico"))))),"") -> Mayor | AG22: =MIN(AC22:AC25) -> 0.75 | AH22: =IFERROR(IF(OR(AND(AD22="Muy Baja",AF22="Leve"),AND(AD22="Muy Baja",AF22="Menor"),AND(AD22="Baja",AF22="Leve")),"Bajo",IF(OR(AND(AD22="Muy Baja",AF22="Moderado"),AND(AD22="Baja",AF22="Menor"),AND(AD22="Baja",AF22="Moderado"),AND(AD22="Media",AF22="Leve"),AND(AD22="Media",AF22="Menor"),AND(AD22="Media",AF22="Moderado"),AND(AD22="Alta",AF22="Leve"),AND(AD22="Alta",AF22="Menor")),"Moderado",IF(OR(AND(AD22="Muy Baja",AF22="Mayor"),AND(AD22="Baja",AF22="Mayor"),AND(AD22="Media",AF22="Mayor"),AND(AD22="Alta",AF22="Moderado"),AND(AD22="Alta",AF22="Mayor"),AND(AD22="Muy Alta",AF22="Leve"),AND(AD22="Muy Alta",AF22="Menor"),AND(AD22="Muy Alta",AF22="Moderado"),AND(AD22="Muy Alta",AF22="Mayor")),"Alto",IF(OR(AND(AD22="Muy Baja",AF22="Catastrófico"),AND(AD22="Baja",AF22="Catastrófico"),AND(AD22="Media",AF22="Catastrófico"),AND(AD22="Alta",AF22="Catastrófico"),AND(AD22="Muy Alta",AF22="Catastrófico")),"Extremo","")))),"") -> Alto | AI22: Reducir (mitigar) | AK22: Se materializó el Riesgo? : Para este primer trimestre el riesgo no se materializo. Los Controles están bien diseñados, se aplican de acuerdo al diseño y son efectivos?: Los controles vienen siendo efectivos 1. control de la revisión de los difierentes contenidos generados en los procesos, por parte del funcionario designado lider del proceso y posteriormente por el subdirector juridico. 2. Desde el area de talento humano se promueve los valores del codigo de integridad. 3. Siguen siendo efectivos los canales de recepción de denuncias. 4. En caso de materializarse el riesgo, sigue siendo efectivo el control de realizar las respectivas denuncias a las autoridades competentes. Que acciones propones o se están llevando a cabo para gestionar el riesgo que se materializó? N/A Que acciones propones o se están llevando a cabo para fortalecer los controles? N/A | AM22: Se materializó el Riesgo? : Para este segundo trimestre el riesgo no se materializo. Los Controles están bien diseñados, se aplican de acuerdo al diseño y son efectivos?: Los controles vienen siendo efectivos 1. control de la revisión de los difierentes contenidos generados en los procesos, por parte del funcionario designado lider del proceso y posteriormente por el subdirector juridico. 2. Desde el area de talento humano se promueve los valores del codigo de integridad. 3. Siguen siendo efectivos los canales de recepción de denuncias. 4. En caso de materializarse el riesgo, sigue siendo efectivo el control de realizar las respectivas denuncias a las autoridades competentes. Que acciones propones o se están llevando a cabo para gestionar el riesgo que se materializó? N/A Que acciones propones o se están llevando a cabo para fortalecer los controles? N/A | AO22: Se materializó el Riesgo? (Ver evento potencial principal en Columna F. Relacionar detalles de la materialización - que, como, cuando, donde): Los Controles están bien diseñados, se aplican de acuerdo al diseño y son efectivos? (Ver controles en la columna P / Concluir frente a cada control) Que acciones propones o se están llevando a cabo para gestionar el riesgo que se materializó? (Si no aplica colocar N/A) Que acciones propones o se están llevando a cabo para fortalecer los controles? (En el caso de que tener Acciones de mejora / Acciones correctivas en proceso, relacionar el avance. Si tienes acciones específicas a desarrollar en la columna AJ, también relacionar el avance) | AQ22: Se materializó el Riesgo? (Ver evento potencial principal en Columna F. Relacionar detalles de la materialización - que, como, cuando, donde): Los Controles están bien diseñados, se aplican de acuerdo al diseño y son efectivos? (Ver controles en la columna P / Concluir frente a cada control) Que acciones propones o se están llevando a cabo para gestionar el riesgo que se materializó? (Si no aplica colocar N/A) Que acciones propones o se están llevando a cabo para fortalecer los controles? (En el caso de que tener Acciones de mejora / Acciones correctivas en proceso, relacionar el avance. Si tienes acciones específicas a desarrollar en la columna AJ, también relacionar el avance)
H23: 2. Falta de ética en el personal. | O23: 2 | P23: La entidad en cada vigencia planifica actividades orientadas a promover e interiorizar los valores del código de integridad tanto en funcionarios como en contratistas. El lider de Talento Humano verifica la realizarción de estas actividades y evalua la eficacia de las mismas. | Q23: =IF(OR(R23="Preventivo",R23="Detectivo"),"Probabilidad",IF(R23="Correctivo","Impacto","")) -> Probabilidad | R23: Preventivo | S23: Manual | T23: =IF(AND(R23="Preventivo",S23="Automático"),"50%",IF(AND(R23="Preventivo",S23="Manual"),"40%",IF(AND(R23="Detectivo",S23="Automático"),"40%",IF(AND(R23="Detectivo",S23="Manual"),"30%",IF(AND(R23="Correctivo",S23="Automático"),"35%",IF(AND(R23="Correctivo",S23="Manual"),"25%","")))))) -> 40% | U23: Sin Documentar | V23: Aleatoria | W23: Con Registro | X23: Registros de actividades de promocion de valores Evaluación de la interiorización de valores del código de integridad (caja de herramientas dela función pública) | Y23: =IFERROR(IF(AND(Q22="Probabilidad",Q23="Probabilidad"),(AA22-(+AA22*T23)),IF(Q23="Probabilidad",(K22-(+K22*T23)),IF(Q23="Impacto",AA22,""))),"") -> 0.144 | Z23: =IFERROR(IF(Y23="","",IF(Y23<=0.2,"Muy Baja",IF(Y23<=0.4,"Baja",IF(Y23<=0.6,"Media",IF(Y23<=0.8,"Alta","Muy Alta"))))),"") -> Muy Baja | AA23: =+Y23 -> 0.144 | AB23: =IFERROR(IF(AC23="","",IF(AC23<=0.2,"Leve",IF(AC23<=0.4,"Menor",IF(AC23<=0.6,"Moderado",IF(AC23<=0.8,"Mayor","Catastrófico"))))),"") -> Catastrófico | AC23: =IFERROR(IF(AND(Q22="Impacto",Q23="Impacto"),(AC22-(+AC22*T23)),IF(Q23="Impacto",($M$15-(+$M$15*T23)),IF(Q23="Probabilidad",AC22,""))),"") -> 1
H24: 3. Ausencia de mecanismo para que funcionarios, contratistas o funcionarios puedan denunciar de manera anónima irregularidades frente al proceso disciplinario o sancionatorio | O24: 3 | P24: La entidad cuenta con dos canales para la recepción de denuncias por posibles hechos o riesgos de corrupción, a través de la pagina web y el corrreo soytransparente@isvimed.gov.co. A través de estos canales el denunciante tiene la opción de interponer la denuncia a nombre propio o de manera anónima. El oficial de transparencia recible la denuncia, coordina el respectivo estudio y si el del caso, realiza la remisión de la misma ante las autoridades competentes. El oficial de transparencia realiza seguimiento al estado de trámite de cada denuncia y cuando sea posible proporciona respuesta al denunciante. Documentado en: P-GE-10, PROCEDIMIENTO PARA EL TRAMITE DE DENUNCIAS. | Q24: =IF(OR(R24="Preventivo",R24="Detectivo"),"Probabilidad",IF(R24="Correctivo","Impacto","")) -> Probabilidad | R24: Detectivo | S24: Manual | T24: =IF(AND(R24="Preventivo",S24="Automático"),"50%",IF(AND(R24="Preventivo",S24="Manual"),"40%",IF(AND(R24="Detectivo",S24="Automático"),"40%",IF(AND(R24="Detectivo",S24="Manual"),"30%",IF(AND(R24="Correctivo",S24="Automático"),"35%",IF(AND(R24="Correctivo",S24="Manual"),"25%","")))))) -> 30% | U24: Documentado | V24: Aleatoria | W24: Con Registro | X24: Acta de estudio de la Denuncia Oficio remisorio a la autoridad competente control de denuncias RITA. Respuesta al denunciante. | Y24: =IFERROR(IF(AND(Q23="Probabilidad",Q24="Probabilidad"),(AA23-(+AA23*T24)),IF(AND(Q23="Impacto",Q24="Probabilidad"),(AA22-(+AA22*T24)),IF(Q24="Impacto",AA23,""))),"") -> 0.1008 | Z24: =IFERROR(IF(Y24="","",IF(Y24<=0.2,"Muy Baja",IF(Y24<=0.4,"Baja",IF(Y24<=0.6,"Media",IF(Y24<=0.8,"Alta","Muy Alta"))))),"") -> Muy Baja | AA24: =+Y24 -> 0.1008 | AB24: =IFERROR(IF(AC24="","",IF(AC24<=0.2,"Leve",IF(AC24<=0.4,"Menor",IF(AC24<=0.6,"Moderado",IF(AC24<=0.8,"Mayor","Catastrófico"))))),"") -> Catastrófico | AC24: =IFERROR(IF(AND(Q23="Impacto",Q24="Impacto"),(AC23-(+AC23*T24)),IF(AND(Q23="Probabilidad",Q24="Impacto"),(AC22-(+AC22*T24)),IF(Q24="Probabilidad",AC23,""))),"") -> 1
O25: 4 | P25: En caso de que el riesgo se materialice se realiza la respectiva denuncias ante las autoridades competentes, la cual podrá realizarse de manera directa o mediante el marco del RITA a través del Oficial de Transparencia. Documentado en: P-GE-10, PROCEDIMIENTO PARA EL TRAMITE DE DENUNCIAS. | Q25: =IF(OR(R25="Preventivo",R25="Detectivo"),"Probabilidad",IF(R25="Correctivo","Impacto","")) -> Impacto | R25: Correctivo | S25: Manual | T25: =IF(AND(R25="Preventivo",S25="Automático"),"50%",IF(AND(R25="Preventivo",S25="Manual"),"40%",IF(AND(R25="Detectivo",S25="Automático"),"40%",IF(AND(R25="Detectivo",S25="Manual"),"30%",IF(AND(R25="Correctivo",S25="Automático"),"35%",IF(AND(R25="Correctivo",S25="Manual"),"25%","")))))) -> 25% | U25: Documentado | V25: Aleatoria | W25: Con Registro | X25: Reportes de Riesgos o posibles hechos de corrupción. | Y25: =IFERROR(IF(AND(Q24="Probabilidad",Q25="Probabilidad"),(AA24-(+AA24*T25)),IF(AND(Q24="Impacto",Q25="Probabilidad"),(AA23-(+AA23*T25)),IF(Q25="Impacto",AA24,""))),"") -> 0.1008 | Z25: =IFERROR(IF(Y25="","",IF(Y25<=0.2,"Muy Baja",IF(Y25<=0.4,"Baja",IF(Y25<=0.6,"Media",IF(Y25<=0.8,"Alta","Muy Alta"))))),"") -> Muy Baja | AA25: =+Y25 -> 0.1008 | AB25: =IFERROR(IF(AC25="","",IF(AC25<=0.2,"Leve",IF(AC25<=0.4,"Menor",IF(AC25<=0.6,"Moderado",IF(AC25<=0.8,"Mayor","Catastrófico"))))),"") -> Mayor | AC25: =IFERROR(IF(AND(Q24="Impacto",Q25="Impacto"),(AC24-(+AC24*T25)),IF(AND(Q24="Probabilidad",Q25="Impacto"),(AC23-(+AC23*T25)),IF(Q25="Probabilidad",AC24,""))),"") -> 0.75
A26: GJ13 | B26: Lograr que el 100% de los procesos realizados cumplan todas la actuaciones correspondientes dentro del debido proceso disciplinario en cada vigencia. Lograr el 100% de los procesos sean adelantados dentro de los términos de ley sin que opere la extinción de la acción disciplinaria durante todas las vigencias. | C26: Proceso Disciplinario | D26: Afectación económica y reputacional del Instituto | E26: reflejada en la imposibilidad de establecer la responsabilidad a los funcionarios implicados en faltas disciplinarias (emitir el fallo) y aplicar la sanción correspondiente (Detrimento Patrimonial) por hallazgos por parte de los entes de control frente a la gestión del proceso disciplinario en el Instituto. Por posible impunidad frente a los sujetos disciplinables | F26: debido al vencimiento del término legal establecido para adelantar las acciones disciplinarias. | G26: Posibilidad de afectación económica y reputacional del Instituto, reflejada en la imposibilidad de establecer la responsabilidad a los funcionarios implicados en faltas disciplinarias (emitir el fallo) y aplicar la sanción correspondiente (Detrimento Patrimonial), lo cual l puede conllevar a hallazgos por parte de los entes de control frente a la gestión del proceso disciplinario en el Instituto y posible impunidad frente a los sujetos disciplinables. Lo anterior, debido al vencimiento del término legal establecido para adelantar las acciones disciplinarias. | H26: 1. La Oficina jurídica no inicia el respectivo procedimiento disciplinario (indagación preliminar o auto de apertura de investigación disciplinaria). | I26: Gestión | J26: Baja | K26: =IF(J26="","",IF(J26="Muy Baja",0.2,IF(J26="Baja",0.4,IF(J26="Media",0.6,IF(J26="Alta",0.8,IF(J26="Muy Alta",1,)))))) -> 0.4 | L26: Moderado | M26: =IF(L26="","",IF(L26="Leve",0.2,IF(L26="Menor",0.4,IF(L26="Moderado",0.6,IF(L26="Mayor",0.8,IF(L26="Catastrófico",1,)))))) -> 0.6 | N26: =IF(OR(AND(J26="Muy Baja",L26="Leve"),AND(J26="Muy Baja",L26="Menor"),AND(J26="Baja",L26="Leve")),"Bajo",IF(OR(AND(J26="Muy baja",L26="Moderado"),AND(J26="Baja",L26="Menor"),AND(J26="Baja",L26="Moderado"),AND(J26="Media",L26="Leve"),AND(J26="Media",L26="Menor"),AND(J26="Media",L26="Moderado"),AND(J26="Alta",L26="Leve"),AND(J26="Alta",L26="Menor")),"Moderado",IF(OR(AND(J26="Muy Baja",L26="Mayor"),AND(J26="Baja",L26="Mayor"),AND(J26="Media",L26="Mayor"),AND(J26="Alta",L26="Moderado"),AND(J26="Alta",L26="Mayor"),AND(J26="Muy Alta",L26="Leve"),AND(J26="Muy Alta",L26="Menor"),AND(J26="Muy Alta",L26="Moderado"),AND(J26="Muy Alta",L26="Mayor")),"Alto",IF(OR(AND(J26="Muy Baja",L26="Catastrófico"),AND(J26="Baja",L26="Catastrófico"),AND(J26="Media",L26="Catastrófico"),AND(J26="Alta",L26="Catastrófico"),AND(J26="Muy Alta",L26="Catastrófico")),"Extremo","")))) -> Moderado | O26: 1 | P26: El profesional líder de la línea de Disciplinarios verifica la fecha de presentación de queja o denuncia frente al término establecidos en las normas y procedimientos, para lo cual se utiliza el archivo de control de procesos disciplinarios. | Q26: =IF(OR(R26="Preventivo",R26="Detectivo"),"Probabilidad",IF(R26="Correctivo","Impacto","")) -> Probabilidad | R26: Preventivo | S26: Manual | T26: =IF(AND(R26="Preventivo",S26="Automático"),"50%",IF(AND(R26="Preventivo",S26="Manual"),"40%",IF(AND(R26="Detectivo",S26="Automático"),"40%",IF(AND(R26="Detectivo",S26="Manual"),"30%",IF(AND(R26="Correctivo",S26="Automático"),"35%",IF(AND(R26="Correctivo",S26="Manual"),"25%","")))))) -> 40% | U26: Sin Documentar | V26: Continua | W26: Con Registro | X26: archivo de control de procesos disciplinarios | Y26: =IFERROR(IF(Q26="Probabilidad",(K26-(+K26*T26)),IF(Q26="Impacto",K26,"")),"") -> 0.24 | Z26: =IFERROR(IF(Y26="","",IF(Y26<=0.2,"Muy Baja",IF(Y26<=0.4,"Baja",IF(Y26<=0.6,"Media",IF(Y26<=0.8,"Alta","Muy Alta"))))),"") -> Baja | AA26: =+Y26 -> 0.24 | AB26: =IFERROR(IF(AC26="","",IF(AC26<=0.2,"Leve",IF(AC26<=0.4,"Menor",IF(AC26<=0.6,"Moderado",IF(AC26<=0.8,"Mayor","Catastrófico"))))),"") -> Moderado | AC26: =IFERROR(IF(Q26="Impacto",(M26-(+M26*T26)),IF(Q26="Probabilidad",M26,"")),"") -> 0.6 | AD26: =IFERROR(IF(AE26=0,"",IF(AND(AE26>0,AE26<=0.2),"Muy Baja",IF(AE26<=0.4,"Baja",IF(AE26<=0.6,"Media",IF(AE26<=0.8,"Alta","Muy Alta"))))),"") -> Muy Baja | AE26: =MIN(Y26:Y28) -> 0.168 | AF26: =IFERROR(IF(AG26=0,"",IF(AND(AG26>0,AG26<=0.2),"Leve",IF(AG26<=0.4,"Menor",IF(AG26<=0.6,"Moderado",IF(AG26<=0.8,"Mayor","Catastrófico"))))),"") -> Moderado | AG26: =MIN(AC26:AC28) -> 0.6 | AH26: =IFERROR(IF(OR(AND(AD26="Muy Baja",AF26="Leve"),AND(AD26="Muy Baja",AF26="Menor"),AND(AD26="Baja",AF26="Leve")),"Bajo",IF(OR(AND(AD26="Muy Baja",AF26="Moderado"),AND(AD26="Baja",AF26="Menor"),AND(AD26="Baja",AF26="Moderado"),AND(AD26="Media",AF26="Leve"),AND(AD26="Media",AF26="Menor"),AND(AD26="Media",AF26="Moderado"),AND(AD26="Alta",AF26="Leve"),AND(AD26="Alta",AF26="Menor")),"Moderado",IF(OR(AND(AD26="Muy Baja",AF26="Mayor"),AND(AD26="Baja",AF26="Mayor"),AND(AD26="Media",AF26="Mayor"),AND(AD26="Alta",AF26="Moderado"),AND(AD26="Alta",AF26="Mayor"),AND(AD26="Muy Alta",AF26="Leve"),AND(AD26="Muy Alta",AF26="Menor"),AND(AD26="Muy Alta",AF26="Moderado"),AND(AD26="Muy Alta",AF26="Mayor")),"Alto",IF(OR(AND(AD26="Muy Baja",AF26="Catastrófico"),AND(AD26="Baja",AF26="Catastrófico"),AND(AD26="Media",AF26="Catastrófico"),AND(AD26="Alta",AF26="Catastrófico"),AND(AD26="Muy Alta",AF26="Catastrófico")),"Extremo","")))),"") -> Moderado | AI26: Reducir (mitigar) | AJ26: Capacitar al personal frente al deber de denunciar los hechos disciplinario por quien tenga conocimiento del mismo. Evaluar la posibilidad de gestionar canales que permitan que los funcionarios puedan interponer de manera anónima denuncias sobre posibles actos de disciplinables (línea de ética o línea de denuncia). Coordinar con la Subdirección de Planeación, Subdirección Jurídica y TIC. | AK26: Se materializó el Riesgo? : Para este trimestre no se materiolizo el riesgo Los Controles están bien diseñados, se aplican de acuerdo al diseño y son efectivos?: Los controles siguen siendo efectivos 1. Se utiliza el archivo de control con la finalidad de fijar la fecha de recpeción de la posible fecha de ocurrencia de los hechos. 2. Se utiliza el archivo de control una vez se establece la posible fecha de los hechos para establecer la fecha de prescrición de acción de investigar. Que acciones propones o se están llevando a cabo para gestionar el riesgo que se materializó? N/A Que acciones propones o se están llevando a cabo para fortalecer los controles? Actualmente el proceso cuenta con un acción de mejora el cual tiene como plan de acción, generar en el boletin interno de la entidad información sobre el proceso disciplinario, con el fin de capacitar al personal frente al deber de denunciar los hecho disciplinarios. En el momento no tiene avances. | AL26: https://isvimedgovco.sharepoint.com/:f:/s/5Juridica/IgAaWxi2DMiwQo0fK7C5vurhAbvUk2G037LDNJzqvxDwJQk?e=2F8KZV | AM26: Se materializó el Riesgo? : Para este segundo trimestre no se materiolizo el riesgo Los Controles están bien diseñados, se aplican de acuerdo al diseño y son efectivos?: Los controles siguen siendo efectivos 1. Se utiliza el archivo de control con la finalidad de fijar la fecha de recpeción de la posible fecha de ocurrencia de los hechos. 2. Se utiliza el archivo de control una vez se establece la posible fecha de los hechos para establecer la fecha de prescrición de acción de investigar. Que acciones propones o se están llevando a cabo para gestionar el riesgo que se materializó? N/A Que acciones propones o se están llevando a cabo para fortalecer los controles? Actualmente el proceso cuenta con un acción de mejora el cual tiene como plan de acción, generar en el boletin interno de la entidad información sobre el proceso disciplinario, con el fin de capacitar al personal frente al deber de denunciar los hecho disciplinarios. En el momento no tiene avances. | AN26: https://isvimedgovco-my.sharepoint.com/:x:/g/personal/andres_moreira_isvimed_gov_co/IQCJyydNvCQRS4EY1ncXx1N5AZgjGXxvFBUPP7Fm3JJKN10?e=meOmw4 | AO26: Se materializó el Riesgo? (Ver evento potencial principal en Columna F. Relacionar detalles de la materialización - que, como, cuando, donde): Los Controles están bien diseñados, se aplican de acuerdo al diseño y son efectivos? (Ver controles en la columna P / Concluir frente a cada control) Que acciones propones o se están llevando a cabo para gestionar el riesgo que se materializó? (Si no aplica colocar N/A) Que acciones propones o se están llevando a cabo para fortalecer los controles? (En el caso de que tener Acciones de mejora / Acciones correctivas en proceso, relacionar el avance. Si tienes acciones específicas a desarrollar en la columna AJ, también relacionar el avance) | AQ26: Se materializó el Riesgo? (Ver evento potencial principal en Columna F. Relacionar detalles de la materialización - que, como, cuando, donde): Los Controles están bien diseñados, se aplican de acuerdo al diseño y son efectivos? (Ver controles en la columna P / Concluir frente a cada control) Que acciones propones o se están llevando a cabo para gestionar el riesgo que se materializó? (Si no aplica colocar N/A) Que acciones propones o se están llevando a cabo para fortalecer los controles? (En el caso de que tener Acciones de mejora / Acciones correctivas en proceso, relacionar el avance. Si tienes acciones específicas a desarrollar en la columna AJ, también relacionar el avance)
H27: 2. No existe control sobre las fechas límite de caducidad y prescripción. (5 años desde la falta disciplinable para el primero y 5 años desde el auto de apertura para el segundo). | O27: 2 | P27: El profesional líder de la línea de Disciplinarios verifica que las actuaciones dentro de los procesos estén dentro del término de los límites de caducidad y prescripción, para lo cual se utiliza el archivo de control de procesos disciplinarios. | Q27: =IF(OR(R27="Preventivo",R27="Detectivo"),"Probabilidad",IF(R27="Correctivo","Impacto","")) -> Probabilidad | R27: Detectivo | S27: Manual | T27: =IF(AND(R27="Preventivo",S27="Automático"),"50%",IF(AND(R27="Preventivo",S27="Manual"),"40%",IF(AND(R27="Detectivo",S27="Automático"),"40%",IF(AND(R27="Detectivo",S27="Manual"),"30%",IF(AND(R27="Correctivo",S27="Automático"),"35%",IF(AND(R27="Correctivo",S27="Manual"),"25%","")))))) -> 30% | U27: Sin Documentar | V27: Continua | W27: Con Registro | X27: archivo de control de procesos disciplinarios | Y27: =IFERROR(IF(AND(Q26="Probabilidad",Q27="Probabilidad"),(AA26-(+AA26*T27)),IF(Q27="Probabilidad",(K26-(+K26*T27)),IF(Q27="Impacto",AA26,""))),"") -> 0.168 | Z27: =IFERROR(IF(Y27="","",IF(Y27<=0.2,"Muy Baja",IF(Y27<=0.4,"Baja",IF(Y27<=0.6,"Media",IF(Y27<=0.8,"Alta","Muy Alta"))))),"") -> Muy Baja | AA27: =+Y27 -> 0.168 | AB27: =IFERROR(IF(AC27="","",IF(AC27<=0.2,"Leve",IF(AC27<=0.4,"Menor",IF(AC27<=0.6,"Moderado",IF(AC27<=0.8,"Mayor","Catastrófico"))))),"") -> Moderado | AC27: =IFERROR(IF(AND(Q26="Impacto",Q27="Impacto"),(AC26-(+AC26*T27)),IF(Q27="Impacto",($M$15-(+$M$15*T27)),IF(Q27="Probabilidad",AC26,""))),"") -> 0.6
H28: 3. No se reporta a la oficina jurídica el hecho disciplinario por quien tenga conocimiento del mismo. | O28: 3 | P28: No existe el control | Q28: =IF(OR(R28="Preventivo",R28="Detectivo"),"Probabilidad",IF(R28="Correctivo","Impacto","")) | R28: N/A | S28: N/A | U28: N/A | V28: N/A | W28: N/A | X28: N/A | Y28: =IFERROR(IF(AND(Q27="Probabilidad",Q28="Probabilidad"),(AA27-(+AA27*T28)),IF(AND(Q27="Impacto",Q28="Probabilidad"),(AA26-(+AA26*T28)),IF(Q28="Impacto",AA27,""))),"") | Z28: =IFERROR(IF(Y28="","",IF(Y28<=0.2,"Muy Baja",IF(Y28<=0.4,"Baja",IF(Y28<=0.6,"Media",IF(Y28<=0.8,"Alta","Muy Alta"))))),"") | AA28: =+Y28 | AB28: =IFERROR(IF(AC28="","",IF(AC28<=0.2,"Leve",IF(AC28<=0.4,"Menor",IF(AC28<=0.6,"Moderado",IF(AC28<=0.8,"Mayor","Catastrófico"))))),"") | AC28: =IFERROR(IF(AND(Q27="Impacto",Q28="Impacto"),(AC27-(+AC27*T28)),IF(AND(Q27="Probabilidad",Q28="Impacto"),(AC26-(+AC26*T28)),IF(Q28="Probabilidad",AC27,""))),"")
A29: GJ14 | B29: Lograr que el 100% de los procesos realizados cumplan todas la actuaciones correspondientes dentro del debido proceso sancionatorio y sin que prescriban los amparos correspondientes, dutante todas las vigencias.. | C29: Proceso Administrativo Sancionatorio | D29: Afectación económica y reputacional del Instituto | E29: reflejada en la imposibilidad de la recuperación de los recursos, los amparos y las indemnizaciones a las que haya lugar, por incumplimiento contractual de contratistas y asociados. por hallazgos por parte de los entes de control frente a la gestión del proceso administrativo sancionatorio en el Instituto. | F29: debido al Incumplimiento del debido proceso administrativo sancionatorio según los lineamientos establecidos en el art. 86 de la ley 1474 de 2011 | G29: Posibilidad de afectación económica y reputacional del Instituto, reflejada en la imposibilidad de la recuperación de los recursos, los amparos y las indemnizaciones a las que haya lugar, por incumplimiento contractual de contratistas y asociados, así como por hallazgos por parte de los entes de control frente a la gestión del proceso administrativo sancionatorio en el Instituto. Lo anterior, debido al Incumplimiento del debido proceso administrativo sancionatorio según los lineamientos establecidos en el art. 86 de la ley 1474 de 2011 | H29: 1. El supervisor no informa oportunamente el incumplimiento de obligaciones contractuales. | I29: Gestión | J29: Baja | K29: =IF(J29="","",IF(J29="Muy Baja",0.2,IF(J29="Baja",0.4,IF(J29="Media",0.6,IF(J29="Alta",0.8,IF(J29="Muy Alta",1,)))))) -> 0.4 | L29: Moderado | M29: =IF(L29="","",IF(L29="Leve",0.2,IF(L29="Menor",0.4,IF(L29="Moderado",0.6,IF(L29="Mayor",0.8,IF(L29="Catastrófico",1,)))))) -> 0.6 | N29: =IF(OR(AND(J29="Muy Baja",L29="Leve"),AND(J29="Muy Baja",L29="Menor"),AND(J29="Baja",L29="Leve")),"Bajo",IF(OR(AND(J29="Muy baja",L29="Moderado"),AND(J29="Baja",L29="Menor"),AND(J29="Baja",L29="Moderado"),AND(J29="Media",L29="Leve"),AND(J29="Media",L29="Menor"),AND(J29="Media",L29="Moderado"),AND(J29="Alta",L29="Leve"),AND(J29="Alta",L29="Menor")),"Moderado",IF(OR(AND(J29="Muy Baja",L29="Mayor"),AND(J29="Baja",L29="Mayor"),AND(J29="Media",L29="Mayor"),AND(J29="Alta",L29="Moderado"),AND(J29="Alta",L29="Mayor"),AND(J29="Muy Alta",L29="Leve"),AND(J29="Muy Alta",L29="Menor"),AND(J29="Muy Alta",L29="Moderado"),AND(J29="Muy Alta",L29="Mayor")),"Alto",IF(OR(AND(J29="Muy Baja",L29="Catastrófico"),AND(J29="Baja",L29="Catastrófico"),AND(J29="Media",L29="Catastrófico"),AND(J29="Alta",L29="Catastrófico"),AND(J29="Muy Alta",L29="Catastrófico")),"Extremo","")))) -> Moderado | O29: 1 | P29: 1. El instructivo de imposición de sanciones, multas y declaratoria de incumplimiento de contratos / convenios, incluye la obligatoriedad de informar oportunamente a la Dirección, a través de un memorando con informe anexo, sobre los posibles incumplimientos en los que está incurriendo un contratista y/o asociado. Documentado en: Procedimiento imposición de sanciones, multas y declaratoria de incumplimientos de contratos, P-GJ-05 | Q29: =IF(OR(R29="Preventivo",R29="Detectivo"),"Probabilidad",IF(R29="Correctivo","Impacto","")) -> Probabilidad | R29: Preventivo | S29: Manual | T29: =IF(AND(R29="Preventivo",S29="Automático"),"50%",IF(AND(R29="Preventivo",S29="Manual"),"40%",IF(AND(R29="Detectivo",S29="Automático"),"40%",IF(AND(R29="Detectivo",S29="Manual"),"30%",IF(AND(R29="Correctivo",S29="Automático"),"35%",IF(AND(R29="Correctivo",S29="Manual"),"25%","")))))) -> 40% | U29: Documentado | V29: Aleatoria | W29: Con Registro | X29: Memorando con informe anexo sobre posibles incumplimientos por parte de contratista y/o asociado | Y29: =IFERROR(IF(Q29="Probabilidad",(K29-(+K29*T29)),IF(Q29="Impacto",K29,"")),"") -> 0.24 | Z29: =IFERROR(IF(Y29="","",IF(Y29<=0.2,"Muy Baja",IF(Y29<=0.4,"Baja",IF(Y29<=0.6,"Media",IF(Y29<=0.8,"Alta","Muy Alta"))))),"") -> Baja | AA29: =+Y29 -> 0.24 | AB29: =IFERROR(IF(AC29="","",IF(AC29<=0.2,"Leve",IF(AC29<=0.4,"Menor",IF(AC29<=0.6,"Moderado",IF(AC29<=0.8,"Mayor","Catastrófico"))))),"") -> Moderado | AC29: =IFERROR(IF(Q29="Impacto",(M29-(+M29*T29)),IF(Q29="Probabilidad",M29,"")),"") -> 0.6 | AD29: =IFERROR(IF(AE29=0,"",IF(AND(AE29>0,AE29<=0.2),"Muy Baja",IF(AE29<=0.4,"Baja",IF(AE29<=0.6,"Media",IF(AE29<=0.8,"Alta","Muy Alta"))))),"") -> Muy Baja | AE29: =MIN(Y29:Y30) -> 0.168 | AF29: =IFERROR(IF(AG29=0,"",IF(AND(AG29>0,AG29<=0.2),"Leve",IF(AG29<=0.4,"Menor",IF(AG29<=0.6,"Moderado",IF(AG29<=0.8,"Mayor","Catastrófico"))))),"") -> Moderado | AG29: =MIN(AC29:AC30) -> 0.6 | AH29: =IFERROR(IF(OR(AND(AD29="Muy Baja",AF29="Leve"),AND(AD29="Muy Baja",AF29="Menor"),AND(AD29="Baja",AF29="Leve")),"Bajo",IF(OR(AND(AD29="Muy Baja",AF29="Moderado"),AND(AD29="Baja",AF29="Menor"),AND(AD29="Baja",AF29="Moderado"),AND(AD29="Media",AF29="Leve"),AND(AD29="Media",AF29="Menor"),AND(AD29="Media",AF29="Moderado"),AND(AD29="Alta",AF29="Leve"),AND(AD29="Alta",AF29="Menor")),"Moderado",IF(OR(AND(AD29="Muy Baja",AF29="Mayor"),AND(AD29="Baja",AF29="Mayor"),AND(AD29="Media",AF29="Mayor"),AND(AD29="Alta",AF29="Moderado"),AND(AD29="Alta",AF29="Mayor"),AND(AD29="Muy Alta",AF29="Leve"),AND(AD29="Muy Alta",AF29="Menor"),AND(AD29="Muy Alta",AF29="Moderado"),AND(AD29="Muy Alta",AF29="Mayor")),"Alto",IF(OR(AND(AD29="Muy Baja",AF29="Catastrófico"),AND(AD29="Baja",AF29="Catastrófico"),AND(AD29="Media",AF29="Catastrófico"),AND(AD29="Alta",AF29="Catastrófico"),AND(AD29="Muy Alta",AF29="Catastrófico")),"Extremo","")))),"") -> Moderado | AI29: Reducir (mitigar) | AK29: Se materializó el Riesgo? : Para este trimestre no se materiolizo el riesgo Los Controles están bien diseñados, se aplican de acuerdo al diseño y son efectivos?: Los controles siguen siendo efectivos 1. Se utiliza el archivo de control con la finalidad de fijar la fecha de recpeción de la posible fecha de ocurrencia de los hechos. 2. Se utiliza el archivo de control una vez se establece la posible fecha de los hechos para establecer la fecha de prescrición de acción de sancionar. Que acciones propones o se están llevando a cabo para gestionar el riesgo que se materializó? N/A Que acciones propones o se están llevando a cabo para fortalecer los controles? Actualmente el proceso cuenta con un acción de mejora el cual tiene como plan de acción, generar en el boletin interno de la entidad información sobre el proceso sancionatorio. En el momento no tiene avances. | AL29: https://isvimedgovco.sharepoint.com/:f:/s/5Juridica/IgAaWxi2DMiwQo0fK7C5vurhAbvUk2G037LDNJzqvxDwJQk?e=2F8KZV | AM29: Se materializó el Riesgo? : Para este trimestre no se materiolizo el riesgo Los Controles están bien diseñados, se aplican de acuerdo al diseño y son efectivos?: Los controles siguen siendo efectivos 1. Se utiliza el archivo de control con la finalidad de fijar la fecha de recpeción de la posible fecha de ocurrencia de los hechos. 2. Se utiliza el archivo de control una vez se establece la posible fecha de los hechos para establecer la fecha de prescrición de acción de sancionar. Que acciones propones o se están llevando a cabo para gestionar el riesgo que se materializó? N/A Que acciones propones o se están llevando a cabo para fortalecer los controles? Actualmente el proceso cuenta con un acción de mejora el cual tiene como plan de acción, generar en el boletin interno de la entidad información sobre el proceso sancionatorio. En el momento se esta a la espera que el area de comunicaciones publique los fragmentos de información sobre el proceso. | AN29: https://isvimedgovco.sharepoint.com/:x:/s/5Juridica-16.Sancionatorios/IQD67PIZ3iYoSogeinYkXttuAXIEa0YFzunL99gzYJlfbl8?e=j5sbdV | AO29: Se materializó el Riesgo? (Ver evento potencial principal en Columna F. Relacionar detalles de la materialización - que, como, cuando, donde): Los Controles están bien diseñados, se aplican de acuerdo al diseño y son efectivos? (Ver controles en la columna P / Concluir frente a cada control) Que acciones propones o se están llevando a cabo para gestionar el riesgo que se materializó? (Si no aplica colocar N/A) Que acciones propones o se están llevando a cabo para fortalecer los controles? (En el caso de que tener Acciones de mejora / Acciones correctivas en proceso, relacionar el avance. Si tienes acciones específicas a desarrollar en la columna AJ, también relacionar el avance) | AQ29: Se materializó el Riesgo? (Ver evento potencial principal en Columna F. Relacionar detalles de la materialización - que, como, cuando, donde): Los Controles están bien diseñados, se aplican de acuerdo al diseño y son efectivos? (Ver controles en la columna P / Concluir frente a cada control) Que acciones propones o se están llevando a cabo para gestionar el riesgo que se materializó? (Si no aplica colocar N/A) Que acciones propones o se están llevando a cabo para fortalecer los controles? (En el caso de que tener Acciones de mejora / Acciones correctivas en proceso, relacionar el avance. Si tienes acciones específicas a desarrollar en la columna AJ, también relacionar el avance)
H30: 2. No se realizan cada una de las etapas del debido proceso en cumplimiento de la ley 1474. Art. 86 por parte de la Subdirección Jurídica, por falta de Control sobre el cumplimiento de términos del proceso sancionatorio. | O30: 2 | P30: El profesional lider de la línea de procesos sancionatorio verifica que las actuaciones dentro de los procesos estén dentro del término de los límites de caducidad y prescripción, para la cual se utiliza el archivo de control del proceso sancionatorio. | Q30: =IF(OR(R30="Preventivo",R30="Detectivo"),"Probabilidad",IF(R30="Correctivo","Impacto","")) -> Probabilidad | R30: Detectivo | S30: Manual | T30: =IF(AND(R30="Preventivo",S30="Automático"),"50%",IF(AND(R30="Preventivo",S30="Manual"),"40%",IF(AND(R30="Detectivo",S30="Automático"),"40%",IF(AND(R30="Detectivo",S30="Manual"),"30%",IF(AND(R30="Correctivo",S30="Automático"),"35%",IF(AND(R30="Correctivo",S30="Manual"),"25%","")))))) -> 30% | U30: Sin Documentar | V30: Aleatoria | W30: Con Registro | X30: archivo de control del proceso sancionatorio. | Y30: =IFERROR(IF(AND(Q29="Probabilidad",Q30="Probabilidad"),(AA29-(+AA29*T30)),IF(Q30="Probabilidad",(K29-(+K29*T30)),IF(Q30="Impacto",AA29,""))),"") -> 0.168 | Z30: =IFERROR(IF(Y30="","",IF(Y30<=0.2,"Muy Baja",IF(Y30<=0.4,"Baja",IF(Y30<=0.6,"Media",IF(Y30<=0.8,"Alta","Muy Alta"))))),"") -> Muy Baja | AA30: =+Y30 -> 0.168 | AB30: =IFERROR(IF(AC30="","",IF(AC30<=0.2,"Leve",IF(AC30<=0.4,"Menor",IF(AC30<=0.6,"Moderado",IF(AC30<=0.8,"Mayor","Catastrófico"))))),"") -> Moderado | AC30: =IFERROR(IF(AND(Q29="Impacto",Q30="Impacto"),(AC29-(+AC29*T30)),IF(Q30="Impacto",($M$15-(+$M$15*T30)),IF(Q30="Probabilidad",AC29,""))),"") -> 0.6
A31: GJ27 | B31: Lograr que el 100% de los procesos realizados cumplan todas la actuaciones correspondientes dentro del debido proceso sancionatorio y sin que prescriban los amparos correspondientes, dutante todas las vigencias.. | C31: Proceso Administrativo Sancionatorio | D31: Posibilidad de efecto dañoso sobre recursos públicos | E31: por perdida de recursos relacionados con la caducidad de la acción sancionatoria | F31: debido a la no realización de la obligación de impulsar el proceso sancionatorio contractual para hacer efectiva la clausula penal, las pólizas u otro perjucio. | G31: Posibilidad de efecto dañoso sobre recursos públicos por perdida de recursos relacionados con la caducidad de la acción sancionatoria, debido a la omisión en la obligación de impulsar proceso sancionatorio contractual para hacer efectiva la clausula penal, las pólizas u otro perjucio. | H31: 1. Se omite el inicio del proceso administrativo sancionatorio o de cualquier actuación derivada dentro del mismo por parte de la Subdirección Jurídica. | I31: Fiscal | J31: Baja | K31: =IF(J31="","",IF(J31="Muy Baja",0.2,IF(J31="Baja",0.4,IF(J31="Media",0.6,IF(J31="Alta",0.8,IF(J31="Muy Alta",1,)))))) -> 0.4 | L31: Mayor | M31: =IF(L31="","",IF(L31="Leve",0.2,IF(L31="Menor",0.4,IF(L31="Moderado",0.6,IF(L31="Mayor",0.8,IF(L31="Catastrófico",1,)))))) -> 0.8 | N31: =IF(OR(AND(J31="Muy Baja",L31="Leve"),AND(J31="Muy Baja",L31="Menor"),AND(J31="Baja",L31="Leve")),"Bajo",IF(OR(AND(J31="Muy baja",L31="Moderado"),AND(J31="Baja",L31="Menor"),AND(J31="Baja",L31="Moderado"),AND(J31="Media",L31="Leve"),AND(J31="Media",L31="Menor"),AND(J31="Media",L31="Moderado"),AND(J31="Alta",L31="Leve"),AND(J31="Alta",L31="Menor")),"Moderado",IF(OR(AND(J31="Muy Baja",L31="Mayor"),AND(J31="Baja",L31="Mayor"),AND(J31="Media",L31="Mayor"),AND(J31="Alta",L31="Moderado"),AND(J31="Alta",L31="Mayor"),AND(J31="Muy Alta",L31="Leve"),AND(J31="Muy Alta",L31="Menor"),AND(J31="Muy Alta",L31="Moderado"),AND(J31="Muy Alta",L31="Mayor")),"Alto",IF(OR(AND(J31="Muy Baja",L31="Catastrófico"),AND(J31="Baja",L31="Catastrófico"),AND(J31="Media",L31="Catastrófico"),AND(J31="Alta",L31="Catastrófico"),AND(J31="Muy Alta",L31="Catastrófico")),"Extremo","")))) -> Alto | O31: 1.1 | P31: El profesionaL universitario de la Subdirección Jurídica identifica los procesos a ser iniciados, mediante la revisión de las actas del Comité de contratación remitidas en donde se recomendia el inicio del proceso sancionatorio. | Q31: =IF(OR(R31="Preventivo",R31="Detectivo"),"Probabilidad",IF(R31="Correctivo","Impacto","")) -> Probabilidad | R31: Detectivo | S31: Manual | T31: =IF(AND(R31="Preventivo",S31="Automático"),"50%",IF(AND(R31="Preventivo",S31="Manual"),"40%",IF(AND(R31="Detectivo",S31="Automático"),"40%",IF(AND(R31="Detectivo",S31="Manual"),"30%",IF(AND(R31="Correctivo",S31="Automático"),"35%",IF(AND(R31="Correctivo",S31="Manual"),"25%","")))))) -> 30% | U31: Sin Documentar | V31: Aleatoria | W31: Con Registro | X31: Acta del Comité de Contratatición remitidas al proceso sancionatorio | Y31: =IFERROR(IF(Q31="Probabilidad",(K31-(+K31*T31)),IF(Q31="Impacto",K31,"")),"") -> 0.28 | Z31: =IFERROR(IF(Y31="","",IF(Y31<=0.2,"Muy Baja",IF(Y31<=0.4,"Baja",IF(Y31<=0.6,"Media",IF(Y31<=0.8,"Alta","Muy Alta"))))),"") -> Baja | AA31: =+Y31 -> 0.28 | AB31: =IFERROR(IF(AC31="","",IF(AC31<=0.2,"Leve",IF(AC31<=0.4,"Menor",IF(AC31<=0.6,"Moderado",IF(AC31<=0.8,"Mayor","Catastrófico"))))),"") -> Mayor | AC31: =IFERROR(IF(Q31="Impacto",(M31-(+M31*T31)),IF(Q31="Probabilidad",M31,"")),"") -> 0.8 | AD31: =IFERROR(IF(AE31=0,"",IF(AND(AE31>0,AE31<=0.2),"Muy Baja",IF(AE31<=0.4,"Baja",IF(AE31<=0.6,"Media",IF(AE31<=0.8,"Alta","Muy Alta"))))),"") -> Muy Baja | AE31: =MIN(Y31:Y34) -> 0.1008 | AF31: =IFERROR(IF(AG31=0,"",IF(AND(AG31>0,AG31<=0.2),"Leve",IF(AG31<=0.4,"Menor",IF(AG31<=0.6,"Moderado",IF(AG31<=0.8,"Mayor","Catastrófico"))))),"") -> Moderado | AG31: =MIN(AC31:AC34) -> 0.6 | AH31: =IFERROR(IF(OR(AND(AD31="Muy Baja",AF31="Leve"),AND(AD31="Muy Baja",AF31="Menor"),AND(AD31="Baja",AF31="Leve")),"Bajo",IF(OR(AND(AD31="Muy Baja",AF31="Moderado"),AND(AD31="Baja",AF31="Menor"),AND(AD31="Baja",AF31="Moderado"),AND(AD31="Media",AF31="Leve"),AND(AD31="Media",AF31="Menor"),AND(AD31="Media",AF31="Moderado"),AND(AD31="Alta",AF31="Leve"),AND(AD31="Alta",AF31="Menor")),"Moderado",IF(OR(AND(AD31="Muy Baja",AF31="Mayor"),AND(AD31="Baja",AF31="Mayor"),AND(AD31="Media",AF31="Mayor"),AND(AD31="Alta",AF31="Moderado"),AND(AD31="Alta",AF31="Mayor"),AND(AD31="Muy Alta",AF31="Leve"),AND(AD31="Muy Alta",AF31="Menor"),AND(AD31="Muy Alta",AF31="Moderado"),AND(AD31="Muy Alta",AF31="Mayor")),"Alto",IF(OR(AND(AD31="Muy Baja",AF31="Catastrófico"),AND(AD31="Baja",AF31="Catastrófico"),AND(AD31="Media",AF31="Catastrófico"),AND(AD31="Alta",AF31="Catastrófico"),AND(AD31="Muy Alta",AF31="Catastrófico")),"Extremo","")))),"") -> Moderado | AI31: Reducir (mitigar) | AK31: Se materializó el Riesgo? : Para este trimestre no se materiolizo el riesgo Los Controles están bien diseñados, se aplican de acuerdo al diseño y son efectivos?: Los controles siguen siendo efectivos 1. El profesional universitario se encarga de constatar que el proceso a iniciar ya se haya aprobado en el comite de contratación, asi mismo verifica las actuaciones dentro del proceso como los terminos de caducidad, polizas y demas, mediante la matriz de control. 2. El manual de supervisión e interventoria sigue vigente. Que acciones propones o se están llevando a cabo para gestionar el riesgo que se materializó? N/A Que acciones propones o se están llevando a cabo para fortalecer los controles? N/A | AL31: https://isvimedgovco.sharepoint.com/:f:/s/5Juridica/IgAaWxi2DMiwQo0fK7C5vurhAbvUk2G037LDNJzqvxDwJQk?e=2F8KZV | AM31: Se materializó el Riesgo? : Para este trimestre no se materiolizo el riesgo Los Controles están bien diseñados, se aplican de acuerdo al diseño y son efectivos?: Los controles siguen siendo efectivos 1. El profesional universitario se encarga de constatar que el proceso a iniciar ya se haya aprobado en el comite de contratación, asi mismo verifica las actuaciones dentro del proceso como los terminos de caducidad, polizas y demas, mediante la matriz de control. 2. El manual de supervisión e interventoria sigue vigente. Que acciones propones o se están llevando a cabo para gestionar el riesgo que se materializó? N/A Que acciones propones o se están llevando a cabo para fortalecer los controles? N/A ce) | AN31: https://isvimedgovco.sharepoint.com/:x:/s/5Juridica-16.Sancionatorios/IQD67PIZ3iYoSogeinYkXttuAXIEa0YFzunL99gzYJlfbl8?e=92fQxO | AO31: Se materializó el Riesgo? (Ver evento potencial principal en Columna F. Relacionar detalles de la materialización - que, como, cuando, donde): Los Controles están bien diseñados, se aplican de acuerdo al diseño y son efectivos? (Ver controles en la columna P / Concluir frente a cada control) Que acciones propones o se están llevando a cabo para gestionar el riesgo que se materializó? (Si no aplica colocar N/A) Que acciones propones o se están llevando a cabo para fortalecer los controles? (En el caso de que tener Acciones de mejora / Acciones correctivas en proceso, relacionar el avance. Si tienes acciones específicas a desarrollar en la columna AJ, también relacionar el avance) | AQ31: Se materializó el Riesgo? (Ver evento potencial principal en Columna F. Relacionar detalles de la materialización - que, como, cuando, donde): Los Controles están bien diseñados, se aplican de acuerdo al diseño y son efectivos? (Ver controles en la columna P / Concluir frente a cada control) Que acciones propones o se están llevando a cabo para gestionar el riesgo que se materializó? (Si no aplica colocar N/A) Que acciones propones o se están llevando a cabo para fortalecer los controles? (En el caso de que tener Acciones de mejora / Acciones correctivas en proceso, relacionar el avance. Si tienes acciones específicas a desarrollar en la columna AJ, también relacionar el avance)
O32: 1.2 | P32: El profesional universitario de la Subdirección Jurídica, verifica el cumplimiento de todas las actuaciones dentro del proceso administrativo sancionatorio de acuerdo a los establecido en el contrato, para lo cual utiliza la matriz de control de procesos sancionatorios. | Q32: =IF(OR(R32="Preventivo",R32="Detectivo"),"Probabilidad",IF(R32="Correctivo","Impacto","")) -> Probabilidad | R32: Preventivo | S32: Manual | T32: =IF(AND(R32="Preventivo",S32="Automático"),"50%",IF(AND(R32="Preventivo",S32="Manual"),"40%",IF(AND(R32="Detectivo",S32="Automático"),"40%",IF(AND(R32="Detectivo",S32="Manual"),"30%",IF(AND(R32="Correctivo",S32="Automático"),"35%",IF(AND(R32="Correctivo",S32="Manual"),"25%","")))))) -> 40% | U32: Sin Documentar | V32: Aleatoria | W32: Con Registro | X32: Matriz de control de procesos sancionatorios. Expediente de cada proceso sancionatorio con la evidencia de las actuaciones. | Y32: =IFERROR(IF(AND(Q31="Probabilidad",Q32="Probabilidad"),(AA31-(+AA31*T32)),IF(Q32="Probabilidad",(K31-(+K31*T32)),IF(Q32="Impacto",AA31,""))),"") -> 0.168 | Z32: =IFERROR(IF(Y32="","",IF(Y32<=0.2,"Muy Baja",IF(Y32<=0.4,"Baja",IF(Y32<=0.6,"Media",IF(Y32<=0.8,"Alta","Muy Alta"))))),"") -> Muy Baja | AA32: =+Y32 -> 0.168 | AB32: =IFERROR(IF(AC32="","",IF(AC32<=0.2,"Leve",IF(AC32<=0.4,"Menor",IF(AC32<=0.6,"Moderado",IF(AC32<=0.8,"Mayor","Catastrófico"))))),"") -> Mayor | AC32: =IFERROR(IF(AND(Q31="Impacto",Q32="Impacto"),(AC31-(+AC31*T32)),IF(Q32="Impacto",($M$15-(+$M$15*T32)),IF(Q32="Probabilidad",AC31,""))),"") -> 0.8
H33: 2. Imposibilidad de hacer efectivos los amparos, en el caso de que se hayan solicitado dentro del contrato. 2.1. El supervisor del contrato que presenta incumplimiento, no informa a tiempo teniendo en cuenta las vigencias de los amparos contractuales. | O33: 2 | P33: La entidad cuenta con un Manual de Supervisión e Interventoría, en donde se establece la obligación por parte de los supervisores de informar sobre los presuntos incumplimiento contractuales. Le corresponde a cada supervisor acatar dichos lineamientos e informarlo en el respectivo informes de supervisión y al Comité de Contratación de la enitdad, quien será el encargado de recomendar el inicio del proceso sancionatorio. | Q33: =IF(OR(R33="Preventivo",R33="Detectivo"),"Probabilidad",IF(R33="Correctivo","Impacto","")) -> Probabilidad | R33: Preventivo | S33: Manual | T33: =IF(AND(R33="Preventivo",S33="Automático"),"50%",IF(AND(R33="Preventivo",S33="Manual"),"40%",IF(AND(R33="Detectivo",S33="Automático"),"40%",IF(AND(R33="Detectivo",S33="Manual"),"30%",IF(AND(R33="Correctivo",S33="Automático"),"35%",IF(AND(R33="Correctivo",S33="Manual"),"25%","")))))) -> 40% | U33: Documentado | V33: Aleatoria | W33: Con Registro | X33: Informe de Supervisión Acta del Comité de Contratatición remitidas al proceso sancionatorio | Y33: =IFERROR(IF(AND(Q32="Probabilidad",Q33="Probabilidad"),(AA32-(+AA32*T33)),IF(AND(Q32="Impacto",Q33="Probabilidad"),(AA31-(+AA31*T33)),IF(Q33="Impacto",AA32,""))),"") -> 0.1008 | Z33: =IFERROR(IF(Y33="","",IF(Y33<=0.2,"Muy Baja",IF(Y33<=0.4,"Baja",IF(Y33<=0.6,"Media",IF(Y33<=0.8,"Alta","Muy Alta"))))),"") -> Muy Baja | AA33: =+Y33 -> 0.1008 | AB33: =IFERROR(IF(AC33="","",IF(AC33<=0.2,"Leve",IF(AC33<=0.4,"Menor",IF(AC33<=0.6,"Moderado",IF(AC33<=0.8,"Mayor","Catastrófico"))))),"") -> Mayor | AC33: =IFERROR(IF(AND(Q32="Impacto",Q33="Impacto"),(AC32-(+AC32*T33)),IF(AND(Q32="Probabilidad",Q33="Impacto"),(AC31-(+AC31*T33)),IF(Q33="Probabilidad",AC32,""))),"") -> 0.8 | AJ33: Realizar campaña comunicacional recordando a los supervisores el cumplimiento del manual de supervisión de la entidad en especial el de informar oprtunamente sobre los incumplimientos contractuales, teniendo en cuenta las vigencias de los amparos en el caso de que hayan sido solicitados.
O34: 3 | P34: En el caso de que se materialice el riesgo, el profesional universitario de la Subdirección Jurídica agota todas las actuaciones permitidas por la ley con el fin de recuperar el perjuicio económico presentado. Asi mismo, analiza la pertinencia de iniciar el procedimiento disciplinario ya se a para el supervisor y/o para el prfesional universitario de la Subdirección Jurídica a cargo del proceso. | Q34: =IF(OR(R34="Preventivo",R34="Detectivo"),"Probabilidad",IF(R34="Correctivo","Impacto","")) -> Impacto | R34: Correctivo | S34: Manual | T34: =IF(AND(R34="Preventivo",S34="Automático"),"50%",IF(AND(R34="Preventivo",S34="Manual"),"40%",IF(AND(R34="Detectivo",S34="Automático"),"40%",IF(AND(R34="Detectivo",S34="Manual"),"30%",IF(AND(R34="Correctivo",S34="Automático"),"35%",IF(AND(R34="Correctivo",S34="Manual"),"25%","")))))) -> 25% | U34: Sin Documentar | V34: Aleatoria | W34: Con Registro | X34: Expediente de cada proceso sancionatorio con la evidencia de las actuaciones. Oficio de reporte del incumplimiento por parte del supervisor / profesional universitario. | Y34: =IFERROR(IF(AND(Q33="Probabilidad",Q34="Probabilidad"),(AA33-(+AA33*T34)),IF(AND(Q33="Impacto",Q34="Probabilidad"),(AA32-(+AA32*T34)),IF(Q34="Impacto",AA33,""))),"") -> 0.1008 | Z34: =IFERROR(IF(Y34="","",IF(Y34<=0.2,"Muy Baja",IF(Y34<=0.4,"Baja",IF(Y34<=0.6,"Media",IF(Y34<=0.8,"Alta","Muy Alta"))))),"") -> Muy Baja | AA34: =+Y34 -> 0.1008 | AB34: =IFERROR(IF(AC34="","",IF(AC34<=0.2,"Leve",IF(AC34<=0.4,"Menor",IF(AC34<=0.6,"Moderado",IF(AC34<=0.8,"Mayor","Catastrófico"))))),"") -> Moderado | AC34: =IFERROR(IF(AND(Q33="Impacto",Q34="Impacto"),(AC33-(+AC33*T34)),IF(AND(Q33="Probabilidad",Q34="Impacto"),(AC32-(+AC32*T34)),IF(Q34="Probabilidad",AC33,""))),"") -> 0.6
A35: GJ15 | B35: Lograr la transferencia real de dominio de los inmuebles que hicieron parte de los proyectos inmobiliarios promovidos por CORVIDE (ya liquidada) de acuerdo a las metas de cada vigencia. | C35: Saneamiento Corvide | D35: Posiblidad de afectación reputacional | E35: reflejada en fallos en contra del Instituto por cuenta de tutelas, desacatos y demandas. | F35: debido a que no se realice la transferencia del inmueble a los adjudicatarios de aquellos bienes que pertenecían a CORVIDE | G35: Posibilidad de afectación reputacional reflejada en fallos en contra del Instituto por cuenta de tutelas, desacatos y demandas, debido a que no se realice la transferencia del inmueble a los adjudicatarios de aquellos bienes que pertenecían a CORVIDE | H35: 1. Limitaciones económicas por parte de los usuarios para adelantar los trámites notariales requeridos. | I35: Gestión | J35: Media | K35: =IF(J35="","",IF(J35="Muy Baja",0.2,IF(J35="Baja",0.4,IF(J35="Media",0.6,IF(J35="Alta",0.8,IF(J35="Muy Alta",1,)))))) -> 0.6 | L35: mayor | M35: =IF(L35="","",IF(L35="Leve",0.2,IF(L35="Menor",0.4,IF(L35="Moderado",0.6,IF(L35="Mayor",0.8,IF(L35="Catastrófico",1,)))))) -> 0.8 | N35: =IF(OR(AND(J35="Muy Baja",L35="Leve"),AND(J35="Muy Baja",L35="Menor"),AND(J35="Baja",L35="Leve")),"Bajo",IF(OR(AND(J35="Muy baja",L35="Moderado"),AND(J35="Baja",L35="Menor"),AND(J35="Baja",L35="Moderado"),AND(J35="Media",L35="Leve"),AND(J35="Media",L35="Menor"),AND(J35="Media",L35="Moderado"),AND(J35="Alta",L35="Leve"),AND(J35="Alta",L35="Menor")),"Moderado",IF(OR(AND(J35="Muy Baja",L35="Mayor"),AND(J35="Baja",L35="Mayor"),AND(J35="Media",L35="Mayor"),AND(J35="Alta",L35="Moderado"),AND(J35="Alta",L35="Mayor"),AND(J35="Muy Alta",L35="Leve"),AND(J35="Muy Alta",L35="Menor"),AND(J35="Muy Alta",L35="Moderado"),AND(J35="Muy Alta",L35="Mayor")),"Alto",IF(OR(AND(J35="Muy Baja",L35="Catastrófico"),AND(J35="Baja",L35="Catastrófico"),AND(J35="Media",L35="Catastrófico"),AND(J35="Alta",L35="Catastrófico"),AND(J35="Muy Alta",L35="Catastrófico")),"Extremo","")))) -> Alto | O35: 1 | P35: Establecer y mantener contacto con los usuarios para determinar el estado de avance de trámites notariales | Q35: =IF(OR(R35="Preventivo",R35="Detectivo"),"Probabilidad",IF(R35="Correctivo","Impacto","")) -> Probabilidad | R35: Detectivo | S35: Manual | T35: =IF(AND(R35="Preventivo",S35="Automático"),"50%",IF(AND(R35="Preventivo",S35="Manual"),"40%",IF(AND(R35="Detectivo",S35="Automático"),"40%",IF(AND(R35="Detectivo",S35="Manual"),"30%",IF(AND(R35="Correctivo",S35="Automático"),"35%",IF(AND(R35="Correctivo",S35="Manual"),"25%","")))))) -> 30% | U35: Sin Documentar | V35: Aleatoria | W35: Con Registro | X35: Observación en SIFI cuando se establece contacto o se recibe documentación nueva del caso, en el expediente de cada usuario. | Y35: =IFERROR(IF(Q35="Probabilidad",(K35-(+K35*T35)),IF(Q35="Impacto",K35,"")),"") -> 0.42 | Z35: =IFERROR(IF(Y35="","",IF(Y35<=0.2,"Muy Baja",IF(Y35<=0.4,"Baja",IF(Y35<=0.6,"Media",IF(Y35<=0.8,"Alta","Muy Alta"))))),"") -> Media | AA35: =+Y35 -> 0.42 | AB35: =IFERROR(IF(AC35="","",IF(AC35<=0.2,"Leve",IF(AC35<=0.4,"Menor",IF(AC35<=0.6,"Moderado",IF(AC35<=0.8,"Mayor","Catastrófico"))))),"") -> Mayor | AC35: =IFERROR(IF(Q35="Impacto",(M35-(+M35*T35)),IF(Q35="Probabilidad",M35,"")),"") -> 0.8 | AD35: =IFERROR(IF(AE35=0,"",IF(AND(AE35>0,AE35<=0.2),"Muy Baja",IF(AE35<=0.4,"Baja",IF(AE35<=0.6,"Media",IF(AE35<=0.8,"Alta","Muy Alta"))))),"") -> Media | AE35: =MIN(Y35:Y38) -> 0.42 | AF35: =IFERROR(IF(AG35=0,"",IF(AND(AG35>0,AG35<=0.2),"Leve",IF(AG35<=0.4,"Menor",IF(AG35<=0.6,"Moderado",IF(AG35<=0.8,"Mayor","Catastrófico"))))),"") -> Moderado | AG35: =MIN(AC35:AC38) -> 0.6 | AH35: =IFERROR(IF(OR(AND(AD35="Muy Baja",AF35="Leve"),AND(AD35="Muy Baja",AF35="Menor"),AND(AD35="Baja",AF35="Leve")),"Bajo",IF(OR(AND(AD35="Muy Baja",AF35="Moderado"),AND(AD35="Baja",AF35="Menor"),AND(AD35="Baja",AF35="Moderado"),AND(AD35="Media",AF35="Leve"),AND(AD35="Media",AF35="Menor"),AND(AD35="Media",AF35="Moderado"),AND(AD35="Alta",AF35="Leve"),AND(AD35="Alta",AF35="Menor")),"Moderado",IF(OR(AND(AD35="Muy Baja",AF35="Mayor"),AND(AD35="Baja",AF35="Mayor"),AND(AD35="Media",AF35="Mayor"),AND(AD35="Alta",AF35="Moderado"),AND(AD35="Alta",AF35="Mayor"),AND(AD35="Muy Alta",AF35="Leve"),AND(AD35="Muy Alta",AF35="Menor"),AND(AD35="Muy Alta",AF35="Moderado"),AND(AD35="Muy Alta",AF35="Mayor")),"Alto",IF(OR(AND(AD35="Muy Baja",AF35="Catastrófico"),AND(AD35="Baja",AF35="Catastrófico"),AND(AD35="Media",AF35="Catastrófico"),AND(AD35="Alta",AF35="Catastrófico"),AND(AD35="Muy Alta",AF35="Catastrófico")),"Extremo","")))),"") -> Moderado | AI35: Reducir (mitigar) | AK35: Se materializó el Riesgo? Durante el primer trimestre de 2026, se materializo el riesgo, toda vez que no se ha logrado la transferencia total de los inmuebles a los adjudicatarios de los bienes provenientes de CORVIDE y FOVIMED, No obstante, se estableció la Acción Correctiva No. 119, orientada al análisis de causas, depuración de la base de datos y gestión de recursos para avanzar en la formalización jurídica de los inmuebles pendientes, fortaleciendo así el control del riesgo, configurándose asi una materialización parcial del riesgo. Los Controles están bien diseñados, se aplican de acuerdo al diseño y son efectivos? Los controles 1 y 2 están bien diseñados y se aplican, pero presentan efectividad parcial; los controles 3 y 4 no constituyen controles efectivos debido a limitaciones legales y falta de injerencia de la entidad. Que acciones propones o se están llevando a cabo para gestionar el riesgo que se materializó? Se implementó la Acción Correctiva No. 119, orientada al análisis de causas, depuración de la base de datos CORVIDE y gestión de recursos para la formalización jurídica de los inmuebles pendientes; adicionalmente, se designó un responsable para el cruce de información, fortaleciendo el proceso y el control del riesgo. Que acciones propones o se están llevando a cabo para fortalecer los controles? Actualmente la acción correctiva No. 119 avanza en un 60%, correspondiente a la primera actividad del plan: mapeo y análisis caso a caso de los inmuebles de CORVIDE según el Anexo. Esta etapa comprende la verificación jurídica y registral, la clasificación por tipo de trámite y la identificación preliminar de requisitos y costos notariales. Finalizado este mapeo, se procederá a solicitar las cotizaciones notariales para consolidar el presupuesto requerido | AL35: https://sifi.isvimed.gov.co/system/calidaddocumentos/20343/original/ACCION_CORRECTIVA_119.doc ; https://isvimedgovco-my.sharepoint.com/:x:/g/personal/edy_orrego_isvimed_gov_co/IQC58n2slgInSZ6i2SmGQTlrAfd32d18xfPALRFOLvj-GmE?e=l4pr03 | AM35: "Se materializó el Riesgo? (Ver evento potencial principal en Columna F. Relacionar detalles de la materialización - que, como, cuando, donde):Durante el segundo trimestre de 2026, el riesgo continúa materializado de forma parcial, toda vez que aún no se ha culminado la transferencia de dominio de la totalidad de los inmuebles provenientes de CORVIDE y FOVIMED. No obstante, se evidencian avances en la ejecución de las transferencias, encontrándose actualmente en trámite de registro una resolución de cesión de bien fiscal ante la Oficina de Registro de Instrumentos Públicos. Los Controles están bien diseñados, se aplican de acuerdo al diseño y son efectivos? (Ver controles en la columna P / Concluir frente a cada control): Los controles 1 y 2 continúan aplicándose conforme a su diseño, con efectividad parcial, debido a que la culminación de las transferencias depende de actuaciones de terceros y de la disponibilidad de recursos. Los controles 3 y 4 mantienen un alcance limitado por corresponder a situaciones sobre las cuales la Entidad no tiene competencia directa. Que acciones propones o se están llevando a cabo para gestionar el riesgo que se materializó? (Si no aplica colocar N/A): Se continúa ejecutando la Acción Correctiva No. 119, mediante la depuración de la base de datos CORVIDE, la identificación de los costos de formalización jurídica y la gestión de los recursos necesarios para avanzar en la transferencia de dominio de los inmuebles pendientes. Que acciones propones o se están llevando a cabo para fortalecer los controles? (En el caso de que tener Acciones de mejora / Acciones correctivas en proceso, relacionar el avance. Si tienes acciones específicas a desarrollar en la columna AJ, también relacionar el avance) Como resultado de la ejecución de la Acción Correctiva No. 119, se culminó la depuración de la base de datos CORVIDE y se dio inicio a la ejecución de las transferencias de dominio, evidenciado en el trámite de registro de una resolución de cesión de bien fiscal ante la Oficina de Registro de Instrumentos Públicos, fortaleciendo el seguimiento y la efectividad de los controles." | AN35: https://sifi.isvimed.gov.co/system/calidaddocumentos/20643/original/ACCION_CORRECTIVA_119.doc RADICADO OFICINA DE REGISTRO:2026-01N-6-15328 https://isvimedgovco-my.sharepoint.com/:x:/g/personal/edy_orrego_isvimed_gov_co/IQC58n2slgInSZ6i2SmGQTlrAfd32d18xfPALRFOLvj-GmE?e=SBpRUD | AO35: Se materializó el Riesgo? (Ver evento potencial principal en Columna F. Relacionar detalles de la materialización - que, como, cuando, donde): Los Controles están bien diseñados, se aplican de acuerdo al diseño y son efectivos? (Ver controles en la columna P / Concluir frente a cada control) Que acciones propones o se están llevando a cabo para gestionar el riesgo que se materializó? (Si no aplica colocar N/A) Que acciones propones o se están llevando a cabo para fortalecer los controles? (En el caso de que tener Acciones de mejora / Acciones correctivas en proceso, relacionar el avance. Si tienes acciones específicas a desarrollar en la columna AJ, también relacionar el avance) | AQ35: Se materializó el Riesgo? (Ver evento potencial principal en Columna F. Relacionar detalles de la materialización - que, como, cuando, donde): Los Controles están bien diseñados, se aplican de acuerdo al diseño y son efectivos? (Ver controles en la columna P / Concluir frente a cada control) Que acciones propones o se están llevando a cabo para gestionar el riesgo que se materializó? (Si no aplica colocar N/A) Que acciones propones o se están llevando a cabo para fortalecer los controles? (En el caso de que tener Acciones de mejora / Acciones correctivas en proceso, relacionar el avance. Si tienes acciones específicas a desarrollar en la columna AJ, también relacionar el avance)
H36: 2. Imposibilidad de contactar el adjudicatario inicial (al que CORVIDE le adjudicó). | O36: 2 | P36: El abogado asignado en el proceso realiza la notificación por aviso en los casos en que no ha sido posible ubicar al adjudicatario para notificar la resolución de transferencia del bien fiscal. En el caso de no identificar al adjudicatario, se haría la transferencia del bien fiscal a la persona que acredite el derecho sobre el mismo por posesión o por compraventa. | Q36: =IF(OR(R36="Preventivo",R36="Detectivo"),"Probabilidad",IF(R36="Correctivo","Impacto","")) -> Impacto | R36: Correctivo | S36: Manual | T36: =IF(AND(R36="Preventivo",S36="Automático"),"50%",IF(AND(R36="Preventivo",S36="Manual"),"40%",IF(AND(R36="Detectivo",S36="Automático"),"40%",IF(AND(R36="Detectivo",S36="Manual"),"30%",IF(AND(R36="Correctivo",S36="Automático"),"35%",IF(AND(R36="Correctivo",S36="Manual"),"25%","")))))) -> 25% | U36: Sin Documentar | V36: Aleatoria | W36: Con Registro | X36: Notificaciones por aviso publicadas en pagina web del Instituto. Resolución de transferencia del bien fiscal. | Y36: =IFERROR(IF(AND(Q35="Probabilidad",Q36="Probabilidad"),(AA35-(+AA35*T36)),IF(Q36="Probabilidad",(K35-(+K35*T36)),IF(Q36="Impacto",AA35,""))),"") -> 0.42 | Z36: =IFERROR(IF(Y36="","",IF(Y36<=0.2,"Muy Baja",IF(Y36<=0.4,"Baja",IF(Y36<=0.6,"Media",IF(Y36<=0.8,"Alta","Muy Alta"))))),"") -> Media | AA36: =+Y36 -> 0.42 | AB36: =IFERROR(IF(AC36="","",IF(AC36<=0.2,"Leve",IF(AC36<=0.4,"Menor",IF(AC36<=0.6,"Moderado",IF(AC36<=0.8,"Mayor","Catastrófico"))))),"") -> Moderado | AC36: =IFERROR(IF(AND(Q35="Impacto",Q36="Impacto"),(AC35-(+AC35*T36)),IF(Q36="Impacto",($M$15-(+$M$15*T36)),IF(Q36="Probabilidad",AC35,""))),"") -> 0.6
H37: 3. Sucesiones que se deben llevar a cabo por parte de los herederos para agilizar el proceso de transferencia. | O37: 3 | P37: No se pueden aplicar medidas toda vez que una entidad pública no puede realizar procesos privados como lo es una sucesión. | Q37: =IF(OR(R37="Preventivo",R37="Detectivo"),"Probabilidad",IF(R37="Correctivo","Impacto","")) | R37: N/A | S37: N/A | U37: N/A | V37: N/A | W37: N/A | X37: N/A | Y37: =IFERROR(IF(AND(Q36="Probabilidad",Q37="Probabilidad"),(AA36-(+AA36*T37)),IF(AND(Q36="Impacto",Q37="Probabilidad"),(AA35-(+AA35*T37)),IF(Q37="",AA36,""))),"") -> 0.42 | Z37: =IFERROR(IF(Y37="","",IF(Y37<=0.2,"Muy Baja",IF(Y37<=0.4,"Baja",IF(Y37<=0.6,"Media",IF(Y37<=0.8,"Alta","Muy Alta"))))),"") -> Media | AA37: =+Y37 -> 0.42 | AB37: =IFERROR(IF(AC37="","",IF(AC37<=0.2,"Leve",IF(AC37<=0.4,"Menor",IF(AC37<=0.6,"Moderado",IF(AC37<=0.8,"Mayor","Catastrófico"))))),"") -> Moderado | AC37: =IFERROR(IF(AND(Q36="Impacto",Q37="Impacto"),(AC36-(+AC36*T37)),IF(AND(Q36="Probabilidad",Q37="Impacto"),(AC35-(+AC35*T37)),IF(Q37="",AC36,""))),"") -> 0.6
H38: 4. Demoras en los trámites con entidades externas (respuestas a derechos de petición, registro de instrumentos públicos, trámites con inspecciones de policía, acceso al archivo municipal, entre otros). | O38: 4 | P38: No existe el control, toda vez que la entidad no tiene injerencia en los trámites con entidades externas. | Q38: =IF(OR(R38="Preventivo",R38="Detectivo"),"Probabilidad",IF(R38="Correctivo","Impacto","")) | R38: N/A | S38: N/A | U38: N/A | V38: N/A | W38: N/A | X38: N/A | Y38: =IFERROR(IF(AND(Q37="Probabilidad",Q38="Probabilidad"),(AA37-(+AA37*T38)),IF(AND(Q37="Impacto",Q38="Probabilidad"),(AA36-(+AA36*T38)),IF(Q38="",AA37,""))),"") -> 0.42 | Z38: =IFERROR(IF(Y38="","",IF(Y38<=0.2,"Muy Baja",IF(Y38<=0.4,"Baja",IF(Y38<=0.6,"Media",IF(Y38<=0.8,"Alta","Muy Alta"))))),"") -> Media | AA38: =+Y38 -> 0.42 | AB38: =IFERROR(IF(AC38="","",IF(AC38<=0.2,"Leve",IF(AC38<=0.4,"Menor",IF(AC38<=0.6,"Moderado",IF(AC38<=0.8,"Mayor","Catastrófico"))))),"") -> Moderado | AC38: =IFERROR(IF(AND(Q37="Impacto",Q38="Impacto"),(AC37-(+AC37*T38)),IF(AND(Q37="Probabilidad",Q38="Impacto"),(AC36-(+AC36*T38)),IF(Q38="",AC37,""))),"") -> 0.6
A39: GJ16 | B39: Lograr un 80% de sentencias favorales ejecutoriadas en cada vigencia | C39: Defensa Judicial | D39: afectación económica y reputacional del Instituto | E39: por desembolsos que deba realizar la entidad por concepto de sentencias judiciales. por la creación de precedentes judiciales en contravía de los intereses de la entidad. | F39: debido a la existencia de tres (3) ó más sentencias en contra de la entidad ejecutoriadas en cada semestre. | G39: Posibilidad de afectación económica y reputacional del Instituto por desembolsos que deba realizar la entidad por concepto de sentencias judiciales, así como por la creación de precedentes judiciales en contravía de los intereses de la entidad. Lo anterior, debido a la existencia de tres (3) ó más sentencias en contra de la entidad ejecutoriadas en cada semestre. | H39: 1. Errores en la orientación brindada por quien presta los servicios de defensa judicial. | I39: Gestión | J39: Media | K39: =IF(J39="","",IF(J39="Muy Baja",0.2,IF(J39="Baja",0.4,IF(J39="Media",0.6,IF(J39="Alta",0.8,IF(J39="Muy Alta",1,)))))) -> 0.6 | L39: Mayor | M39: =IF(L39="","",IF(L39="Leve",0.2,IF(L39="Menor",0.4,IF(L39="Moderado",0.6,IF(L39="Mayor",0.8,IF(L39="Catastrófico",1,)))))) -> 0.8 | N39: =IF(OR(AND(J39="Muy Baja",L39="Leve"),AND(J39="Muy Baja",L39="Menor"),AND(J39="Baja",L39="Leve")),"Bajo",IF(OR(AND(J39="Muy baja",L39="Moderado"),AND(J39="Baja",L39="Menor"),AND(J39="Baja",L39="Moderado"),AND(J39="Media",L39="Leve"),AND(J39="Media",L39="Menor"),AND(J39="Media",L39="Moderado"),AND(J39="Alta",L39="Leve"),AND(J39="Alta",L39="Menor")),"Moderado",IF(OR(AND(J39="Muy Baja",L39="Mayor"),AND(J39="Baja",L39="Mayor"),AND(J39="Media",L39="Mayor"),AND(J39="Alta",L39="Moderado"),AND(J39="Alta",L39="Mayor"),AND(J39="Muy Alta",L39="Leve"),AND(J39="Muy Alta",L39="Menor"),AND(J39="Muy Alta",L39="Moderado"),AND(J39="Muy Alta",L39="Mayor")),"Alto",IF(OR(AND(J39="Muy Baja",L39="Catastrófico"),AND(J39="Baja",L39="Catastrófico"),AND(J39="Media",L39="Catastrófico"),AND(J39="Alta",L39="Catastrófico"),AND(J39="Muy Alta",L39="Catastrófico")),"Extremo","")))) -> Alto | O39: 1.1 | P39: El Comité de Conciliación verifica las condiciones técnicas del operador Judicial establecidas en los estudios previos, lo cual queda consignado en el acta del comité respectiva. | Q39: =IF(OR(R39="Preventivo",R39="Detectivo"),"Probabilidad",IF(R39="Correctivo","Impacto","")) -> Probabilidad | R39: Preventivo | S39: Manual | T39: =IF(AND(R39="Preventivo",S39="Automático"),"50%",IF(AND(R39="Preventivo",S39="Manual"),"40%",IF(AND(R39="Detectivo",S39="Automático"),"40%",IF(AND(R39="Detectivo",S39="Manual"),"30%",IF(AND(R39="Correctivo",S39="Automático"),"35%",IF(AND(R39="Correctivo",S39="Manual"),"25%","")))))) -> 40% | U39: Documentado | V39: Aleatoria | W39: Con Registro | X39: Actas de comités de conciliación. | Y39: =IFERROR(IF(Q39="Probabilidad",(K39-(+K39*T39)),IF(Q39="Impacto",K39,"")),"") -> 0.36 | Z39: =IFERROR(IF(Y39="","",IF(Y39<=0.2,"Muy Baja",IF(Y39<=0.4,"Baja",IF(Y39<=0.6,"Media",IF(Y39<=0.8,"Alta","Muy Alta"))))),"") -> Baja | AA39: =+Y39 -> 0.36 | AB39: =IFERROR(IF(AC39="","",IF(AC39<=0.2,"Leve",IF(AC39<=0.4,"Menor",IF(AC39<=0.6,"Moderado",IF(AC39<=0.8,"Mayor","Catastrófico"))))),"") -> Mayor | AC39: =IFERROR(IF(Q39="Impacto",(M39-(+M39*T39)),IF(Q39="Probabilidad",M39,"")),"") -> 0.8 | AD39: =IFERROR(IF(AE39=0,"",IF(AND(AE39>0,AE39<=0.2),"Muy Baja",IF(AE39<=0.4,"Baja",IF(AE39<=0.6,"Media",IF(AE39<=0.8,"Alta","Muy Alta"))))),"") -> Muy Baja | AE39: =MIN(Y39:Y43) -> 0.07776 | AF39: =IFERROR(IF(AG39=0,"",IF(AND(AG39>0,AG39<=0.2),"Leve",IF(AG39<=0.4,"Menor",IF(AG39<=0.6,"Moderado",IF(AG39<=0.8,"Mayor","Catastrófico"))))),"") -> Moderado | AG39: =MIN(AC39:AC43) -> 0.6 | AH39: =IFERROR(IF(OR(AND(AD39="Muy Baja",AF39="Leve"),AND(AD39="Muy Baja",AF39="Menor"),AND(AD39="Baja",AF39="Leve")),"Bajo",IF(OR(AND(AD39="Muy Baja",AF39="Moderado"),AND(AD39="Baja",AF39="Menor"),AND(AD39="Baja",AF39="Moderado"),AND(AD39="Media",AF39="Leve"),AND(AD39="Media",AF39="Menor"),AND(AD39="Media",AF39="Moderado"),AND(AD39="Alta",AF39="Leve"),AND(AD39="Alta",AF39="Menor")),"Moderado",IF(OR(AND(AD39="Muy Baja",AF39="Mayor"),AND(AD39="Baja",AF39="Mayor"),AND(AD39="Media",AF39="Mayor"),AND(AD39="Alta",AF39="Moderado"),AND(AD39="Alta",AF39="Mayor"),AND(AD39="Muy Alta",AF39="Leve"),AND(AD39="Muy Alta",AF39="Menor"),AND(AD39="Muy Alta",AF39="Moderado"),AND(AD39="Muy Alta",AF39="Mayor")),"Alto",IF(OR(AND(AD39="Muy Baja",AF39="Catastrófico"),AND(AD39="Baja",AF39="Catastrófico"),AND(AD39="Media",AF39="Catastrófico"),AND(AD39="Alta",AF39="Catastrófico"),AND(AD39="Muy Alta",AF39="Catastrófico")),"Extremo","")))),"") -> Moderado | AI39: Reducir (mitigar) | AK39: Se materializó el Riesgo? (Ver evento potencial principal en Columna F. Relacionar detalles de la materialización - que, como, cuando, donde): Para el primer trimestre del año 2026, no se ha materializado el riesgo descrito. Los Controles están bien diseñados, se aplican de acuerdo al diseño y son efectivos? (Ver controles en la columna P / Concluir frente a cada control) Los controles identificados se han aplicado de manera correcta para el periodo reportado, esto es con respecto a la presentación del perfil de los abogados que ejercer la defensa judicial de la entidad, fue presentado en el comite de conciliación en el mes de enero de 2026; desde contratación se ha dado el correspondiente seguimiento para la designación del supervisor; en cuanto a la politica de prevención del daño antijuridico se ha venido dando la aplicación correspondiente. En lo que refiere al ultimo control, esto es iniciar un proceso sancionatorio, el mismo no ha sido necesario dado que no se ha materializado el riesgo. Que acciones propones o se están llevando a cabo para gestionar el riesgo que se materializó? (Si no aplica colocar N/A) No aplica Que acciones propones o se están llevando a cabo para fortalecer los controles? (En el caso de que tener Acciones de mejora / Acciones correctivas en proceso, relacionar el avance. Si tienes acciones específicas a desarrollar en la columna AJ, también relacionar el avance) No se proponen acciones diferentes a los controles ya adoptados. | AM39: Se materializó el Riesgo? (Ver evento potencial principal en Columna F. Relacionar detalles de la materialización - que, como, cuando, donde): Para el segundo trimestre del año 2026, no se ha materializado el riesgo descrito. Los Controles están bien diseñados, se aplican de acuerdo al diseño y son efectivos? (Ver controles en la columna P / Concluir frente a cada control): Los controles identificados se han aplicado de manera correcta para el periodo reportado, esto es con respecto a la presentación del perfil de los abogados que ejercer la defensa judicial de la entidad, fue presentado en el comité de conciliación en el mes de enero de 2026, para el segundo trimestre del año 2026 no se ha requerido presentar o cambiar el perfil de los abogados, por lo que sigue vigente la aprobación presentada del primer trimestre. Desde contratación se ha dado el correspondiente seguimiento para la designación del supervisor para un buen desarrollo del proceso de defensa judicial; en cuanto a la politica de prevención del daño antijuridico se ha venido dando la aplicación correspondiente. En lo que refiere al ultimo control, esto es iniciar un proceso sancionatorio, el mismo no ha sido necesario dado que no se ha materializado el riesgo. Que acciones propones o se están llevando a cabo para gestionar el riesgo que se materializó? (Si no aplica colocar N/A) No aplica por que no se ha materializado el riesgo Que acciones propones o se están llevando a cabo para fortalecer los controles? (En el caso de que tener Acciones de mejora / Acciones correctivas en proceso, relacionar el avance. Si tienes acciones específicas a desarrollar en la columna AJ, también relacionar el avance) No se proponen acciones diferentes a los controles ya adoptados. | AN39: https://isvimedgovco-my.sharepoint.com/personal/mariana_rodriguez_isvimed_gov_co/_layouts/15/onedrive.aspx?id=%2Fpersonal%2Fmariana%5Frodriguez%5Fisvimed%5Fgov%5Fco%2FDocuments%2FEscritorio%2FJURIDICA%202%2FComit%C3%A9%20de%20Conciliaci%C3%B3n%2F2026%2FActas&viewid=bef2f1c8%2Db6c1%2D449c%2D9f8c%2Da2e7e302890a&sharingv2=true&fromShare=true&at=9&CT=1782919057838&OR=OWA%2DNT%2DMail&CID=885895f7%2D80bb%2Dcebf%2Da6ac%2D45d54f44f510&SI=NonSentItems&FolderCTID=0x012000135E9CF45102AA468E5034BA427234A7&view=0 | AO39: Se materializó el Riesgo? (Ver evento potencial principal en Columna F. Relacionar detalles de la materialización - que, como, cuando, donde): Los Controles están bien diseñados, se aplican de acuerdo al diseño y son efectivos? (Ver controles en la columna P / Concluir frente a cada control) Que acciones propones o se están llevando a cabo para gestionar el riesgo que se materializó? (Si no aplica colocar N/A) Que acciones propones o se están llevando a cabo para fortalecer los controles? (En el caso de que tener Acciones de mejora / Acciones correctivas en proceso, relacionar el avance. Si tienes acciones específicas a desarrollar en la columna AJ, también relacionar el avance) | AQ39: Se materializó el Riesgo? (Ver evento potencial principal en Columna F. Relacionar detalles de la materialización - que, como, cuando, donde): Los Controles están bien diseñados, se aplican de acuerdo al diseño y son efectivos? (Ver controles en la columna P / Concluir frente a cada control) Que acciones propones o se están llevando a cabo para gestionar el riesgo que se materializó? (Si no aplica colocar N/A) Que acciones propones o se están llevando a cabo para fortalecer los controles? (En el caso de que tener Acciones de mejora / Acciones correctivas en proceso, relacionar el avance. Si tienes acciones específicas a desarrollar en la columna AJ, también relacionar el avance)
O40: 1.2 | P40: El profesional especializado del área de contratación realiza seguimiento a la adecuada designación de la supervisión de acuerdo al instructivo para designación de supervisiones. Documento: I-GJ-18 - INSTRUCTIVO DESIGNACIÓN DE SUPERVISIÓN | Q40: =IF(OR(R40="Preventivo",R40="Detectivo"),"Probabilidad",IF(R40="Correctivo","Impacto","")) -> Probabilidad | R40: Preventivo | S40: Manual | T40: =IF(AND(R40="Preventivo",S40="Automático"),"50%",IF(AND(R40="Preventivo",S40="Manual"),"40%",IF(AND(R40="Detectivo",S40="Automático"),"40%",IF(AND(R40="Detectivo",S40="Manual"),"30%",IF(AND(R40="Correctivo",S40="Automático"),"35%",IF(AND(R40="Correctivo",S40="Manual"),"25%","")))))) -> 40% | U40: Documentado | V40: Aleatoria | W40: Con Registro | X40: Memorando de designación de la supervisión. Memorando de análisis de designación que aplica cuando la persona no cumple. | Y40: =IFERROR(IF(AND(Q39="Probabilidad",Q40="Probabilidad"),(AA39-(+AA39*T40)),IF(Q40="Probabilidad",(K39-(+K39*T40)),IF(Q40="Impacto",AA39,""))),"") -> 0.216 | Z40: =IFERROR(IF(Y40="","",IF(Y40<=0.2,"Muy Baja",IF(Y40<=0.4,"Baja",IF(Y40<=0.6,"Media",IF(Y40<=0.8,"Alta","Muy Alta"))))),"") -> Baja | AA40: =+Y40 -> 0.216 | AB40: =IFERROR(IF(AC40="","",IF(AC40<=0.2,"Leve",IF(AC40<=0.4,"Menor",IF(AC40<=0.6,"Moderado",IF(AC40<=0.8,"Mayor","Catastrófico"))))),"") -> Mayor | AC40: =IFERROR(IF(AND(Q39="Impacto",Q40="Impacto"),(AC39-(+AC39*T40)),IF(Q40="Impacto",(M59-(+M59*T40)),IF(Q40="Probabilidad",AC39,""))),"") -> 0.8
H41: 2. Entrega de información errónea o incompleta por parte del responsable del proceso a representar. | O41: 2. | P41: El Operador Judicial verifica los requerimientos realizados por la rama judicial a través del correo electrónico notificaciones@isvimed.gov.co, e identifica el área que debe suministrar la información para proceder con el requerimiento de la información al área respectiva. Para los requrimientos realizados a los funcionarios y colaboradores se indica la fecha de vencimiento en la cual deben remitir la información. | Q41: =IF(OR(R41="Preventivo",R41="Detectivo"),"Probabilidad",IF(R41="Correctivo","Impacto","")) -> Probabilidad | R41: Preventivo | S41: Manual | T41: =IF(AND(R41="Preventivo",S41="Automático"),"50%",IF(AND(R41="Preventivo",S41="Manual"),"40%",IF(AND(R41="Detectivo",S41="Automático"),"40%",IF(AND(R41="Detectivo",S41="Manual"),"30%",IF(AND(R41="Correctivo",S41="Automático"),"35%",IF(AND(R41="Correctivo",S41="Manual"),"25%","")))))) -> 40% | U41: Sin Documentar | V41: Aleatoria | W41: Con Registro | X41: correos ingresados al correo de notificaciones Correos electrónicos de requerimientos de información | Y41: =IFERROR(IF(AND(Q40="Probabilidad",Q41="Probabilidad"),(AA40-(+AA40*T41)),IF(AND(Q40="Impacto",Q41="Probabilidad"),(AA39-(+AA39*T41)),IF(Q41="Impacto",AA40,""))),"") -> 0.1296 | Z41: =IFERROR(IF(Y41="","",IF(Y41<=0.2,"Muy Baja",IF(Y41<=0.4,"Baja",IF(Y41<=0.6,"Media",IF(Y41<=0.8,"Alta","Muy Alta"))))),"") -> Muy Baja | AA41: =+Y41 -> 0.1296 | AB41: =IFERROR(IF(AC41="","",IF(AC41<=0.2,"Leve",IF(AC41<=0.4,"Menor",IF(AC41<=0.6,"Moderado",IF(AC41<=0.8,"Mayor","Catastrófico"))))),"") -> Mayor | AC41: =IFERROR(IF(AND(Q40="Impacto",Q41="Impacto"),(AC40-(+AC40*T41)),IF(AND(Q40="Probabilidad",Q41="Impacto"),(AC39-(+AC39*T41)),IF(Q41="Probabilidad",AC40,""))),"") -> 0.8
H42: 3. No se gestiona el daño antijurídico | O42: 3. | P42: Como función del Comité de Conciliación se tiene la de formular y ejecutar políticas de prenvención del daño antijurídico. En este sentido se deben identificar las causas generadoras del aquellas sentencias ejecutoriadas en contra de la entidad en la vigencia inmediatamente anterior, las cuales sirven como insumo para estructurar el plan de acción de la política. El profesional especializado lider de defensa judicial realiza seguimiento al plan de acción de la política de prevención del daño antijurídico en los términos establecidos en el mismo y concluye frente a la disminución de las causas que generaron las sentencias. | Q42: =IF(OR(R42="Preventivo",R42="Detectivo"),"Probabilidad",IF(R42="Correctivo","Impacto","")) -> Probabilidad | R42: Preventivo | S42: Manual | T42: =IF(AND(R42="Preventivo",S42="Automático"),"50%",IF(AND(R42="Preventivo",S42="Manual"),"40%",IF(AND(R42="Detectivo",S42="Automático"),"40%",IF(AND(R42="Detectivo",S42="Manual"),"30%",IF(AND(R42="Correctivo",S42="Automático"),"35%",IF(AND(R42="Correctivo",S42="Manual"),"25%","")))))) -> 40% | U42: Documentado | V42: Continua | W42: Con Registro | X42: Política de Prevención del Daño Antijurídico plan de accón de la política y evidencias de ejecución | Y42: =IFERROR(IF(AND(Q41="Probabilidad",Q42="Probabilidad"),(AA41-(+AA41*T42)),IF(AND(Q41="Impacto",Q42="Probabilidad"),(AA40-(+AA40*T42)),IF(Q42="Impacto",AA41,""))),"") -> 0.07776 | Z42: =IFERROR(IF(Y42="","",IF(Y42<=0.2,"Muy Baja",IF(Y42<=0.4,"Baja",IF(Y42<=0.6,"Media",IF(Y42<=0.8,"Alta","Muy Alta"))))),"") -> Muy Baja | AA42: =+Y42 -> 0.07776 | AB42: =IFERROR(IF(AC42="","",IF(AC42<=0.2,"Leve",IF(AC42<=0.4,"Menor",IF(AC42<=0.6,"Moderado",IF(AC42<=0.8,"Mayor","Catastrófico"))))),"") -> Mayor | AC42: =IFERROR(IF(AND(Q41="Impacto",Q42="Impacto"),(AC41-(+AC41*T42)),IF(AND(Q41="Probabilidad",Q42="Impacto"),(AC40-(+AC40*T42)),IF(Q42="Probabilidad",AC41,""))),"") -> 0.8
H43: NA | O43: 4 | P43: En caso de materizalización del riesgo, iniciar procesos sancionatorios en contra del operador jurídico así como el análisis de las posibles acciones de repetición contra los funcionarios que ejercen la supervisión. Control documentado en: I-GJ-07, Instructivo de imposición de sanciones, multas y declaratoria de incumplimiento de contratos y convenios, y en acuerdo 01 del Comité de Conciliación (acción de repetición). | Q43: =IF(OR(R43="Preventivo",R43="Detectivo"),"Probabilidad",IF(R43="Correctivo","Impacto","")) -> Impacto | R43: Correctivo | S43: Manual | T43: =IF(AND(R43="Preventivo",S43="Automático"),"50%",IF(AND(R43="Preventivo",S43="Manual"),"40%",IF(AND(R43="Detectivo",S43="Automático"),"40%",IF(AND(R43="Detectivo",S43="Manual"),"30%",IF(AND(R43="Correctivo",S43="Automático"),"35%",IF(AND(R43="Correctivo",S43="Manual"),"25%","")))))) -> 25% | U43: Documentado | V43: Aleatoria | W43: Con Registro | X43: Expediente de proceso sancionatorio Expediente acciones de repetición | Y43: =IFERROR(IF(AND(Q42="Probabilidad",Q43="Probabilidad"),(AA42-(+AA42*T43)),IF(AND(Q42="Impacto",Q43="Probabilidad"),(AA41-(+AA41*T43)),IF(Q43="Impacto",AA42,""))),"") -> 0.07776 | Z43: =IFERROR(IF(Y43="","",IF(Y43<=0.2,"Muy Baja",IF(Y43<=0.4,"Baja",IF(Y43<=0.6,"Media",IF(Y43<=0.8,"Alta","Muy Alta"))))),"") -> Muy Baja | AA43: =+Y43 -> 0.07776 | AB43: =IFERROR(IF(AC43="","",IF(AC43<=0.2,"Leve",IF(AC43<=0.4,"Menor",IF(AC43<=0.6,"Moderado",IF(AC43<=0.8,"Mayor","Catastrófico"))))),"") -> Moderado | AC43: =IFERROR(IF(AND(Q42="Impacto",Q43="Impacto"),(AC42-(+AC42*T43)),IF(AND(Q42="Probabilidad",Q43="Impacto"),(AC41-(+AC41*T43)),IF(Q43="Probabilidad",AC42,""))),"") -> 0.6
A44: GJ28 | B44: Lograr un 80% de sentencias favorales ejecutoriadas en cada vigencia | C44: Defensa Judicial | D44: Posibilidad de efecto dañoso sobre los recursos públicos | E44: por saldos o recursos a favor no cobrados (Detrimento Patrimonial) | F44: debido a la falta de seguimiento de las sentencias a favor de la entidad. | G44: Posibilidad de efecto dañoso sobre los recursos públicos por saldos o recursos a favor no cobrados, debido a la falta de seguimiento de las sentencias a favor de la entidad. | H44: Falta de apoyo jurídico para revisar el estado de la totalidad de los procesos | I44: Fiscal | J44: Baja | K44: 0.4 | L44: Mayor | M44: 0.8 | N44: Alto | O44: 1 | P44: El profesional especializado presenta la necesidad de contratación del apoyo jurídica para que sea incluido en el Plan Anual de Adquisiciones. Una vez aprobado se incluye en presupuesto de la entidad de cada vigencia y se realiza la contratación de conformidad con lo establecido en el manual de contratación de la entidad. El profesional encargado del PAA, verifica el cumplimiento del mismo en los términos establecidos. | Q44: Probabilidad | R44: Preventivo | S44: Manual | T44: =IF(AND(R44="Preventivo",S44="Automático"),"50%",IF(AND(R44="Preventivo",S44="Manual"),"40%",IF(AND(R44="Detectivo",S44="Automático"),"40%",IF(AND(R44="Detectivo",S44="Manual"),"30%",IF(AND(R44="Correctivo",S44="Automático"),"35%",IF(AND(R44="Correctivo",S44="Manual"),"25%","")))))) -> 40% | U44: Documentado | V44: Aleatoria | W44: Con Registro | X44: Seguimiento del Plan Anual de Adquisiciones. Soportes de contratación del apoyo jurídico | Y44: =IFERROR(IF(Q44="Probabilidad",(K44-(+K44*T44)),IF(Q44="Impacto",K44,"")),"") -> 0.24 | Z44: Baja | AA44: 0.24 | AB44: Mayor | AC44: 0.8 | AD44: Muy Baja | AE44: 0.168 | AF44: Mayor | AG44: 0.8 | AH44: Alto | AI44: Reducir (mitigar) | AK44: Se materializó el Riesgo? (Ver evento potencial principal en Columna F. Relacionar detalles de la materialización - que, como, cuando, donde): Para el primer trimestre del año 2026, no se ha materializado el riesgo descrito. Los Controles están bien diseñados, se aplican de acuerdo al diseño y son efectivos? (Ver controles en la columna P / Concluir frente a cada control) Los controles identificados se han aplicado de manera correcta para el periodo reportado, esto es con respecto a la presentación del perfil de los abogados que ejercer la defensa judicial de la entidad, de igual forma se hacen los seguimientos correspondientes a los procesos. Que acciones propones o se están llevando a cabo para gestionar el riesgo que se materializó? (Si no aplica colocar N/A) No aplica Que acciones propones o se están llevando a cabo para fortalecer los controles? (En el caso de que tener Acciones de mejora / Acciones correctivas en proceso, relacionar el avance. Si tienes acciones específicas a desarrollar en la columna AJ, también relacionar el avance) No se proponen acciones diferentes a los controles ya adoptados. | AM44: Se materializó el Riesgo? (Ver evento potencial principal en Columna F. Relacionar detalles de la materialización - que, como, cuando, donde): Para el segundo trimestre del año 2026, no se ha materializado el riesgo descrito. Los Controles están bien diseñados, se aplican de acuerdo al diseño y son efectivos? (Ver controles en la columna P / Concluir frente a cada control) Los controles identificados se han aplicado de manera correcta para el periodo reportado, esto es con respecto a la presentación del perfil de los abogados que ejercen la defensa judicial de la entidad no se ha requerido presentar o cambiar el perfil de los abogados, por lo que sigue vigente la aprobación presentada del primer trimestre, de igual forma se hacen los seguimientos correspondientes a los procesos. Que acciones propones o se están llevando a cabo para gestionar el riesgo que se materializó? (Si no aplica colocar N/A) No aplica. Que acciones propones o se están llevando a cabo para fortalecer los controles? (En el caso de que tener Acciones de mejora / Acciones correctivas en proceso, relacionar el avance. Si tienes acciones específicas a desarrollar en la columna AJ, también relacionar el avance) No se proponen acciones diferentes a los controles ya adoptados. | AO44: Se materializó el Riesgo? (Ver evento potencial principal en Columna F. Relacionar detalles de la materialización - que, como, cuando, donde): Los Controles están bien diseñados, se aplican de acuerdo al diseño y son efectivos? (Ver controles en la columna P / Concluir frente a cada control) Que acciones propones o se están llevando a cabo para gestionar el riesgo que se materializó? (Si no aplica colocar N/A) Que acciones propones o se están llevando a cabo para fortalecer los controles? (En el caso de que tener Acciones de mejora / Acciones correctivas en proceso, relacionar el avance. Si tienes acciones específicas a desarrollar en la columna AJ, también relacionar el avance) | AQ44: Se materializó el Riesgo? (Ver evento potencial principal en Columna F. Relacionar detalles de la materialización - que, como, cuando, donde): Los Controles están bien diseñados, se aplican de acuerdo al diseño y son efectivos? (Ver controles en la columna P / Concluir frente a cada control) Que acciones propones o se están llevando a cabo para gestionar el riesgo que se materializó? (Si no aplica colocar N/A) Que acciones propones o se están llevando a cabo para fortalecer los controles? (En el caso de que tener Acciones de mejora / Acciones correctivas en proceso, relacionar el avance. Si tienes acciones específicas a desarrollar en la columna AJ, también relacionar el avance)
H45: El juzgado no notifica de manera oportuna las sentencias | O45: 2 | P45: El profesional especializado revisa periódicamente el estado de los procesos para identificar las actuaciones realizadas por parte de los juzgados. Esto se realiza a través de las diferentes plataformas de la rama judicial. Documentado en: PROCEDIMIENTO DE DEFENSA JUDICIAL, P-GJ-10. | Q45: Probabilidad | R45: Detectivo | S45: Manual | T45: =IF(AND(R45="Preventivo",S45="Automático"),"50%",IF(AND(R45="Preventivo",S45="Manual"),"40%",IF(AND(R45="Detectivo",S45="Automático"),"40%",IF(AND(R45="Detectivo",S45="Manual"),"30%",IF(AND(R45="Correctivo",S45="Automático"),"35%",IF(AND(R45="Correctivo",S45="Manual"),"25%","")))))) -> 30% | U45: Documentado | V45: Aleatoria | W45: Con Registro | X45: Base de datos de control de procesos | Y45: =IFERROR(IF(AND(Q44="Probabilidad",Q45="Probabilidad"),(AA44-(+AA44*T45)),IF(Q45="Probabilidad",(K44-(+K44*T45)),IF(Q45="Impacto",AA44,""))),"") -> 0.168 | Z45: Muy Baja | AA45: 0.168 | AB45: Mayor | AC45: 0.8
A46: GJ29 | B46: Lograr un 80% de sentencias favorales ejecutoriadas en cada vigencia | C46: Defensa Judicial | D46: Posibilidad de efecto dañoso sobre los recursos públicos | E46: por pago de intereses moratorios de sentencias y conciliaciones | F46: debido a una autorización tardía para el pago | G46: Posibilidad de efecto dañoso sobre los recursos públicos por pago de intereses moratorios de sentencias y conciliaciones, debido a una autorización tardía para el pago | H46: Falta de apoyo jurídico para revisar el estado de la totalidad de los procesos | I46: Fiscal | J46: Baja | K46: 0.4 | L46: Mayor | M46: 0.8 | N46: Alto | O46: 1 | P46: El profesional especializado presenta la necesidad de contratación del apoyo jurídica para que sea incluido en el Plan Anual de Adquisiciones. Una vez aprobado se incluye en presupuesto de la entidadde cada vigencia y se realiza la contratación de conformidad con lo establecido en el manual de contratación de la entidad. El profesional encargado del PAA, verifica el cumplimiento del mismo en los términos establecidos. | Q46: Probabilidad | R46: Preventivo | S46: Manual | T46: =IF(AND(R46="Preventivo",S46="Automático"),"50%",IF(AND(R46="Preventivo",S46="Manual"),"40%",IF(AND(R46="Detectivo",S46="Automático"),"40%",IF(AND(R46="Detectivo",S46="Manual"),"30%",IF(AND(R46="Correctivo",S46="Automático"),"35%",IF(AND(R46="Correctivo",S46="Manual"),"25%","")))))) -> 40% | U46: Documentado | V46: Aleatoria | W46: Con Registro | X46: Soportes de contratación del apoyo jurídico | Y46: =IFERROR(IF(Q46="Probabilidad",(K46-(+K46*T46)),IF(Q46="Impacto",K46,"")),"") -> 0.24 | Z46: Baja | AA46: 0.24 | AB46: Mayor | AC46: 0.8 | AD46: Muy Baja | AE46: 0.144 | AF46: Moderado | AG46: 0.6 | AH46: Moderado | AI46: Reducir (mitigar) | AK46: Se materializó el Riesgo? (Ver evento potencial principal en Columna F. Relacionar detalles de la materialización - que, como, cuando, donde): Para el primer trimestre del año 2026, no se ha materializado el riesgo descrito. Los Controles están bien diseñados, se aplican de acuerdo al diseño y son efectivos? (Ver controles en la columna P / Concluir frente a cada control) Los controles identificados se han aplicado de manera correcta para el periodo reportado, esto es con respecto a la presentación del perfil de los abogados que ejercer la defensa judicial de la entidad, de igual forma se hacen presentado los correspondientes informes de pasivo contingente al area financiera. Que acciones propones o se están llevando a cabo para gestionar el riesgo que se materializó? (Si no aplica colocar N/A) No aplica Que acciones propones o se están llevando a cabo para fortalecer los controles? (En el caso de que tener Acciones de mejora / Acciones correctivas en proceso, relacionar el avance. Si tienes acciones específicas a desarrollar en la columna AJ, también relacionar el avance) No se proponen acciones diferentes a los controles ya adoptados. | AM46: Se materializó el Riesgo? (Ver evento potencial principal en Columna F. Relacionar detalles de la materialización - que, como, cuando, donde): Para el segundo trimestre del año 2026, no se ha materializado el riesgo descrito. Los Controles están bien diseñados, se aplican de acuerdo al diseño y son efectivos? (Ver controles en la columna P / Concluir frente a cada control) Los controles identificados se han aplicado de manera correcta para el periodo reportado, para este segundo trimestre del año 2026 no ha sido necesario revisar nuevamamente el perfil de los abogados que ejercer la defensa judicial de la entidad, de igual forma se han presentado los correspondientes informes de pasivo contingente al área financiera. Que acciones propones o se están llevando a cabo para gestionar el riesgo que se materializó? (Si no aplica colocar N/A) No aplica Que acciones propones o se están llevando a cabo para fortalecer los controles? (En el caso de que tener Acciones de mejora / Acciones correctivas en proceso, relacionar el avance. Si tienes acciones específicas a desarrollar en la columna AJ, también relacionar el avance) No se proponen acciones diferentes a los controles ya adoptados. | AO46: Se materializó el Riesgo? (Ver evento potencial principal en Columna F. Relacionar detalles de la materialización - que, como, cuando, donde): Los Controles están bien diseñados, se aplican de acuerdo al diseño y son efectivos? (Ver controles en la columna P / Concluir frente a cada control) Que acciones propones o se están llevando a cabo para gestionar el riesgo que se materializó? (Si no aplica colocar N/A) Que acciones propones o se están llevando a cabo para fortalecer los controles? (En el caso de que tener Acciones de mejora / Acciones correctivas en proceso, relacionar el avance. Si tienes acciones específicas a desarrollar en la columna AJ, también relacionar el avance) | AQ46: Se materializó el Riesgo? (Ver evento potencial principal en Columna F. Relacionar detalles de la materialización - que, como, cuando, donde): Los Controles están bien diseñados, se aplican de acuerdo al diseño y son efectivos? (Ver controles en la columna P / Concluir frente a cada control) Que acciones propones o se están llevando a cabo para gestionar el riesgo que se materializó? (Si no aplica colocar N/A) Que acciones propones o se están llevando a cabo para fortalecer los controles? (En el caso de que tener Acciones de mejora / Acciones correctivas en proceso, relacionar el avance. Si tienes acciones específicas a desarrollar en la columna AJ, también relacionar el avance)
H47: No se cuenta con la disponiblidad de recursos para realizar el pago correspondiente | O47: 2 | P47: El profesional especializado presenta el informe de litigios y demandas de manera periódica al area contable. En este informe se relaciona los procesos, su cuantía y su clasificación de probabilidad de fallo. Con base en esto, el area contable realiza la provisión del pasivo contingente en la contabilidad de la entidad. | Q47: Probabilidad | R47: Preventivo | S47: Manual | T47: =IF(AND(R47="Preventivo",S47="Automático"),"50%",IF(AND(R47="Preventivo",S47="Manual"),"40%",IF(AND(R47="Detectivo",S47="Automático"),"40%",IF(AND(R47="Detectivo",S47="Manual"),"30%",IF(AND(R47="Correctivo",S47="Automático"),"35%",IF(AND(R47="Correctivo",S47="Manual"),"25%","")))))) -> 40% | U47: Documentado | V47: Aleatoria | W47: Con Registro | X47: F-GJ-39 INFORME DE LITIGIOS Y DEMANDAS | Y47: =IFERROR(IF(AND(Q46="Probabilidad",Q47="Probabilidad"),(AA46-(+AA46*T47)),IF(Q47="Probabilidad",(K46-(+K46*T47)),IF(Q47="Impacto",AA46,""))),"") -> 0.144 | Z47: Muy Baja | AA47: 0.144 | AB47: Mayor | AC47: 0.8
O48: 3 | P48: En el caso de materialización del riesgo por el pago de intereses moratorios de sentencias y conciliaciones se realiza el respectivo proceso disciplinario y/o acción de repetición | Q48: Impacto | R48: Correctivo | S48: Manual | T48: =IF(AND(R48="Preventivo",S48="Automático"),"50%",IF(AND(R48="Preventivo",S48="Manual"),"40%",IF(AND(R48="Detectivo",S48="Automático"),"40%",IF(AND(R48="Detectivo",S48="Manual"),"30%",IF(AND(R48="Correctivo",S48="Automático"),"35%",IF(AND(R48="Correctivo",S48="Manual"),"25%","")))))) -> 25% | U48: Documentado | V48: Aleatoria | W48: Con Registro | X48: Expediente de proceso disciplinario / acción de repetición | Y48: =IFERROR(IF(AND(Q47="Probabilidad",Q48="Probabilidad"),(AA47-(+AA47*T48)),IF(AND(Q47="Impacto",Q48="Probabilidad"),(AA46-(+AA46*T48)),IF(Q48="Impacto",AA47,""))),"") -> 0.144 | Z48: Muy Baja | AA48: 0.144 | AB48: Moderado | AC48: 0.6
A49: GJ17 | B49: Lograr que el 100% de los subsidios Distritales de Vivienda en las modalidades de vivienda nueva y usada sean asignados con observancia de los requisitos establecidos en la norma vigente. | C49: Vivienda Nueva, Vivienda Usada | D49: Posibilidad de afectación económica y reputacional del Instituto | E49: reflejada en: - la indebida asignación de recursos públicos (detrimento patrimonial). - hallazgos disciplinarios y penales por parte de los entes de control. - el costo social (perdida del derecho)asociado a la perdida de la oportunidad para la asignación del subsidio Municipal de Vivienda a hogares que cumplen con los requisitos legales. | F49: debido a la asignación / destinación del subsidio Distrital de Vivienda sin el cumplimiento de los requisitos legales (Vivienda Nueva, Vivienda Usada ) | G49: Posibilidad de afectación económica y reputacional del Instituto reflejada en la indebida asignación de recursos públicos (detrimento patrimonial), en hallazgos disciplinarios y penales por parte de los entes de control, así como en el costo social (perdida del derecho) asociado a la perdida de la oportunidad para la asignación del subsidio Municipal de Vivienda a hogares que cumplen con los requisitos legales. Lo anterior, debido a la asignación / destinación del subsidio Municipal de Vivienda sin el cumplimiento de los requisitos legales (Vivienda Nueva, Vivienda Usada ). | H49: 1. Indebida verificación del cumplimiento de requisitos establecidos en la normatividad vigente por parte de la línea de acción de Postulaciones del proceso de Gestión social. | I49: Fiscal | J49: Alta | K49: =IF(J49="","",IF(J49="Muy Baja",0.2,IF(J49="Baja",0.4,IF(J49="Media",0.6,IF(J49="Alta",0.8,IF(J49="Muy Alta",1,)))))) -> 0.8 | L49: Mayor | M49: =IF(L49="","",IF(L49="Leve",0.2,IF(L49="Menor",0.4,IF(L49="Moderado",0.6,IF(L49="Mayor",0.8,IF(L49="Catastrófico",1,)))))) -> 0.8 | N49: =IF(OR(AND(J49="Muy Baja",L49="Leve"),AND(J49="Muy Baja",L49="Menor"),AND(J49="Baja",L49="Leve")),"Bajo",IF(OR(AND(J49="Muy baja",L49="Moderado"),AND(J49="Baja",L49="Menor"),AND(J49="Baja",L49="Moderado"),AND(J49="Media",L49="Leve"),AND(J49="Media",L49="Menor"),AND(J49="Media",L49="Moderado"),AND(J49="Alta",L49="Leve"),AND(J49="Alta",L49="Menor")),"Moderado",IF(OR(AND(J49="Muy Baja",L49="Mayor"),AND(J49="Baja",L49="Mayor"),AND(J49="Media",L49="Mayor"),AND(J49="Alta",L49="Moderado"),AND(J49="Alta",L49="Mayor"),AND(J49="Muy Alta",L49="Leve"),AND(J49="Muy Alta",L49="Menor"),AND(J49="Muy Alta",L49="Moderado"),AND(J49="Muy Alta",L49="Mayor")),"Alto",IF(OR(AND(J49="Muy Baja",L49="Catastrófico"),AND(J49="Baja",L49="Catastrófico"),AND(J49="Media",L49="Catastrófico"),AND(J49="Alta",L49="Catastrófico"),AND(J49="Muy Alta",L49="Catastrófico")),"Extremo","")))) -> Alto | O49: 1 | P49: 3. El profesional líder de la línea de acción de Postulaciones, verifica que la validación de cumplimiento de requisitos para la asignación del subsidio municipal de vivienda (vivienda nueva, vivienda usada), se realice acorde en lo establecido en los procedimiento que se relacionan a continuación: P-GS-02 - PROCEDIMIENTO PARA LA VERIFICACIÓN DEL CUMPLIMIENTO DE REQUISITOS PARA LA POSTULACION AL SUBSIDIO MUNICIPAL DE VIVIENDA. P-GS-03 - PROCEDIMIENTO PARA EL ACOMPAÑAMIENTO Y ASIGNACION DE SUBSIDIO MUNICIPAL EN LA MODALIDAD DE VIVIENDA USADA. Para lo anterior, se utilizan listas de chequeo para cada una de las poblaciones sujetas de atención relacionadas en dichos procedimientos. | Q49: =IF(OR(R49="Preventivo",R49="Detectivo"),"Probabilidad",IF(R49="Correctivo","Impacto","")) -> Probabilidad | R49: Preventivo | S49: Manual | T49: =IF(AND(R49="Preventivo",S49="Automático"),"50%",IF(AND(R49="Preventivo",S49="Manual"),"40%",IF(AND(R49="Detectivo",S49="Automático"),"40%",IF(AND(R49="Detectivo",S49="Manual"),"30%",IF(AND(R49="Correctivo",S49="Automático"),"35%",IF(AND(R49="Correctivo",S49="Manual"),"25%","")))))) -> 40% | U49: Documentado | V49: Continua | W49: Con Registro | X49: Listas de chequeo diligenciadas adjuntas en los expedientes de cada hogar sujeto de atención | Y49: =IFERROR(IF(Q49="Probabilidad",(K49-(+K49*T49)),IF(Q49="Impacto",K49,"")),"") -> 0.48 | Z49: =IFERROR(IF(Y49="","",IF(Y49<=0.2,"Muy Baja",IF(Y49<=0.4,"Baja",IF(Y49<=0.6,"Media",IF(Y49<=0.8,"Alta","Muy Alta"))))),"") -> Media | AA49: =+Y49 -> 0.48 | AB49: =IFERROR(IF(AC49="","",IF(AC49<=0.2,"Leve",IF(AC49<=0.4,"Menor",IF(AC49<=0.6,"Moderado",IF(AC49<=0.8,"Mayor","Catastrófico"))))),"") -> Mayor | AC49: =IFERROR(IF(Q49="Impacto",(M49-(+M49*T49)),IF(Q49="Probabilidad",M49,"")),"") -> 0.8 | AD49: =IFERROR(IF(AE49=0,"",IF(AND(AE49>0,AE49<=0.2),"Muy Baja",IF(AE49<=0.4,"Baja",IF(AE49<=0.6,"Media",IF(AE49<=0.8,"Alta","Muy Alta"))))),"") -> Baja | AE49: =MIN(Y49:Y52) -> 0.288 | AF49: =IFERROR(IF(AG49=0,"",IF(AND(AG49>0,AG49<=0.2),"Leve",IF(AG49<=0.4,"Menor",IF(AG49<=0.6,"Moderado",IF(AG49<=0.8,"Mayor","Catastrófico"))))),"") -> Moderado | AG49: =MIN(AC49:AC52) -> 0.6 | AH49: =IFERROR(IF(OR(AND(AD49="Muy Baja",AF49="Leve"),AND(AD49="Muy Baja",AF49="Menor"),AND(AD49="Baja",AF49="Leve")),"Bajo",IF(OR(AND(AD49="Muy Baja",AF49="Moderado"),AND(AD49="Baja",AF49="Menor"),AND(AD49="Baja",AF49="Moderado"),AND(AD49="Media",AF49="Leve"),AND(AD49="Media",AF49="Menor"),AND(AD49="Media",AF49="Moderado"),AND(AD49="Alta",AF49="Leve"),AND(AD49="Alta",AF49="Menor")),"Moderado",IF(OR(AND(AD49="Muy Baja",AF49="Mayor"),AND(AD49="Baja",AF49="Mayor"),AND(AD49="Media",AF49="Mayor"),AND(AD49="Alta",AF49="Moderado"),AND(AD49="Alta",AF49="Mayor"),AND(AD49="Muy Alta",AF49="Leve"),AND(AD49="Muy Alta",AF49="Menor"),AND(AD49="Muy Alta",AF49="Moderado"),AND(AD49="Muy Alta",AF49="Mayor")),"Alto",IF(OR(AND(AD49="Muy Baja",AF49="Catastrófico"),AND(AD49="Baja",AF49="Catastrófico"),AND(AD49="Media",AF49="Catastrófico"),AND(AD49="Alta",AF49="Catastrófico"),AND(AD49="Muy Alta",AF49="Catastrófico")),"Extremo","")))),"") -> Moderado | AI49: Reducir (mitigar) | AK49: Se materializó el Riesgo? : Durante el primer trimestre de 2026, no se ha evidenciado materialización del riesgo, ya que no se han identificado asignaciones indebidas confirmadas. Sin embargo, el riesgo sigue latente por la naturaleza del proceso. Los Controles están bien diseñados, se aplican de acuerdo al diseño y son efectivos? (Ver controles en la columna P / Concluir frente a cada control) : Los controles 1, 2, 3 y 4 se encuentran bien diseñados y se aplican conforme a los procedimientos establecidos, presentando una alta efectividad en la verificación de requisitos, validación documental, realización de cruces de información y aplicación de medidas correctivas como la revocatoria de actos administrativos en caso de asignaciones indebidas. Que acciones propones o se están llevando a cabo para gestionar el riesgo que se materializó? (Si no aplica colocar N/A): Aunque el riesgo no se materializó en el primer trimestre de 2026, se adelantaron acciones preventivas como capacitación continua al personal y refuerzo en la revisión documental mediante doble validación interna. Que acciones propones o se están llevando a cabo para fortalecer los controles? (En el caso de que tener Acciones de mejora / Acciones correctivas en proceso, relacionar el avance. Si tienes acciones específicas a desarrollar en la columna AJ, también relacionar el avance) : Para el primer trimestre de 2026,No se establecieron acciones. | AL49: https://isvimedgovco-my.sharepoint.com/:b:/g/personal/edy_orrego_isvimed_gov_co/IQCSWcit2lgDR5CTMjxKH33EAeJv_2twZKKfkyvOFzGQEj8?e=JdWt8W | AM49: Se materializó el Riesgo? (Ver evento potencial principal en Columna F. Relacionar detalles de la materialización - que, como, cuando, donde): Durante el segundo trimestre de 2026, no se evidenció la materialización del riesgo, toda vez que las asignaciones del Subsidio Distrital de Vivienda se realizaron con observancia de los requisitos establecidos en el Decreto Distrital vigente, sin identificarse asignaciones indebidas. Los Controles están bien diseñados, se aplican de acuerdo al diseño y son efectivos? (Ver controles en la columna P / Concluir frente a cada control): Los controles se encuentran bien diseñados y se aplican conforme al Decreto Distrital 885 de 2025. Previo a la asignación del subsidio, se verifica el cumplimiento integral de los requisitos del hogar mediante la revisión del expediente, los documentos que acreditan la residencia en el Distrito de Medellín, los ingresos del grupo familiar y los cruces de información realizados por la Subdirección Poblacional. Adicionalmente, se consulta la Ventanilla Única de Registro (VUR) para verificar que los beneficiarios no sean propietarios de bienes inmuebles. Que acciones propones o se están llevando a cabo para gestionar el riesgo que se materializó? (Si no aplica colocar N/A): N/A. Durante el segundo trimestre de 2026 el riesgo no se materializó. Que acciones propones o se están llevando a cabo para fortalecer los controles? (En el caso de que tener Acciones de mejora / Acciones correctivas en proceso, relacionar el avance. Si tienes acciones específicas a desarrollar en la columna AJ, también relacionar el avance): Se mantienen los controles establecidos mediante la revisión integral de los expedientes, la validación de los requisitos conforme al Decreto Distrital vigente, los cruces de información y la consulta de la VUR previo a la asignación del subsidio. | AN49: N/A | AO49: Se materializó el Riesgo? (Ver evento potencial principal en Columna F. Relacionar detalles de la materialización - que, como, cuando, donde): Los Controles están bien diseñados, se aplican de acuerdo al diseño y son efectivos? (Ver controles en la columna P / Concluir frente a cada control) Que acciones propones o se están llevando a cabo para gestionar el riesgo que se materializó? (Si no aplica colocar N/A) Que acciones propones o se están llevando a cabo para fortalecer los controles? (En el caso de que tener Acciones de mejora / Acciones correctivas en proceso, relacionar el avance. Si tienes acciones específicas a desarrollar en la columna AJ, también relacionar el avance) | AQ49: Se materializó el Riesgo? (Ver evento potencial principal en Columna F. Relacionar detalles de la materialización - que, como, cuando, donde): Los Controles están bien diseñados, se aplican de acuerdo al diseño y son efectivos? (Ver controles en la columna P / Concluir frente a cada control) Que acciones propones o se están llevando a cabo para gestionar el riesgo que se materializó? (Si no aplica colocar N/A) Que acciones propones o se están llevando a cabo para fortalecer los controles? (En el caso de que tener Acciones de mejora / Acciones correctivas en proceso, relacionar el avance. Si tienes acciones específicas a desarrollar en la columna AJ, también relacionar el avance)
H50: 2. Falta de verificación por parte del funcionario o contratista, del cumplimiento de requisitos legales aplicables para la asignación del subsidio Distritall de Vivienda. | O50: 2 | P50: El profesional encargado de asignación de subsidios (vivienda nueva, vivienda usada), verifica y revisa minuciosamente que la documentación suministrada y que reposa en el expediente del hogar postulado al subsidio, cumpla con los requisitos establecidos en el decreto distritall vigente. La metodología para una adecuada verificación de requisitos se encuentra establecido en el documento P-GJ-06_PROCEDIMIENTO PARA ASIGNACION DE SUBSIDIO Y ESCRITURACION | Q50: =IF(OR(R50="Preventivo",R50="Detectivo"),"Probabilidad",IF(R50="Correctivo","Impacto","")) -> Probabilidad | R50: Preventivo | S50: Manual | T50: =IF(AND(R50="Preventivo",S50="Automático"),"50%",IF(AND(R50="Preventivo",S50="Manual"),"40%",IF(AND(R50="Detectivo",S50="Automático"),"40%",IF(AND(R50="Detectivo",S50="Manual"),"30%",IF(AND(R50="Correctivo",S50="Automático"),"35%",IF(AND(R50="Correctivo",S50="Manual"),"25%","")))))) -> 40% | U50: Documentado | V50: Continua | W50: Con Registro | X50: Acta de reunión de mesa de trabajo con la Subdirección Poblacional, para subsanar requisitos para la correcta asignación de subsidio. Memorando Interno por medio del cual se realiza la devolución de expedientes a la Subdirección Poblacional. Correos Electrónicos | Y50: =IFERROR(IF(AND(Q49="Probabilidad",Q50="Probabilidad"),(AA49-(+AA49*T50)),IF(Q50="Probabilidad",(K49-(+K49*T50)),IF(Q50="Impacto",AA49,""))),"") -> 0.288 | Z50: =IFERROR(IF(Y50="","",IF(Y50<=0.2,"Muy Baja",IF(Y50<=0.4,"Baja",IF(Y50<=0.6,"Media",IF(Y50<=0.8,"Alta","Muy Alta"))))),"") -> Baja | AA50: =+Y50 -> 0.288 | AB50: =IFERROR(IF(AC50="","",IF(AC50<=0.2,"Leve",IF(AC50<=0.4,"Menor",IF(AC50<=0.6,"Moderado",IF(AC50<=0.8,"Mayor","Catastrófico"))))),"") -> Mayor | AC50: =IFERROR(IF(AND(Q49="Impacto",Q50="Impacto"),(AC49-(+AC49*T50)),IF(Q50="Impacto",($M$15-(+$M$15*T50)),IF(Q50="Probabilidad",AC49,""))),"") -> 0.8
H51: 3. Presentación de documentación falsa o imprecisa por parte del hogar postulado o la entidad remisoria (vivienda usada), que induzca a error, o documentación incompleta del hogar, que impida la correcta asignación del Subsidio Distrital de Vivienda. | O51: 3 | P51: El profesional encargado de asignación de subsidios (vivienda nueva, vivienda usada), realiza la verificación de cruces de información a través de sistemas de información tales como: bases de datos catastrales, plataforma VUR, bases de datos del ministerio de vivienda, plataforma ADRES, entre otros. Lo anterior para identificar si el solicitante podría estar aportando documentación falsa o imprecisa. | Q51: =IF(OR(R51="Preventivo",R51="Detectivo"),"Probabilidad",IF(R51="Correctivo","Impacto","")) -> Probabilidad | R51: Preventivo | S51: Manual | T51: =IF(AND(R51="Preventivo",S51="Automático"),"50%",IF(AND(R51="Preventivo",S51="Manual"),"40%",IF(AND(R51="Detectivo",S51="Automático"),"40%",IF(AND(R51="Detectivo",S51="Manual"),"30%",IF(AND(R51="Correctivo",S51="Automático"),"35%",IF(AND(R51="Correctivo",S51="Manual"),"25%","")))))) -> 40% | U51: Documentado | V51: Continua | W51: Con Registro | X51: Evidencias de verificación de cruces de información | Y51: =IFERROR(IF(AND(Q49="Probabilidad",Q51="Probabilidad"),(AA49-(+AA49*T51)),IF(AND(Q49="Impacto",Q51="Probabilidad"),(AA43-(+AA43*T51)),IF(Q51="Impacto",AA49,""))),"") -> 0.288 | Z51: =IFERROR(IF(Y51="","",IF(Y51<=0.2,"Muy Baja",IF(Y51<=0.4,"Baja",IF(Y51<=0.6,"Media",IF(Y51<=0.8,"Alta","Muy Alta"))))),"") -> Baja | AA51: =+Y51 -> 0.288 | AB51: =IFERROR(IF(AC51="","",IF(AC51<=0.2,"Leve",IF(AC51<=0.4,"Menor",IF(AC51<=0.6,"Moderado",IF(AC51<=0.8,"Mayor","Catastrófico"))))),"") -> Mayor | AC51: =IFERROR(IF(AND(Q49="Impacto",Q51="Impacto"),(AC49-(+AC49*T51)),IF(AND(Q49="Probabilidad",Q51="Impacto"),(AC43-(+AC43*T51)),IF(Q51="Probabilidad",AC49,""))),"") -> 0.8
O52: 4 | P52: En caso de una asignación indebida del SDV, el profesional encargado de asignación de subsidios (vivienda nueva, vivienda usada) revisa el expediente del hogar cuyo acto administativo se expidió sin el cumplimiento de requisitos con el fin de identificar en primera instancia la causal de la asignación indebida. En el caso de que efectivamente se verifique que fue una indebida asignación, procedará la revocatoria directa del acto administrativo invocando alguna de las causales establecidas en la ley 1437 de 2011, y para el efecto, se expide el acto administrativo correspondiente. En caso que se requiera el consentimiento del particular, al ser un acto de carácter particular y concreto, se debe agotar el procedimiento establecido en el articulo 97 de la ley 1437 de 2011 | Q52: =IF(OR(R52="Preventivo",R52="Detectivo"),"Probabilidad",IF(R52="Correctivo","Impacto","")) -> Impacto | R52: Correctivo | S52: Manual | T52: =IF(AND(R52="Preventivo",S52="Automático"),"50%",IF(AND(R52="Preventivo",S52="Manual"),"40%",IF(AND(R52="Detectivo",S52="Automático"),"40%",IF(AND(R52="Detectivo",S52="Manual"),"30%",IF(AND(R52="Correctivo",S52="Automático"),"35%",IF(AND(R52="Correctivo",S52="Manual"),"25%","")))))) -> 25% | U52: Sin Documentar | V52: Aleatoria | W52: Con Registro | X52: Acto Administrativo de revocatoria. Demanda ante la jurisdicción de lo contencioso administrativo y la decisión que ésta emita. | Y52: =IFERROR(IF(AND(Q50="Probabilidad",Q52="Probabilidad"),(AA50-(+AA50*T52)),IF(AND(Q50="Impacto",Q52="Probabilidad"),(AA49-(+AA49*T52)),IF(Q52="Impacto",AA50,""))),"") -> 0.288 | Z52: =IFERROR(IF(Y52="","",IF(Y52<=0.2,"Muy Baja",IF(Y52<=0.4,"Baja",IF(Y52<=0.6,"Media",IF(Y52<=0.8,"Alta","Muy Alta"))))),"") -> Baja | AA52: =+Y52 -> 0.288 | AB52: =IFERROR(IF(AC52="","",IF(AC52<=0.2,"Leve",IF(AC52<=0.4,"Menor",IF(AC52<=0.6,"Moderado",IF(AC52<=0.8,"Mayor","Catastrófico"))))),"") -> Moderado | AC52: =IFERROR(IF(AND(Q50="Impacto",Q52="Impacto"),(AC50-(+AC50*T52)),IF(AND(Q50="Probabilidad",Q52="Impacto"),(AC49-(+AC49*T52)),IF(Q52="Probabilidad",AC50,""))),"") -> 0.6
A53: GJ18 | B53: Lograr que el 100% de los subsidios Distritales de Vivienda en las modalidades de vivienda nueva y usada sean asignados con observancia de los requisitos establecidos en la norma vigente. | C53: Vivienda Nueva - Vivienda Usada | D53: Posibilidad de afectación económica y reputacional del Instituto | E53: reflejada en la a indebida asignación de recursos públicos (detrimento patrimonial) con posibles hallazgos disciplinarios y penales por parte de los entes de control. | F53: debido a la asignación del subsidio distrital de vivienda que se obtiene como resultado de tráfico de influencias de servidor público y particulares con intereses en tal asignación. | G53: Posibilidad de afectación económica y reputacional del Instituto reflejada en la a indebida asignación de recursos públicos (detrimento patrimonial) con posibles hallazgos disciplinarios y penales por parte de los entes de control, ddebido a la asignación del subsidio distrital de vivienda que se obtiene como resultado de tráfico de influencias de servidor público y particulares con intereses en tal asignación | H53: 1. Falta de segregación de funciones (concentración) | I53: Integridad Pùblica - Corrupción | J53: Alta | K53: 0.8 | L53: Catastrófico | M53: 1 | N53: Extremo | O53: 1 | P53: Existe segregación de la verificación de requisitos debido a los roles y responsabilidades establecidas en la actualidad para la asignación de subsidios. Por un lado la Subdirección Poblacional realiza un verificación preliminar de cumplimiento de requisitos y por otro lado, la Subdirección Jurídica realiza una segunda revisión de fondo de cumplimiento de requisitos. Documentado en: P-GS-02 - Procedimiento para la verificación del cumplimiento de requisitos para la postulación al subsidio municipal de vivienda. P-GS-03 - Procedimiento para el acompañamiento y asignación de subsidio municipal en la modalidad de vivienda usada. I-GJ-03 – Instructivo de asignación de subsidio y escrituración. | Q53: =IF(OR(R53="Preventivo",R53="Detectivo"),"Probabilidad",IF(R53="Correctivo","Impacto","")) -> Probabilidad | R53: Preventivo | S53: Manual | T53: =IF(AND(R53="Preventivo",S53="Automático"),"50%",IF(AND(R53="Preventivo",S53="Manual"),"40%",IF(AND(R53="Detectivo",S53="Automático"),"40%",IF(AND(R53="Detectivo",S53="Manual"),"30%",IF(AND(R53="Correctivo",S53="Automático"),"35%",IF(AND(R53="Correctivo",S53="Manual"),"25%","")))))) -> 40% | U53: Documentado | V53: Continua | W53: Con Registro | X53: Soportes de verificación (Acta de reunión de mesa de trabajo con la Subdirección Poblacional, para subsanar requisitos para la correcta asignación de subsidio, Memorando Interno por medio del cual se realiza la devolución de expedientes a la Subdirección Poblacional, Correos Electrónicos, listas de chequeo) | Y53: =IFERROR(IF(Q53="Probabilidad",(K53-(+K53*T53)),IF(Q53="Impacto",K53,"")),"") -> 0.48 | Z53: =IFERROR(IF(Y53="","",IF(Y53<=0.2,"Muy Baja",IF(Y53<=0.4,"Baja",IF(Y53<=0.6,"Media",IF(Y53<=0.8,"Alta","Muy Alta"))))),"") -> Media | AA53: =+Y53 -> 0.48 | AB53: =IFERROR(IF(AC53="","",IF(AC53<=0.2,"Leve",IF(AC53<=0.4,"Menor",IF(AC53<=0.6,"Moderado",IF(AC53<=0.8,"Mayor","Catastrófico"))))),"") -> Catastrófico | AC53: =IFERROR(IF(Q53="Impacto",(M53-(+M53*T53)),IF(Q53="Probabilidad",M53,"")),"") -> 1 | AD53: =IFERROR(IF(AE53=0,"",IF(AND(AE53>0,AE53<=0.2),"Muy Baja",IF(AE53<=0.4,"Baja",IF(AE53<=0.6,"Media",IF(AE53<=0.8,"Alta","Muy Alta"))))),"") -> Baja | AE53: =MIN(Y53:Y56) -> 0.2016 | AF53: =IFERROR(IF(AG53=0,"",IF(AND(AG53>0,AG53<=0.2),"Leve",IF(AG53<=0.4,"Menor",IF(AG53<=0.6,"Moderado",IF(AG53<=0.8,"Mayor","Catastrófico"))))),"") -> Mayor | AG53: =MIN(AC53:AC56) -> 0.75 | AH53: =IFERROR(IF(OR(AND(AD53="Muy Baja",AF53="Leve"),AND(AD53="Muy Baja",AF53="Menor"),AND(AD53="Baja",AF53="Leve")),"Bajo",IF(OR(AND(AD53="Muy Baja",AF53="Moderado"),AND(AD53="Baja",AF53="Menor"),AND(AD53="Baja",AF53="Moderado"),AND(AD53="Media",AF53="Leve"),AND(AD53="Media",AF53="Menor"),AND(AD53="Media",AF53="Moderado"),AND(AD53="Alta",AF53="Leve"),AND(AD53="Alta",AF53="Menor")),"Moderado",IF(OR(AND(AD53="Muy Baja",AF53="Mayor"),AND(AD53="Baja",AF53="Mayor"),AND(AD53="Media",AF53="Mayor"),AND(AD53="Alta",AF53="Moderado"),AND(AD53="Alta",AF53="Mayor"),AND(AD53="Muy Alta",AF53="Leve"),AND(AD53="Muy Alta",AF53="Menor"),AND(AD53="Muy Alta",AF53="Moderado"),AND(AD53="Muy Alta",AF53="Mayor")),"Alto",IF(OR(AND(AD53="Muy Baja",AF53="Catastrófico"),AND(AD53="Baja",AF53="Catastrófico"),AND(AD53="Media",AF53="Catastrófico"),AND(AD53="Alta",AF53="Catastrófico"),AND(AD53="Muy Alta",AF53="Catastrófico")),"Extremo","")))),"") -> Alto | AI53: Reducir (mitigar) | AK53: Se materializó el Riesgo? (Ver evento potencial principal en Columna F. Relacionar detalles de la materialización - que, como, cuando, donde): Durante el periodo evaluado, no se materializó el riesgo, toda vez que no se evidenciaron casos de asignación del subsidio distrital de vivienda derivados de tráfico de influencias por parte de servidores públicos o particulares. No obstante, las causas del riesgo se mantienen latentes. Los Controles están bien diseñados, se aplican de acuerdo al diseño y son efectivos? (Ver controles en la columna P / Concluir frente a cada control): El control 1 se encuentra bien diseñado y aplicado, con alta efectividad en la verificación de requisitos; el control 2 es adecuado y se aplica, con efectividad preventiva; el control 3 está bien diseñado y aplicado, con alta efectividad en la detección y gestión de posibles irregularidades; y el control 3 es adecuado y se aplica, con efectividad como medida correctiva frente a la materialización del riesgo. Que acciones propones o se están llevando a cabo para gestionar el riesgo que se materializó? (Si no aplica colocar N/A): N/A ,No se ha materializado el riesgo Que acciones propones o se están llevando a cabo para fortalecer los controles? (En el caso de que tener Acciones de mejora / Acciones correctivas en proceso, relacionar el avance. Si tienes acciones específicas a desarrollar en la columna AJ, también relacionar el avance) : A la fecha, no se proponen acciones de mejora adicionales, toda vez que los controles existentes se consideran suficientes, se encuentran implementados y están operando de manera efectiva. | AL53: https://isvimedgovco-my.sharepoint.com/:w:/r/personal/edy_orrego_isvimed_gov_co/_layouts/15/Doc.aspx?sourcedoc=%7B5649CEB5-2837-42C6-9A41-12B6A40301C2%7D&file=CONCEPTO%20JURIDICO%20RESOLUCIONES%20CARACTER%20GENERAL%20%20(1).docx&action=default&mobileredirect=true | AM53: Se materializó el Riesgo? (Ver evento potencial principal en Columna F. Relacionar detalles de la materialización - que, como, cuando, donde):Durante el segundo trimestre de 2026 no se materializó el riesgo, toda vez que no se evidenciaron casos de asignación del Subsidio Distrital de Vivienda derivados de tráfico de influencias por parte de servidores públicos o particulares. Las asignaciones se realizaron conforme al Decreto Distrital vigente y a los procedimientos institucionales establecidos. Los Controles están bien diseñados, se aplican de acuerdo al diseño y son efectivos? (Ver controles en la columna P / Concluir frente a cada control) Los controles se encuentran debidamente diseñados y se aplican conforme a los procedimientos institucionales. La segregación de funciones entre la Subdirección Poblacional y la Subdirección Jurídica, las actividades de promoción del Código de Integridad, los canales institucionales para la recepción de denuncias y el procedimiento para su trámite constituyen controles efectivos para prevenir, detectar y gestionar posibles hechos de corrupción. Que acciones propones o se están llevando a cabo para gestionar el riesgo que se materializó? (Si no aplica colocar N/A): N/A. Durante el segundo trimestre de 2026 el riesgo no se materializó. Que acciones propones o se están llevando a cabo para fortalecer los controles? (En el caso de que tener Acciones de mejora / Acciones correctivas en proceso, relacionar el avance. Si tienes acciones específicas a desarrollar en la columna AJ, también relacionar el avance): Se mantienen las actividades de segregación de funciones en la verificación de requisitos, la promoción del Código de Integridad, el funcionamiento de los canales institucionales para la recepción de denuncias y la aplicación del procedimiento para el trámite de posibles hechos de corrupción, conforme a la normatividad y procedimientos institucionales vigentes. | AO53: Se materializó el Riesgo? (Ver evento potencial principal en Columna F. Relacionar detalles de la materialización - que, como, cuando, donde): Los Controles están bien diseñados, se aplican de acuerdo al diseño y son efectivos? (Ver controles en la columna P / Concluir frente a cada control) Que acciones propones o se están llevando a cabo para gestionar el riesgo que se materializó? (Si no aplica colocar N/A) Que acciones propones o se están llevando a cabo para fortalecer los controles? (En el caso de que tener Acciones de mejora / Acciones correctivas en proceso, relacionar el avance. Si tienes acciones específicas a desarrollar en la columna AJ, también relacionar el avance) | AQ53: Se materializó el Riesgo? (Ver evento potencial principal en Columna F. Relacionar detalles de la materialización - que, como, cuando, donde): Los Controles están bien diseñados, se aplican de acuerdo al diseño y son efectivos? (Ver controles en la columna P / Concluir frente a cada control) Que acciones propones o se están llevando a cabo para gestionar el riesgo que se materializó? (Si no aplica colocar N/A) Que acciones propones o se están llevando a cabo para fortalecer los controles? (En el caso de que tener Acciones de mejora / Acciones correctivas en proceso, relacionar el avance. Si tienes acciones específicas a desarrollar en la columna AJ, también relacionar el avance)
H54: 2. Abuso de autoridad - falta de integridad | O54: 2 | P54: La entidad en cada vigencia planifica actividades orientadas a promover e interiorizar los valores del código de integridad tanto en funcionarios como en contratistas. El lider de Talento Humano verifica la realizarción de estas actividades y evalua la eficacia de las mismas. | Q54: =IF(OR(R54="Preventivo",R54="Detectivo"),"Probabilidad",IF(R54="Correctivo","Impacto","")) -> Probabilidad | R54: Preventivo | S54: Manual | T54: =IF(AND(R54="Preventivo",S54="Automático"),"50%",IF(AND(R54="Preventivo",S54="Manual"),"40%",IF(AND(R54="Detectivo",S54="Automático"),"40%",IF(AND(R54="Detectivo",S54="Manual"),"30%",IF(AND(R54="Correctivo",S54="Automático"),"35%",IF(AND(R54="Correctivo",S54="Manual"),"25%","")))))) -> 40% | U54: Sin Documentar | V54: Aleatoria | W54: Con Registro | X54: Registros de actividades de promocion de valores Evaluación de la interiorización de valores del código de integridad (caja de herramientas dela función pública) | Y54: =IFERROR(IF(AND(Q53="Probabilidad",Q54="Probabilidad"),(AA53-(+AA53*T54)),IF(Q54="Probabilidad",(K53-(+K53*T54)),IF(Q54="Impacto",AA53,""))),"") -> 0.288 | Z54: =IFERROR(IF(Y54="","",IF(Y54<=0.2,"Muy Baja",IF(Y54<=0.4,"Baja",IF(Y54<=0.6,"Media",IF(Y54<=0.8,"Alta","Muy Alta"))))),"") -> Baja | AA54: =+Y54 -> 0.288 | AB54: =IFERROR(IF(AC54="","",IF(AC54<=0.2,"Leve",IF(AC54<=0.4,"Menor",IF(AC54<=0.6,"Moderado",IF(AC54<=0.8,"Mayor","Catastrófico"))))),"") -> Catastrófico | AC54: =IFERROR(IF(AND(Q53="Impacto",Q54="Impacto"),(AC53-(+AC53*T54)),IF(Q54="Impacto",($M$15-(+$M$15*T54)),IF(Q54="Probabilidad",AC53,""))),"") -> 1
H55: 3. Ausencia de mecanismo para que funcionarios, contratistas o comunidad puedan denunciar de manera anónima irregularidades frente a la asignación de subsidios | O55: 3 | P55: La entidad cuenta con dos canales para la recepción de denuncias por posibles hechos o riesgos de corrupción, a través de la pagina web y el corrreo soytransparente@isvimed.gov.co. A través de estos canales el denunciante tiene la opción de interponer la denuncia a nombre propio o de manera anónima. El oficial de transparencia recible la denuncia, coordina el respectivo estudio y si el del caso, realiza la remisión de la misma ante las autoridades competentes. El oficial de transparencia realiza seguimiento al estado de trámite de cada denuncia y cuando sea posible proporciona respuesta al denunciante. Documentado en: P-GE-10, PROCEDIMIENTO PARA EL TRAMITE DE DENUNCIAS. | Q55: =IF(OR(R55="Preventivo",R55="Detectivo"),"Probabilidad",IF(R55="Correctivo","Impacto","")) -> Probabilidad | R55: Detectivo | S55: Manual | T55: =IF(AND(R55="Preventivo",S55="Automático"),"50%",IF(AND(R55="Preventivo",S55="Manual"),"40%",IF(AND(R55="Detectivo",S55="Automático"),"40%",IF(AND(R55="Detectivo",S55="Manual"),"30%",IF(AND(R55="Correctivo",S55="Automático"),"35%",IF(AND(R55="Correctivo",S55="Manual"),"25%","")))))) -> 30% | U55: Documentado | V55: Aleatoria | W55: Con Registro | X55: Acta de estudio de la Denuncia Oficio remisorio a la autoridad competente control de denuncias RITA. Respuesta al denunciante. | Y55: =IFERROR(IF(AND(Q54="Probabilidad",Q55="Probabilidad"),(AA54-(+AA54*T55)),IF(AND(Q54="Impacto",Q55="Probabilidad"),(AA53-(+AA53*T55)),IF(Q55="Impacto",AA54,""))),"") -> 0.2016 | Z55: =IFERROR(IF(Y55="","",IF(Y55<=0.2,"Muy Baja",IF(Y55<=0.4,"Baja",IF(Y55<=0.6,"Media",IF(Y55<=0.8,"Alta","Muy Alta"))))),"") -> Baja | AA55: =+Y55 -> 0.2016 | AB55: =IFERROR(IF(AC55="","",IF(AC55<=0.2,"Leve",IF(AC55<=0.4,"Menor",IF(AC55<=0.6,"Moderado",IF(AC55<=0.8,"Mayor","Catastrófico"))))),"") -> Catastrófico | AC55: =IFERROR(IF(AND(Q54="Impacto",Q55="Impacto"),(AC54-(+AC54*T55)),IF(AND(Q54="Probabilidad",Q55="Impacto"),(AC53-(+AC53*T55)),IF(Q55="Probabilidad",AC54,""))),"") -> 1
O56: 4 | P56: En caso de que el riesgo se materialice se realiza la respectiva denuncias ante las autoridades competentes, la cual podrá realizarse de manera directa o mediante el marco del RITA a través del Oficial de Transparencia. Documentado en: P-GE-10, PROCEDIMIENTO PARA EL TRAMITE DE DENUNCIAS. | Q56: =IF(OR(R56="Preventivo",R56="Detectivo"),"Probabilidad",IF(R56="Correctivo","Impacto","")) -> Impacto | R56: Correctivo | S56: Manual | T56: =IF(AND(R56="Preventivo",S56="Automático"),"50%",IF(AND(R56="Preventivo",S56="Manual"),"40%",IF(AND(R56="Detectivo",S56="Automático"),"40%",IF(AND(R56="Detectivo",S56="Manual"),"30%",IF(AND(R56="Correctivo",S56="Automático"),"35%",IF(AND(R56="Correctivo",S56="Manual"),"25%","")))))) -> 25% | U56: Documentado | V56: Aleatoria | W56: Con Registro | X56: Reportes de Riesgos o posibles hechos de corrupción. | Y56: =IFERROR(IF(AND(Q55="Probabilidad",Q56="Probabilidad"),(AA55-(+AA55*T56)),IF(AND(Q55="Impacto",Q56="Probabilidad"),(AA54-(+AA54*T56)),IF(Q56="Impacto",AA55,""))),"") -> 0.2016 | Z56: =IFERROR(IF(Y56="","",IF(Y56<=0.2,"Muy Baja",IF(Y56<=0.4,"Baja",IF(Y56<=0.6,"Media",IF(Y56<=0.8,"Alta","Muy Alta"))))),"") -> Baja | AA56: =+Y56 -> 0.2016 | AB56: =IFERROR(IF(AC56="","",IF(AC56<=0.2,"Leve",IF(AC56<=0.4,"Menor",IF(AC56<=0.6,"Moderado",IF(AC56<=0.8,"Mayor","Catastrófico"))))),"") -> Mayor | AC56: =IFERROR(IF(AND(Q55="Impacto",Q56="Impacto"),(AC55-(+AC55*T56)),IF(AND(Q55="Probabilidad",Q56="Impacto"),(AC54-(+AC54*T56)),IF(Q56="Probabilidad",AC55,""))),"") -> 0.75
A57: GJ19 | B57: Lograr que el 100% de los subsidios Distritales de Vivienda en las modalidades de vivienda nueva y usada sean aplicados dentro de su vigencia. | C57: Vivienda Nueva | D57: afectación financiera del Instituto | E57: Reflejada en: - sobrecostos asociados al mantenimiento de inmuebles que no se han podido entregar. - costos financieros por comisiones fiduciarias relacionadas con la administración de recursos relacionados con subsidios no aplicados. - la restitución de los recursos a la entidad otorgante y la sustitución del cupo, derivada del vencimiento de plazos para la aplicación del Subsidio Nacional y el Subsidio Distrital de Vivienda. | F57: debido a que el subsidio que ya se encuentra asignado no puede ser aplicado, de conformidad con lo establecido en la normatividad vigente | G57: Posibilidad de afectación financiera del Instituto reflejada en sobrecostos asociados al mantenimiento de inmuebles que no se han podido entregar, costos financieros por comisiones fiduciarias relacionadas con la administración de recursos relacionados con subsidios no aplicados, y por restitución de los recursos a la entidad otorgante y la sustitución del cupo, derivada del vencimiento de plazos para la aplicación del Subsidio Nacional y el Subsidio Municipal de Vivienda. Lo anterior, debido a que el subsidio que ya se encuentra asignado no puede ser aplicado, de conformidad con lo establecido en la normatividad vigente | H57: 1. Por la materialización de alguna de las causales de pérdida del SDV que implique la expedición de un acto administrativo que así lo declare y que conlleve a la restitución del mismo y/o a un procedimiento administrativo sancionatorio | I57: Gestión | J57: Alta | K57: =IF(J57="","",IF(J57="Muy Baja",0.2,IF(J57="Baja",0.4,IF(J57="Media",0.6,IF(J57="Alta",0.8,IF(J57="Muy Alta",1,)))))) -> 0.8 | L57: Moderado | M57: =IF(L57="","",IF(L57="Leve",0.2,IF(L57="Menor",0.4,IF(L57="Moderado",0.6,IF(L57="Mayor",0.8,IF(L57="Catastrófico",1,)))))) -> 0.6 | N57: =IF(OR(AND(J57="Muy Baja",L57="Leve"),AND(J57="Muy Baja",L57="Menor"),AND(J57="Baja",L57="Leve")),"Bajo",IF(OR(AND(J57="Muy baja",L57="Moderado"),AND(J57="Baja",L57="Menor"),AND(J57="Baja",L57="Moderado"),AND(J57="Media",L57="Leve"),AND(J57="Media",L57="Menor"),AND(J57="Media",L57="Moderado"),AND(J57="Alta",L57="Leve"),AND(J57="Alta",L57="Menor")),"Moderado",IF(OR(AND(J57="Muy Baja",L57="Mayor"),AND(J57="Baja",L57="Mayor"),AND(J57="Media",L57="Mayor"),AND(J57="Alta",L57="Moderado"),AND(J57="Alta",L57="Mayor"),AND(J57="Muy Alta",L57="Leve"),AND(J57="Muy Alta",L57="Menor"),AND(J57="Muy Alta",L57="Moderado"),AND(J57="Muy Alta",L57="Mayor")),"Alto",IF(OR(AND(J57="Muy Baja",L57="Catastrófico"),AND(J57="Baja",L57="Catastrófico"),AND(J57="Media",L57="Catastrófico"),AND(J57="Alta",L57="Catastrófico"),AND(J57="Muy Alta",L57="Catastrófico")),"Extremo","")))) -> Alto | O57: 1 | P57: Para identificar subsidios asignados y no aplicados en el término establecido en el decreto distrital, se realizan entre otras las siguientes actividades: - El profesional de la línea de acción de asignación de subsidios de vivienda nueva y usada, se articula con la Subdirección administrativa y financiera para verificar el estado de las legalizaciones de los subsidios, identificando la relación de aquellos que se encuentran asignados pero que no han sido aplicados, y que por ende tampoco han sido legalizados. | Q57: =IF(OR(R57="Preventivo",R57="Detectivo"),"Probabilidad",IF(R57="Correctivo","Impacto","")) -> Probabilidad | R57: Detectivo | S57: Manual | T57: =IF(AND(R57="Preventivo",S57="Automático"),"50%",IF(AND(R57="Preventivo",S57="Manual"),"40%",IF(AND(R57="Detectivo",S57="Automático"),"40%",IF(AND(R57="Detectivo",S57="Manual"),"30%",IF(AND(R57="Correctivo",S57="Automático"),"35%",IF(AND(R57="Correctivo",S57="Manual"),"25%","")))))) -> 30% | U57: Sin Documentar | V57: Aleatoria | W57: Con Registro | X57: Bases de datos de estado de legalizaciones. Actas de reuniones Correo electrónicos | Y57: =IFERROR(IF(Q57="Probabilidad",(K57-(+K57*T57)),IF(Q57="Impacto",K57,"")),"") -> 0.56 | Z57: =IFERROR(IF(Y57="","",IF(Y57<=0.2,"Muy Baja",IF(Y57<=0.4,"Baja",IF(Y57<=0.6,"Media",IF(Y57<=0.8,"Alta","Muy Alta"))))),"") -> Media | AA57: =+Y57 -> 0.56 | AB57: =IFERROR(IF(AC57="","",IF(AC57<=0.2,"Leve",IF(AC57<=0.4,"Menor",IF(AC57<=0.6,"Moderado",IF(AC57<=0.8,"Mayor","Catastrófico"))))),"") -> Moderado | AC57: =IFERROR(IF(Q57="Impacto",(M57-(+M57*T57)),IF(Q57="Probabilidad",M57,"")),"") -> 0.6 | AD57: =IFERROR(IF(AE57=0,"",IF(AND(AE57>0,AE57<=0.2),"Muy Baja",IF(AE57<=0.4,"Baja",IF(AE57<=0.6,"Media",IF(AE57<=0.8,"Alta","Muy Alta"))))),"") -> Media | AE57: =MIN(Y57:Y58) -> 0.56 | AF57: =IFERROR(IF(AG57=0,"",IF(AND(AG57>0,AG57<=0.2),"Leve",IF(AG57<=0.4,"Menor",IF(AG57<=0.6,"Moderado",IF(AG57<=0.8,"Mayor","Catastrófico"))))),"") -> Moderado | AG57: =MIN(AC57:AC58) -> 0.6 | AH57: =IFERROR(IF(OR(AND(AD57="Muy Baja",AF57="Leve"),AND(AD57="Muy Baja",AF57="Menor"),AND(AD57="Baja",AF57="Leve")),"Bajo",IF(OR(AND(AD57="Muy Baja",AF57="Moderado"),AND(AD57="Baja",AF57="Menor"),AND(AD57="Baja",AF57="Moderado"),AND(AD57="Media",AF57="Leve"),AND(AD57="Media",AF57="Menor"),AND(AD57="Media",AF57="Moderado"),AND(AD57="Alta",AF57="Leve"),AND(AD57="Alta",AF57="Menor")),"Moderado",IF(OR(AND(AD57="Muy Baja",AF57="Mayor"),AND(AD57="Baja",AF57="Mayor"),AND(AD57="Media",AF57="Mayor"),AND(AD57="Alta",AF57="Moderado"),AND(AD57="Alta",AF57="Mayor"),AND(AD57="Muy Alta",AF57="Leve"),AND(AD57="Muy Alta",AF57="Menor"),AND(AD57="Muy Alta",AF57="Moderado"),AND(AD57="Muy Alta",AF57="Mayor")),"Alto",IF(OR(AND(AD57="Muy Baja",AF57="Catastrófico"),AND(AD57="Baja",AF57="Catastrófico"),AND(AD57="Media",AF57="Catastrófico"),AND(AD57="Alta",AF57="Catastrófico"),AND(AD57="Muy Alta",AF57="Catastrófico")),"Extremo","")))),"") -> Moderado | AI57: Reducir (mitigar) | AK57: Se materializó el Riesgo? (Ver evento potencial principal en Columna F. Relacionar detalles de la materialización - que, como, cuando, donde): Durante el primer trimestre de 2026, no se ha materializado el riesgo; sin embargo, se han presentado retrasos en algunos proyectos que han dado lugar a solicitudes de prórroga para evitar la pérdida del subsidio, particularmente en el marco de la estrategia “Compra Tu Casa”, lo que evidencia la persistencia de las causas del riesgo. Los Controles están bien diseñados, se aplican de acuerdo al diseño y son efectivos? (Ver controles en la columna P / Concluir frente a cada control): El control 1 se encuentra bien diseñado y se aplica conforme a lo establecido, con una efectividad adecuada al permitir la identificación oportuna de subsidios no aplicados; el control 2 está igualmente bien diseñado y aplicado, con alta efectividad, toda vez que el análisis jurídico y la gestión de prórrogas contribuyen a prevenir la pérdida del subsidio y mitigar la materialización del riesgo. Que acciones propones o se están llevando a cabo para gestionar el riesgo que se materializó? (Si no aplica colocar N/A) : Para el primer trimestre de 2026 , no se materializo el riesgo Que acciones propones o se están llevando a cabo para fortalecer los controles? (En el caso de que tener Acciones de mejora / Acciones correctivas en proceso, relacionar el avance. Si tienes acciones específicas a desarrollar en la columna AJ, también relacionar el avance) : A la fecha, no se proponen acciones de mejora adicionales; no obstante, se cuenta con un control a través de Power BI que permite el seguimiento de los subsidios asignados, generando alertas cuando estos se encuentran próximos a su vencimiento, lo que fortalece el monitoreo y la gestión oportuna. | AL57: https://app.powerbi.com/view?r=eyJrIjoiMmI1NWE0MmQtYTY2ZC00NjMwLTk1ODQtZjExN2VhMTcwNzkwIiwidCI6IjEyNjRjNjY1LTk3ZWYtNGNlZS05NzJkLTM3NDAwYTI2MmM3YSJ9 | AM57: Se materializó el Riesgo? (Ver evento potencial principal en Columna F. Relacionar detalles de la materialización - que, como, cuando, donde):Durante el segundo trimestre de 2026 se materializó parcialmente el riesgo, debido al vencimiento de cincuenta y dos (52) Subsidios Distritales de Vivienda asignados vinculados al proyecto Atardeceres de San Antonio alcanzaron su vencimiento sin que fuera posible su aplicación dentro de la vigencia establecida. Esta situación se originó por dificultades presentadas por el desarrollador del proyecto, las cuales impidieron la aplicación de los subsidios dentro de su vigencia.No obstante, en otros proyectos habitacionales privados se han presentado retrasos que han sido gestionados mediante solicitudes de prórroga, particularmente en el marco de la estrategia "Compra Tu Casa", con el fin de evitar la pérdida del subsidio, lo que evidencia la persistencia de las causas del riesgo y la aplicación de medidas preventivas por parte de la entidad. Los Controles están bien diseñados, se aplican de acuerdo al diseño y son efectivos? (Ver controles en la columna P / Concluir frente a cada control): Los controles se encuentran adecuadamente diseñados, se aplican conforme a lo establecido y son efectivos, permitiendo el seguimiento permanente a la vigencia de los subsidios mediante revisiones periódicas y alertas generadas en Power BI. La materialización del riesgo obedeció a circunstancias externas asociadas al desarrollo del proyecto habitacional y no a fallas en los controles implementados. Que acciones propones o se están llevando a cabo para gestionar el riesgo que se materializó? (Si no aplica colocar N/A): Actualmente se adelanta el análisis jurídico, técnico y administrativo del proyecto habitacional, con el fin de que la Dirección del ISVIMED defina la viabilidad de su continuidad y las medidas que se adoptarán respecto de las familias beneficiarias y de los subsidios vencidos. Que acciones propones o se están llevando a cabo para fortalecer los controles? (En el caso de que tener Acciones de mejora / Acciones correctivas en proceso, relacionar el avance. Si tienes acciones específicas a desarrollar en la columna AJ, también relacionar el avance): Se mantiene el seguimiento permanente a los subsidios asignados mediante el tablero de control en Power BI, el cual genera alertas sobre su vigencia y facilita la adopción oportuna de medidas como la gestión de solicitudes de prórroga cuando ello resulta procedente. No se proponen acciones de mejora adicionales, por cuanto la materialización del riesgo obedeció a factores externos al proceso y no a deficiencias en los controles implementados. | AN57: https://app.powerbi.com/view?r=eyJrIjoiMmI1NWE0MmQtYTY2ZC00NjMwLTk1ODQtZjExN2VhMTcwNzkwIiwidCI6IjEyNjRjNjY1LTk3ZWYtNGNlZS05NzJkLTM3NDAwYTI2MmM3YSJ9 ; MEMORANDO 111 DE 2026 : http://sifi2.isvimed.gov.co:84/correspondenciasinternas/8013/edit?etapa=1 ; CORRESPONDENCIA ENVIADA RADICADO: S 3347 https://sifi.isvimed.gov.co/correspondenciasenviadas/281135/edit?etapa=1 | AO57: Se materializó el Riesgo? (Ver evento potencial principal en Columna F. Relacionar detalles de la materialización - que, como, cuando, donde): Los Controles están bien diseñados, se aplican de acuerdo al diseño y son efectivos? (Ver controles en la columna P / Concluir frente a cada control) Que acciones propones o se están llevando a cabo para gestionar el riesgo que se materializó? (Si no aplica colocar N/A) Que acciones propones o se están llevando a cabo para fortalecer los controles? (En el caso de que tener Acciones de mejora / Acciones correctivas en proceso, relacionar el avance. Si tienes acciones específicas a desarrollar en la columna AJ, también relacionar el avance) | AQ57: Se materializó el Riesgo? (Ver evento potencial principal en Columna F. Relacionar detalles de la materialización - que, como, cuando, donde): Los Controles están bien diseñados, se aplican de acuerdo al diseño y son efectivos? (Ver controles en la columna P / Concluir frente a cada control) Que acciones propones o se están llevando a cabo para gestionar el riesgo que se materializó? (Si no aplica colocar N/A) Que acciones propones o se están llevando a cabo para fortalecer los controles? (En el caso de que tener Acciones de mejora / Acciones correctivas en proceso, relacionar el avance. Si tienes acciones específicas a desarrollar en la columna AJ, también relacionar el avance)
H58: 2. Retraso y/o incumplimiento en las fechas pactadas del proceso de escrituración y entrega material de las viviendas en favor de los beneficiarios.. | O58: 2 | P58: En relación a la población de demanda libre vinculada a proyectos habitacionales privados, el profesional de la línea de acción de asignación de subsidios de vivienda nueva, revisa y analiza jurídicamente la procedencia y viabilidad de las solicitudes presentadas por parte de los beneficiarios y/o de las constructoras privadas, por medio de las cuales solicitan la ampliación de la vigencia del SDV debido a imposibilidad en la aplicación del mismo en los plazos establecidos en la norma municipal. De esta manera, al prorrogar el plazo de aplicación del subsidio se evita la materialización del riesgo y se amplía el margen de aplicación del SDV. | Q58: =IF(OR(R58="Preventivo",R58="Detectivo"),"Probabilidad",IF(R58="Correctivo","Impacto","")) -> Impacto | R58: Correctivo | S58: Manual | T58: =IF(AND(R58="Preventivo",S58="Automático"),"50%",IF(AND(R58="Preventivo",S58="Manual"),"40%",IF(AND(R58="Detectivo",S58="Automático"),"40%",IF(AND(R58="Detectivo",S58="Manual"),"30%",IF(AND(R58="Correctivo",S58="Automático"),"35%",IF(AND(R58="Correctivo",S58="Manual"),"25%","")))))) -> 25% | U58: Sin Documentar | V58: Aleatoria | W58: Con Registro | X58: Solicitud de la constructora o el beneficiario. Acto administrativo de prórroga de SDV | Y58: =IFERROR(IF(AND(Q57="Probabilidad",Q58="Probabilidad"),(AA57-(+AA57*T58)),IF(Q58="Probabilidad",(K57-(+K57*T58)),IF(Q58="Impacto",AA57,""))),"") -> 0.56 | Z58: =IFERROR(IF(Y58="","",IF(Y58<=0.2,"Muy Baja",IF(Y58<=0.4,"Baja",IF(Y58<=0.6,"Media",IF(Y58<=0.8,"Alta","Muy Alta"))))),"") -> Media | AA58: =+Y58 -> 0.56 | AB58: =IFERROR(IF(AC58="","",IF(AC58<=0.2,"Leve",IF(AC58<=0.4,"Menor",IF(AC58<=0.6,"Moderado",IF(AC58<=0.8,"Mayor","Catastrófico"))))),"") -> Moderado | AC58: =IFERROR(IF(AND(Q57="Impacto",Q58="Impacto"),(AC57-(+AC57*T58)),IF(Q58="Impacto",($M$15-(+$M$15*T58)),IF(Q58="Probabilidad",AC57,""))),"") -> 0.6
A59: GJ20 | B59: Lograr que el 100% de la escrituración o transferencia de las viviendas subsidiadas en favor de los beneficiarios del Subsidio en cumplimiento de la normatividad aplicable y manera oportuna. | C59: Vivienda Nueva | D59: Posibilidad de afectación económica y reputacional del Instituto | E59: reflejada en el aumento en los costos de escrituración (Costos de aclaración o adición de patrimonio de familia de las Escrituras Públicas) por mal desempeño institucional derivado del incumplimiento de objetivos y metas relacionados con el Plan de Desarrollo Distrital a cargo del Instituto referentes a la asignación del subsidio municipal de vivienda. por existencia de PQRSD relacionadas con retrasos en los tiempos de respuesta de los procesos de asignación de subsidios y escrituración. | F59: debido a inconsistencias en el contenido de la Escritura Pública o actos administrativos. | G59: Posibilidad de afectación económica y reputacional del Instituto reflejada en el aumento de los costos de escrituración (Costos de aclaración o adición de patrimonio de familia de las Escrituras Públicas), en el mal desempeño institucional derivado del incumplimiento de objetivos y metas relacionados con el Plan de Desarrollo DIstrital a cargo del Instituto referentes a la asignación del subsidio municipal de vivienda y en la existencia de PQRSD relacionadas con retrasos en los tiempos de respuesta de los procesos de asignación de subsidios y escrituración. Lo anterior, debido a inconsistencias en el contenido de la Escritura Pública o actos administrativos. | H59: 1. Aplicación indebida o no aplicación de la normatividad vigente y/o de los formatos del Sistema de Gestión de Calidad de ISVIMED. | I59: Gestión | J59: Alta | K59: =IF(J59="","",IF(J59="Muy Baja",0.2,IF(J59="Baja",0.4,IF(J59="Media",0.6,IF(J59="Alta",0.8,IF(J59="Muy Alta",1,)))))) -> 0.8 | L59: Moderado | M59: =IF(L59="","",IF(L59="Leve",0.2,IF(L59="Menor",0.4,IF(L59="Moderado",0.6,IF(L59="Mayor",0.8,IF(L59="Catastrófico",1,)))))) -> 0.6 | N59: =IF(OR(AND(J59="Muy Baja",L59="Leve"),AND(J59="Muy Baja",L59="Menor"),AND(J59="Baja",L59="Leve")),"Bajo",IF(OR(AND(J59="Muy baja",L59="Moderado"),AND(J59="Baja",L59="Menor"),AND(J59="Baja",L59="Moderado"),AND(J59="Media",L59="Leve"),AND(J59="Media",L59="Menor"),AND(J59="Media",L59="Moderado"),AND(J59="Alta",L59="Leve"),AND(J59="Alta",L59="Menor")),"Moderado",IF(OR(AND(J59="Muy Baja",L59="Mayor"),AND(J59="Baja",L59="Mayor"),AND(J59="Media",L59="Mayor"),AND(J59="Alta",L59="Moderado"),AND(J59="Alta",L59="Mayor"),AND(J59="Muy Alta",L59="Leve"),AND(J59="Muy Alta",L59="Menor"),AND(J59="Muy Alta",L59="Moderado"),AND(J59="Muy Alta",L59="Mayor")),"Alto",IF(OR(AND(J59="Muy Baja",L59="Catastrófico"),AND(J59="Baja",L59="Catastrófico"),AND(J59="Media",L59="Catastrófico"),AND(J59="Alta",L59="Catastrófico"),AND(J59="Muy Alta",L59="Catastrófico")),"Extremo","")))) -> Alto | O59: 1 | P59: 1. El profesional de la línea de acción de asignación de subsidios de vivienda nueva y usada, revisa las minutas de las escrituras y los actos administrativos para identificar alguna eventual inconsistencia en los mismos y prevenir así la materialización del riesgo. En el caso de encontrar inconsistencias, se relaciona en base de datos de producto no conforme y se solicita al profesional encargado la respectiva corrección. | Q59: =IF(OR(R59="Preventivo",R59="Detectivo"),"Probabilidad",IF(R59="Correctivo","Impacto","")) -> Probabilidad | R59: Preventivo | S59: Manual | T59: =IF(AND(R59="Preventivo",S59="Automático"),"50%",IF(AND(R59="Preventivo",S59="Manual"),"40%",IF(AND(R59="Detectivo",S59="Automático"),"40%",IF(AND(R59="Detectivo",S59="Manual"),"30%",IF(AND(R59="Correctivo",S59="Automático"),"35%",IF(AND(R59="Correctivo",S59="Manual"),"25%","")))))) -> 40% | U59: Sin Documentar | V59: Continua | W59: Con Registro | X59: base de datos de revisión de escrituras y actos administrativos | Y59: =IFERROR(IF(Q59="Probabilidad",(K59-(+K59*T59)),IF(Q59="Impacto",K59,"")),"") -> 0.48 | Z59: =IFERROR(IF(Y59="","",IF(Y59<=0.2,"Muy Baja",IF(Y59<=0.4,"Baja",IF(Y59<=0.6,"Media",IF(Y59<=0.8,"Alta","Muy Alta"))))),"") -> Media | AA59: =+Y59 -> 0.48 | AB59: =IFERROR(IF(AC59="","",IF(AC59<=0.2,"Leve",IF(AC59<=0.4,"Menor",IF(AC59<=0.6,"Moderado",IF(AC59<=0.8,"Mayor","Catastrófico"))))),"") -> Moderado | AC59: =IFERROR(IF(Q59="Impacto",(M59-(+M59*T59)),IF(Q59="Probabilidad",M59,"")),"") -> 0.6 | AD59: =IFERROR(IF(AE59=0,"",IF(AND(AE59>0,AE59<=0.2),"Muy Baja",IF(AE59<=0.4,"Baja",IF(AE59<=0.6,"Media",IF(AE59<=0.8,"Alta","Muy Alta"))))),"") -> Baja | AE59: =MIN(Y59:Y60) -> 0.288 | AF59: =IFERROR(IF(AG59=0,"",IF(AND(AG59>0,AG59<=0.2),"Leve",IF(AG59<=0.4,"Menor",IF(AG59<=0.6,"Moderado",IF(AG59<=0.8,"Mayor","Catastrófico"))))),"") -> Moderado | AG59: =MIN(AC59:AC60) -> 0.6 | AH59: =IFERROR(IF(OR(AND(AD59="Muy Baja",AF59="Leve"),AND(AD59="Muy Baja",AF59="Menor"),AND(AD59="Baja",AF59="Leve")),"Bajo",IF(OR(AND(AD59="Muy Baja",AF59="Moderado"),AND(AD59="Baja",AF59="Menor"),AND(AD59="Baja",AF59="Moderado"),AND(AD59="Media",AF59="Leve"),AND(AD59="Media",AF59="Menor"),AND(AD59="Media",AF59="Moderado"),AND(AD59="Alta",AF59="Leve"),AND(AD59="Alta",AF59="Menor")),"Moderado",IF(OR(AND(AD59="Muy Baja",AF59="Mayor"),AND(AD59="Baja",AF59="Mayor"),AND(AD59="Media",AF59="Mayor"),AND(AD59="Alta",AF59="Moderado"),AND(AD59="Alta",AF59="Mayor"),AND(AD59="Muy Alta",AF59="Leve"),AND(AD59="Muy Alta",AF59="Menor"),AND(AD59="Muy Alta",AF59="Moderado"),AND(AD59="Muy Alta",AF59="Mayor")),"Alto",IF(OR(AND(AD59="Muy Baja",AF59="Catastrófico"),AND(AD59="Baja",AF59="Catastrófico"),AND(AD59="Media",AF59="Catastrófico"),AND(AD59="Alta",AF59="Catastrófico"),AND(AD59="Muy Alta",AF59="Catastrófico")),"Extremo","")))),"") -> Moderado | AI59: Reducir (mitigar) | AK59: Se materializó el Riesgo? (Ver evento potencial principal en Columna F. Relacionar detalles de la materialización - que, como, cuando, donde): Durante el primer trimestre de 2026, no se materializó el riesgo, toda vez que no se evidenciaron inconsistencias en el contenido de las Escrituras Públicas ni en los actos administrativos; no obstante, las causas del riesgo se mantienen latentes. Los Controles están bien diseñados, se aplican de acuerdo al diseño y son efectivos? (Ver controles en la columna P / Concluir frente a cada control) : El control 1 se encuentra bien diseñado y se aplica conforme a lo establecido, con alta efectividad al permitir la identificación y corrección de inconsistencias mediante el registro de producto no conforme; el control 2 está igualmente bien diseñado y aplicado, con efectividad adecuada, al contemplar la verificación de insumos que contribuyen a prevenir errores en las escrituras y actos administrativos. Que acciones propones o se están llevando a cabo para gestionar el riesgo que se materializó? (Si no aplica colocar N/A) : N/A , Durante el primer trimestre de 2026, no se materializo el riesgo. Que acciones propones o se están llevando a cabo para fortalecer los controles? (En el caso de que tener Acciones de mejora / Acciones correctivas en proceso, relacionar el avance. Si tienes acciones específicas a desarrollar en la columna AJ, también relacionar el avance) : A la fecha, no se proponen acciones de mejora adicionales, toda vez que los controles existentes se encuentran diseñados, implementados y operando de manera adecuada. | AL59: https://app.powerbi.com/view?r=eyJrIjoiMmI1NWE0MmQtYTY2ZC00NjMwLTk1ODQtZjExN2VhMTcwNzkwIiwidCI6IjEyNjRjNjY1LTk3ZWYtNGNlZS05NzJkLTM3NDAwYTI2MmM3YSJ9 | AM59: Se materializó el Riesgo? (Ver evento potencial principal en Columna F. Relacionar detalles de la materialización - que, como, cuando, donde): Durante el segundo trimestre de 2026 no se materializó el riesgo, toda vez que no se evidenciaron inconsistencias en el contenido de las Escrituras Públicas ni en los actos administrativos expedidos. Los controles implementados permitieron identificar y corregir oportunamente las observaciones detectadas durante el proceso de revisión. Los Controles están bien diseñados, se aplican de acuerdo al diseño y son efectivos? (Ver controles en la columna P / Concluir frente a cada control): Los controles se encuentran bien diseñados, se aplican conforme a lo establecido y son efectivos, toda vez que la revisión de minutas, actos administrativos e insumos técnicos y jurídicos permite identificar oportunamente inconsistencias antes de la suscripción de los documentos, evitando la generación de productos no conformes. Que acciones propones o se están llevando a cabo para gestionar el riesgo que se materializó? (Si no aplica colocar N/A): N/A. Durante el segundo trimestre de 2026 no se materializó el riesgo. Que acciones propones o se están llevando a cabo para fortalecer los controles? (En el caso de que tener Acciones de mejora / Acciones correctivas en proceso, relacionar el avance. Si tienes acciones específicas a desarrollar en la columna AJ, también relacionar el avance): Se continúa ejecutando la Acción de Oportunidad No. 121, orientada a fortalecer la articulación institucional con la Oficina de Registro de Instrumentos Públicos y el IGAC para optimizar los procesos de validación y formalización. Asimismo, se culminó la Acción de Oportunidad No. 122, mediante la definición y socialización de lineamientos técnicos y jurídicos para el proceso de escrituración, fortaleciendo los conocimientos del equipo y la aplicación uniforme de los procedimientos. | AN59: https://sifi.isvimed.gov.co/system/calidaddocumentos/20646/original/ACCION_DE_OPORTUNIDAD_122.doc https://sifi.isvimed.gov.co/system/calidaddocumentos/20645/original/ACCION_DE_OPORTUNIDAD_121.doc | AO59: Se materializó el Riesgo? (Ver evento potencial principal en Columna F. Relacionar detalles de la materialización - que, como, cuando, donde): Los Controles están bien diseñados, se aplican de acuerdo al diseño y son efectivos? (Ver controles en la columna P / Concluir frente a cada control) Que acciones propones o se están llevando a cabo para gestionar el riesgo que se materializó? (Si no aplica colocar N/A) Que acciones propones o se están llevando a cabo para fortalecer los controles? (En el caso de que tener Acciones de mejora / Acciones correctivas en proceso, relacionar el avance. Si tienes acciones específicas a desarrollar en la columna AJ, también relacionar el avance) | AQ59: Se materializó el Riesgo? (Ver evento potencial principal en Columna F. Relacionar detalles de la materialización - que, como, cuando, donde): Los Controles están bien diseñados, se aplican de acuerdo al diseño y son efectivos? (Ver controles en la columna P / Concluir frente a cada control) Que acciones propones o se están llevando a cabo para gestionar el riesgo que se materializó? (Si no aplica colocar N/A) Que acciones propones o se están llevando a cabo para fortalecer los controles? (En el caso de que tener Acciones de mejora / Acciones correctivas en proceso, relacionar el avance. Si tienes acciones específicas a desarrollar en la columna AJ, también relacionar el avance)
H60: 2. Omisión o falta de revisión minuciosa por parte del profesional encargado, de los insumos aplicables que proporcionan información relevante para la elaboración de minutas de escrituras y actos administrativos, tales como: plataformas de consulta aplicables, el Reglamento de Propiedad Horizontal y/o el formulario de calificación del mismo, el expediente del hogar, el contenido de la escritura pública, el contenido del acto administrativo. Lo anterior, puede ocasionar la materialización de un producto no conforme. | O60: 2 | P60: 2. El profesional de la línea de acción de asignación de subsidios de vivienda nueva y usada, verifica los insumos aplicables que proporcionan información con el fin de evitar la materialización del riesgo. | Q60: =IF(OR(R60="Preventivo",R60="Detectivo"),"Probabilidad",IF(R60="Correctivo","Impacto","")) -> Probabilidad | R60: Preventivo | S60: Manual | T60: =IF(AND(R60="Preventivo",S60="Automático"),"50%",IF(AND(R60="Preventivo",S60="Manual"),"40%",IF(AND(R60="Detectivo",S60="Automático"),"40%",IF(AND(R60="Detectivo",S60="Manual"),"30%",IF(AND(R60="Correctivo",S60="Automático"),"35%",IF(AND(R60="Correctivo",S60="Manual"),"25%","")))))) -> 40% | U60: Sin Documentar | V60: Continua | W60: Con Registro | X60: base de datos de revisión de escrituras y actos administrativos | Y60: =IFERROR(IF(AND(Q59="Probabilidad",Q60="Probabilidad"),(AA59-(+AA59*T60)),IF(Q60="Probabilidad",(K59-(+K59*T60)),IF(Q60="Impacto",AA59,""))),"") -> 0.288 | Z60: =IFERROR(IF(Y60="","",IF(Y60<=0.2,"Muy Baja",IF(Y60<=0.4,"Baja",IF(Y60<=0.6,"Media",IF(Y60<=0.8,"Alta","Muy Alta"))))),"") -> Baja | AA60: =+Y60 -> 0.288 | AB60: =IFERROR(IF(AC60="","",IF(AC60<=0.2,"Leve",IF(AC60<=0.4,"Menor",IF(AC60<=0.6,"Moderado",IF(AC60<=0.8,"Mayor","Catastrófico"))))),"") -> Moderado | AC60: =IFERROR(IF(AND(Q59="Impacto",Q60="Impacto"),(AC59-(+AC59*T60)),IF(Q60="Impacto",($M$15-(+$M$15*T60)),IF(Q60="Probabilidad",AC59,""))),"") -> 0.6
A61: GJ21 | B61: Prevenir desviaciones o irregularidades en el desarrollo de las actividades de supervisión e interventoría y verificar cada uno de los componentes técnico, administrativo, jurídico, financiero y contable asociados | C61: Contratación | D61: Posibilidad de afectación económica y reputacional del Instituto | E61: por mal desempeño institucional derivado del incumplimiento de objetivos, metas y servicios. por apertura de procesos disciplinarios y administrativos sancionatorios en contra de los funcionarios que ejercen supervisión contractual | F61: debido al incumplimiento del objeto y de las obligaciones establecidas en los contratos y convenios suscritos por el Isvimed para la realización de su objeto social. | G61: Posibilidad de afectación económica y reputacional del Instituto reflejada en el mal desempeño institucional derivado del incumplimiento de objetivos, metas y servicios, así como en apertura de procesos disciplinarios y administrativos sancionatorios en contra de los funcionarios que ejercen supervisión contractual. Lo anterior, debido al incumplimiento del objeto y de las obligaciones establecidas en los contratos y convenios suscritos por el Isvimed para la realización de su objeto social. | H61: 1. Falta de idoneidad en el personal que ejerce la supervisión de contratos y convenios. | I61: Gestión | J61: Media | K61: =IF(J61="","",IF(J61="Muy Baja",0.2,IF(J61="Baja",0.4,IF(J61="Media",0.6,IF(J61="Alta",0.8,IF(J61="Muy Alta",1,)))))) -> 0.6 | L61: Moderado | M61: =IF(L61="","",IF(L61="Leve",0.2,IF(L61="Menor",0.4,IF(L61="Moderado",0.6,IF(L61="Mayor",0.8,IF(L61="Catastrófico",1,)))))) -> 0.6 | N61: =IF(OR(AND(J61="Muy Baja",L61="Leve"),AND(J61="Muy Baja",L61="Menor"),AND(J61="Baja",L61="Leve")),"Bajo",IF(OR(AND(J61="Muy baja",L61="Moderado"),AND(J61="Baja",L61="Menor"),AND(J61="Baja",L61="Moderado"),AND(J61="Media",L61="Leve"),AND(J61="Media",L61="Menor"),AND(J61="Media",L61="Moderado"),AND(J61="Alta",L61="Leve"),AND(J61="Alta",L61="Menor")),"Moderado",IF(OR(AND(J61="Muy Baja",L61="Mayor"),AND(J61="Baja",L61="Mayor"),AND(J61="Media",L61="Mayor"),AND(J61="Alta",L61="Moderado"),AND(J61="Alta",L61="Mayor"),AND(J61="Muy Alta",L61="Leve"),AND(J61="Muy Alta",L61="Menor"),AND(J61="Muy Alta",L61="Moderado"),AND(J61="Muy Alta",L61="Mayor")),"Alto",IF(OR(AND(J61="Muy Baja",L61="Catastrófico"),AND(J61="Baja",L61="Catastrófico"),AND(J61="Media",L61="Catastrófico"),AND(J61="Alta",L61="Catastrófico"),AND(J61="Muy Alta",L61="Catastrófico")),"Extremo","")))) -> Moderado | O61: 1 | P61: 1. El profesional especializado del área de contratación realiza seguimiento a la adecuada designación de la supervisión de acuerdo al instructivo para designación de supervisiones. | Q61: =IF(OR(R61="Preventivo",R61="Detectivo"),"Probabilidad",IF(R61="Correctivo","Impacto","")) -> Probabilidad | R61: Preventivo | S61: Manual | T61: =IF(AND(R61="Preventivo",S61="Automático"),"50%",IF(AND(R61="Preventivo",S61="Manual"),"40%",IF(AND(R61="Detectivo",S61="Automático"),"40%",IF(AND(R61="Detectivo",S61="Manual"),"30%",IF(AND(R61="Correctivo",S61="Automático"),"35%",IF(AND(R61="Correctivo",S61="Manual"),"25%","")))))) -> 40% | U61: Documentado | V61: Continua | W61: Con Registro | X61: Memorando de designación de la supervisión. Memorando de análisis de designación que aplica cuando la persona no cumple. | Y61: =IFERROR(IF(Q61="Probabilidad",(K61-(+K61*T61)),IF(Q61="Impacto",K61,"")),"") -> 0.36 | Z61: =IFERROR(IF(Y61="","",IF(Y61<=0.2,"Muy Baja",IF(Y61<=0.4,"Baja",IF(Y61<=0.6,"Media",IF(Y61<=0.8,"Alta","Muy Alta"))))),"") -> Baja | AA61: =+Y61 -> 0.36 | AB61: =IFERROR(IF(AC61="","",IF(AC61<=0.2,"Leve",IF(AC61<=0.4,"Menor",IF(AC61<=0.6,"Moderado",IF(AC61<=0.8,"Mayor","Catastrófico"))))),"") -> Moderado | AC61: =IFERROR(IF(Q61="Impacto",(M61-(+M61*T61)),IF(Q61="Probabilidad",M61,"")),"") -> 0.6 | AD61: =IFERROR(IF(AE61=0,"",IF(AND(AE61>0,AE61<=0.2),"Muy Baja",IF(AE61<=0.4,"Baja",IF(AE61<=0.6,"Media",IF(AE61<=0.8,"Alta","Muy Alta"))))),"") -> Baja | AE61: =MIN(Y61:Y62) -> 0.216 | AF61: =IFERROR(IF(AG61=0,"",IF(AND(AG61>0,AG61<=0.2),"Leve",IF(AG61<=0.4,"Menor",IF(AG61<=0.6,"Moderado",IF(AG61<=0.8,"Mayor","Catastrófico"))))),"") -> Moderado | AG61: =MIN(AC61:AC62) -> 0.6 | AH61: =IFERROR(IF(OR(AND(AD61="Muy Baja",AF61="Leve"),AND(AD61="Muy Baja",AF61="Menor"),AND(AD61="Baja",AF61="Leve")),"Bajo",IF(OR(AND(AD61="Muy Baja",AF61="Moderado"),AND(AD61="Baja",AF61="Menor"),AND(AD61="Baja",AF61="Moderado"),AND(AD61="Media",AF61="Leve"),AND(AD61="Media",AF61="Menor"),AND(AD61="Media",AF61="Moderado"),AND(AD61="Alta",AF61="Leve"),AND(AD61="Alta",AF61="Menor")),"Moderado",IF(OR(AND(AD61="Muy Baja",AF61="Mayor"),AND(AD61="Baja",AF61="Mayor"),AND(AD61="Media",AF61="Mayor"),AND(AD61="Alta",AF61="Moderado"),AND(AD61="Alta",AF61="Mayor"),AND(AD61="Muy Alta",AF61="Leve"),AND(AD61="Muy Alta",AF61="Menor"),AND(AD61="Muy Alta",AF61="Moderado"),AND(AD61="Muy Alta",AF61="Mayor")),"Alto",IF(OR(AND(AD61="Muy Baja",AF61="Catastrófico"),AND(AD61="Baja",AF61="Catastrófico"),AND(AD61="Media",AF61="Catastrófico"),AND(AD61="Alta",AF61="Catastrófico"),AND(AD61="Muy Alta",AF61="Catastrófico")),"Extremo","")))),"") -> Moderado | AI61: Reducir (mitigar) | AK61: Identificación de Riesgos: El riesgo continua vigente, despues de este primer trimestre. Materialización de Evento Potencial Principal: Para este primer trimestre no se ha materializado el riesgo, puesto los contratistas de los contratos suscritos y vigentes en el primer trimestre, cumplieron con las obligaciones contractuales, no se ha evidenciado ningun posible incumplimiento contractual. Puesto el contrato 513 de 2020, que se encuentra en proceso sancionatorio conforme al procedimiento sancionatorio administrativo, aun no sale acto administrativo de sanción, si no que esta en etapa de pruebas, por tanto a la fecha aun no se sanciona y no se ha materializado dicho riesgo. Materialización de Evento Potencial Intermedio: No se ha materializado los eventos intermedios, ya que se realiza una delegación de supervision a los funcionarios idoneos, ademas se esta implementando con base al manual de supervisión e interventoria, Formato M-GJ-03. Diseño, Efectividad de Controles: Los controles ha sido efectivos, con las capacitaciones realizadas primer trimestre 2026, en la cual se realizó capacitación a los supervisores de buenas practicas en contratación y de estructuración en la etapa de planeación de los procesos. Estado de acciones derivadas del seguimiento a riesgos: Se cumplio total, ya que a la fecha se han venido realizando conforme al cronograma de capacitaciones en temas de buenas practicas de supervisión, actualización de formatos. Asi mismo se brinda apoyo en las supervisiones complejas a traves de los contratistas: (Liz Dalila Cartagena Henao Contrato 52 de 2026, Luis Eduardo Rivas Contrato 65 de 2026, Leonardo Fabio Alarcon contrato 62-2026, Daniel Sepulveda Lopez contrato 4 de 2026, Esteban Garcia Gaviria Contrato 2 de 2026 ). Quienes dentro de sus actividades y objeto realizan el apoyo en la ejecución de los contratos. | AL61: https://isvimedgovco.sharepoint.com/:f:/s/5Juridica-11.Equipoprimariojuridica/IgB682-B5NlySKAQT9MpdXJYAYPn10E7d7967z8oZVxedM0?e=n9YesK | AM61: Identificación de Riesgos: El riesgo continua vigente, despues de este segundo trimestre. Materialización de Evento Potencial Principal: Para este segundo trimestre no se ha materializado el riesgo, puesto los contratistas de los contratos suscritos y vigentes en el segundo trimestre, cumplieron con las obligaciones contractuales, no se ha evidenciado ningun posible incumplimiento contractual. Puesto el contrato 513 de 2020, que se encuentra en proceso sancionatorio conforme al procedimiento sancionatorio administrativo, aun no sale acto administrativo de sanción, si no que esta en etapa de pruebas, por tanto a la fecha aun no se sanciona y no se ha materializado dicho riesgo. Materialización de Evento Potencial Intermedio: No se ha materializado los eventos intermedios, ya que se realiza una delegación de supervision a los funcionarios idoneos, ademas se esta implementando con base al manual de supervisión e interventoria, Formato M-GJ-03. Diseño, Efectividad de Controles: Los controles ha sido efectivos, con las capacitaciones realizadas segundo trimestre 2026, en la cual se realizó capacitación a los supervisores de buenas practicas en contratación y de estructuración en la etapa de planeación de los procesos. Estado de acciones derivadas del seguimiento a riesgos: Se cumplio total, ya que a la fecha se han venido realizando conforme al cronograma de capacitaciones en temas de buenas practicas de supervisión, actualización de formatos. Asi mismo se brinda apoyo en las supervisiones complejas a traves de los contratistas: (Liz Dalila Cartagena Henao Contrato 52 de 2026, Luis Eduardo Rivas Contrato 65 de 2026, Leonardo Fabio Alarcon contrato 62-2026, Daniel Sepulveda Lopez contrato 4 de 2026, Esteban Garcia Gaviria Contrato 2 de 2026 ). Quienes dentro de sus actividades y objeto realizan el apoyo en la ejecución de los contratos. | AN61: https://isvimedgovco.sharepoint.com/:f:/s/5Juridica-07.Contratacion-Liquidaciones/IgBFOe6cOIa4SIyXI4GMkPD4AbEUTYGRn1taCrgAsfwGdIw?e=bDwoW3 | AO61: Se materializó el Riesgo? (Ver evento potencial principal en Columna F. Relacionar detalles de la materialización - que, como, cuando, donde): Los Controles están bien diseñados, se aplican de acuerdo al diseño y son efectivos? (Ver controles en la columna P / Concluir frente a cada control) Que acciones propones o se están llevando a cabo para gestionar el riesgo que se materializó? (Si no aplica colocar N/A) Que acciones propones o se están llevando a cabo para fortalecer los controles? (En el caso de que tener Acciones de mejora / Acciones correctivas en proceso, relacionar el avance. Si tienes acciones específicas a desarrollar en la columna AJ, también relacionar el avance) | AQ61: Se materializó el Riesgo? (Ver evento potencial principal en Columna F. Relacionar detalles de la materialización - que, como, cuando, donde): Los Controles están bien diseñados, se aplican de acuerdo al diseño y son efectivos? (Ver controles en la columna P / Concluir frente a cada control) Que acciones propones o se están llevando a cabo para gestionar el riesgo que se materializó? (Si no aplica colocar N/A) Que acciones propones o se están llevando a cabo para fortalecer los controles? (En el caso de que tener Acciones de mejora / Acciones correctivas en proceso, relacionar el avance. Si tienes acciones específicas a desarrollar en la columna AJ, también relacionar el avance)
H62: 2. falta de conocimiento y aplicación del Manual de Supervisión e interventoria | O62: 2 | P62: El supervisor del contrato verifica a traves de un seguimiento financiero, juridico, contable, administrativo y tecnico la ejecución del contrato a traves del formato F-GJ-17 INFORME_DE_SUPERVISION_PERSONAS_JURIDICA_CONTRATOS_INTERADMINISTRATIVO_OBRAS_Y_OTROS, el cual es aprobado por el ordenador del gasto. Documentado en: M-GJ-03 - MANUAL DE SUPERVISIÓN E INTERVENTORÍA | Q62: =IF(OR(R62="Preventivo",R62="Detectivo"),"Probabilidad",IF(R62="Correctivo","Impacto","")) -> Probabilidad | R62: Preventivo | S62: Manual | T62: =IF(AND(R62="Preventivo",S62="Automático"),"50%",IF(AND(R62="Preventivo",S62="Manual"),"40%",IF(AND(R62="Detectivo",S62="Automático"),"40%",IF(AND(R62="Detectivo",S62="Manual"),"30%",IF(AND(R62="Correctivo",S62="Automático"),"35%",IF(AND(R62="Correctivo",S62="Manual"),"25%","")))))) -> 40% | U62: Documentado | V62: Continua | W62: Con Registro | X62: F-GJ-17 INFORME_DE_SUPERVISION_PERSONAS_JURIDICA_CONTRATOS_INTERADMINISTRATIVO_OBRAS_Y_OTROS | Y62: =IFERROR(IF(AND(Q61="Probabilidad",Q62="Probabilidad"),(AA61-(+AA61*T62)),IF(Q62="Probabilidad",(K61-(+K61*T62)),IF(Q62="Impacto",AA61,""))),"") -> 0.216 | Z62: =IFERROR(IF(Y62="","",IF(Y62<=0.2,"Muy Baja",IF(Y62<=0.4,"Baja",IF(Y62<=0.6,"Media",IF(Y62<=0.8,"Alta","Muy Alta"))))),"") -> Baja | AA62: =+Y62 -> 0.216 | AB62: =IFERROR(IF(AC62="","",IF(AC62<=0.2,"Leve",IF(AC62<=0.4,"Menor",IF(AC62<=0.6,"Moderado",IF(AC62<=0.8,"Mayor","Catastrófico"))))),"") -> Moderado | AC62: =IFERROR(IF(AND(Q61="Impacto",Q62="Impacto"),(AC61-(+AC61*T62)),IF(Q62="Impacto",($M$15-(+$M$15*T62)),IF(Q62="Probabilidad",AC61,""))),"") -> 0.6
